Workbook

Sheet Usmernenie
A1: Usmernenie k priebežnému čerpaniu a vyúčtovaniu finančných prostriedkov poskytnutých v roku 2025
A3: ZÁKLADNÉ POKYNY
A4: 1. Vložiť údaje do hárkov "Príjmy" a "Doklady".
A5: 2. Skontrolovať hárky "Doklady" a "Spolu".
A6: 3. Vyplniť hárok "Avízo - vratka" (len Prijímatelia, ktorí nevyčerpali celú sumu). V prípade vratky menšej ako 5 € (vrátane) za všetky účely spolu prijímateľ nevracia finančné prostriedky.
A7: 4. Po kontrole odoslať elektronickú verziu formuláru na adresu ziadosti.sport@mincrs.sk.
A8: 5. Vytlačiť hárky "Spolu", "Doklady", v prípade nevyčerpaných finančných prostriedkov aj vyplnený hárok "Avízo - vratka".
A9: 6. Dopísať do hárku "Spolu" dátum a čas odoslania elektronickej verzie formuláru vyúčtovania.
A10: 7. Podpísať hárok "Spolu" prípadne hárok "Avízo - vratka" štatutárnym zástupcom/zástupcami.
A11: 8. Odoslať vyúčtovanie - hárok "Doklady", hárok "Spolu" prípadne hárok "Avízo - vratka" v listinnej podobe na adresu: Ministerstvo cestovného ruchu a športu SR, sekcia financovania športu a štátnej športovej politiky, Pribinova 32, 810 08 Bratislava .
A12: Pri vypĺňaní odporúčame použiť hárok „Príklady“, v ktorom je uvedený spôsob uvádzania niektorých druhov výdavkov.
A14: Dôrazne žiadame hárky nezabezpečovať heslom!
... A137: Upozornenie: Vo formulári na vyúčtovanie príspevku uznanému športu sú zapracované ustanovenia zákona o športe, podľa ktorých v roku, v ktorom bola vyhlásená krízová situácia a trvala viac ako 30 dní, sa ustanovenia § 69 ods. 4 zákona o športe nepoužijú a ustanovenia zmluvy o poskytnutí príspevku uznanému športu, ktoré sa týkajú rozdelenia finančných prostriedkov podľa § 69 ods. 4, sa v príslušnom kalendárnom roku nebudú uplatňovať. Zaradenie výdavkov do jednotlivých analytických kódov, aj keď má v takom prípade len informatívny charakter, je však potrebné vyplniť.

Sheet Príklady
A1: Príklady vyplnenia formulára
A2: Priebežné čerpanie finančných prostriedkov poskytnutých zo štátneho rozpočtu v oblasti športu v roku 2025 | H2: =+Doklady!I100 -> V2
H3: =+Doklady!I101 -> 45887
A4: Prijímateľ dotácie: | B4: Slovenský zväz skúšobný
A7: Účel úhrady (vyberte zo zoznamu, inak automatické vyhodnocovanie nebude fungovať) | B7: Interné číslo účtovného dokladu | C7: Číslo externého (originálneho) účtovného dokladu | D7: Dátum skutočnej úhrady účtovného dokladu | E7: Popis úhrady (vyberte z rozbaľovacieho zoznamu, alebo zadajte voľný text) | F7: IČO dodávateľa plnenia | G7: Dodávateľ plnenia | H7: Skutočne uhradená suma (eur) | I7: AK
A8: a - kriket - bežné výdavky | D8: 45779 | E8: Organizovanie podujatia Názov podujatia: Svetový pohár v skúškach Miesto konania: Brezno Termín: 15. - 18.4.2025 Počet zúčastnených osôb (okrem divákov): 20
A9: a - kriket - bežné výdavky | B9: 123/2025 | C9: CP14-110 | D9: 45780 | E9: počet odpracovaných hodín spolu: 100 hrubé mzdy vyplatené osobám v súvislosti s podujatím vrátane odvodov zamestnávateľa spolu (dohody, zmluvy, faktúry, a pod.) v eur | G9: osoba 1 - osoba 20 | H9: 400 | I9: 3
A10: a - kriket - bežné výdavky | B10: 124/2025 | C10: DF 24 | D10: 45781 | E10: náklady na ubytovanie 10 športovcov + 1 tréner | G10: Chata Breznovčan | I10: 3
A11: a - kriket - bežné výdavky | B11: 100/2025 | C11: 3020 | D11: 45782 | E11: grafické práce na výrobe loga podujatia | G11: Anna Malá - PROMOTION, s.r.o. | H11: 100 | I11: 3
A12: a - kriket - bežné výdavky | B12: 121/2025 | C12: 100002352 | D12: 45783 | E12: cestovné - vlak - Bratislava - Brezno, 16 osôb | G12: Ján Rýchly | H12: 50 | I12: 3
A13: a - kriket - bežné výdavky | B13: 125/2024 | C13: DF 26 | D13: 45784 | E13: stravovanie 20 osôb | G13: Reštaurácia "U vodníka", Brezno | H13: 200 | I13: 3
A14: a - kriket - bežné výdavky | B14: 126/2024 | C14: DF 29 | D14: 45785 | E14: prenájom plavárne | G14: STARZ, Bratislava | I14: 3
A15: a - kriket - bežné výdavky | B15: 128/2024 | C15: DF 30 | D15: 45786 | E15: nákup športového oblečenia - 15 ks | G15: Adidas, Brezno | H15: 505 | I15: 3
A16: a - kriket - bežné výdavky | D16: 45787 | E16: Pracovná cesta Názov: Majstrovstvá V4 v skúškach Termín: 3.9.2024 Miesto - mesto a štát: Varšava, Poľsko Spôsob dopravy: letecky/BUS Počet všetkých osôb na pracovnej ceste: 6, z toho: - športovci (+ navádzači): 1 - tréneri + rozhodcovia + vedúci výpravy + lekár + fyzioterapeut + masér + ): 1 - ostatné osoby (napr. sponzori, hostia): 4
A17: a - kriket - bežné výdavky | B17: 270/2024 | C17: 3252514 | D17: 45788 | E17: nákup leteniek - 6 ks | G17: Czech Airlines | I17: 2
A18: a - kriket - bežné výdavky | B18: 274/2024 | C18: D/258/2020 | D18: 45789 | E18: materiálové zabezpečenie pretekov - nákup 4 pušiek | G18: Puškárstvo - Ernest Bezaj, Malinovo | I18: 2
A19: a - kriket - bežné výdavky | B19: 275/2024 | C19: DF 32 | D19: 45790 | E19: občerstvenie - 6 osôb | G19: Messing Catering, s.r.o., Rovinka | H19: 1000 | I19: 2
A20: a - kriket - bežné výdavky | B20: 280/2024 | C20: DF 33 | D20: 45791 | E20: ubytovanie - 2 osoby | G20: Jozef Karát - privát, Šaľa | H20: 300 | I20: 2
A21: a - kriket - bežné výdavky | B21: 190/2024 | C21: DF50 | D21: 45792 | E21: prenájom miestnosti | G21: Double Tree Hotel, Bratislava | H21: 600 | I21: 2
A22: a - kriket - bežné výdavky | B22: 250/2024 | C22: 999 | D22: 45793 | E22: cestovné - Cerová - Trnava a späť, 3.9.2024, 2 osoby | G22: Železničná spoločnosť, a.s., Slovensko | H22: 25.9 | I22: 2
A23: a - kriket - bežné výdavky | B23: 251/2024 | C23: 258963 | D23: 45794 | E23: vecné ceny - poháre 3 ks | G23: Victory sport, s.r.o. | I23: 2
A24: a - kriket - bežné výdavky | D24: 45795 | E24: Ostatné
A25: a - kriket - bežné výdavky | B25: 256 | C25: 20 | D25: 45700 | E25: zdravotné služby - Veľká cena Slovenska, Žilina, 1.1.2025 - 2.1.2025 | G25: DZS OPTIMUS, s.r.o. | H25: 200 | I25: 5
A26: a - kriket - bežné výdavky | B26: P1/V/316 | C26: P1/V/316 | D26: 45796 | E26: Hrubé mzdy vyplatené osobám (zamestnancom) vrátane odvodov zamestnávateľa za rok 2024 počet fyzických osôb: 5 | G26: osoba 1, osoba 4 - 7 | I26: 4
A27: a - kriket - bežné výdavky | B27: J/2024-20 | C27: 258 | D27: 45797 | E27: doplnky výživy - 21 športovcov | G27: Lekáreň Kozia, Bratislava | H27: 124 | I27: 2
A28: a - kriket - bežné výdavky | B28: DF2024/326 | C28: 1213275 | D28: 45798 | E28: oprava športtesteru | G28: TOP TREND Patrik Valo | H28: 19.1 | I28: 2
A29: a - kriket - bežné výdavky | B29: DF2024/193 | C29: 2007006035 | D29: 45799 | E29: havarijné poistenie 1-3/2021, EČV BA 258 KK | G29: Uniqa poisťovňa, a.s. | H29: 277.74 | I29: 4
A30: a - kriket - bežné výdavky | B30: 45627 | C30: 258 | D30: 45800 | E30: diaľničná nálepka na rok 2024 | G30: OMV, s.r.o. | H30: 50 | I30: 4
A31: a - kriket - bežné výdavky | B31: 199/2024 | C31: 32 | D31: 45801 | E31: poštovné | G31: Slovenská pošta, a.s. | H31: 9 | I31: 4
A32: a - kriket - bežné výdavky | B32: 45413 | C32: 3 | D32: 45802 | E32: nájom kancelárskych priestorov 2/2024 | G32: Slovenské združenie telesnej kultúry | H32: 10 | I32: 4
A33: a - kriket - bežné výdavky | B33: P1/V/259 | C33: 20123698752 | D33: 45803 | E33: regenerácia, 8 športovcov, 8/2024 | G33: SPORTMEDICAL s.r.o., Bratislava | H33: 500 | I33: 1
A34: a - kriket - bežné výdavky | B34: 235/2024 | C34: 40010 | D34: 45804 | E34: nákup materiálu - reprezentačná vlajka 1 ks | G34: ADAT, s.r.o. | H34: 71.2 | I34: 3
A35: a - kriket - bežné výdavky | B35: 206/2024 | C35: DF100/9/2020 | D35: 45805 | E35: refundácia nákladov na základe zmluvy pre CTM Žilina: Okresné kolo v skúškach, 7.8.2024, Žilina, 43 osôb, z toho: 37 športovcov, 1 tréner, 1 strážna služba, 1 masér, 3 technickí pracovníci, úhrada nákladov za stravovanie | G35: Prestige catering, s.r.o. | H35: 250 | I35: 1
A36: a - kriket - bežné výdavky | B36: 207/2024 | C36: DF500 | D36: 45806 | E36: prenájom plavárne, 4 dráhy, 8 hodín | G36: Mesto Žilina | H36: 320 | I36: 5
A37: a - kriket - bežné výdavky | B37: 305/2024 | C37: 14 | D37: 45807 | E37: upratovacie služby 5/2024 | G37: Boris Dubaj - živnostník | H37: 40 | I37: 4
A38: a - kriket - bežné výdavky | B38: 45292 | C38: V-2020-3 | D38: 45808 | E38: bankové poplatky | G38: SLSP, a.s. | H38: 25 | I38: 4
A39: a - kriket - bežné výdavky | B39: 45352 | C39: 980 | D39: 45809 | E39: poplatok medzinárodnej federácii za rok 2024 | G39: Internationale Asociation ..... | H39: 150 | I39: 4
A40: a - kriket - bežné výdavky | B40: 45383 | C40: 5 | D40: 45810 | E40: členský poplatok za rok 2024 | G40: Konfederácia športových zväzov | H40: 100 | I40: 4
A41: a - kriket - bežné výdavky | B41: 301/2024 | C41: 78954787 | D41: 45811 | E41: prenájom optického kábla 3/2024 | G41: e-Net, s.r.o. | H41: 74.1 | I41: 4
A42: a - kriket - bežné výdavky | B42: 330/2024 | C42: FD52 | D42: 45812 | E42: poplatky za telefón, 7/2024 | G42: Slovak telekom, a.s. | H42: 120 | I42: 2
A43: a - kriket - bežné výdavky | B43: V1-12 | C43: V1-12 | D43: 45813 | E43: PHM - služobné motorové vozidlo EČV: BA 111 SA Obdobie: 14.4. - 18.4.2024 Najazdené kilometre: 800 km | G43: Slovnaft, a.s. Bratislava | H43: 80 | I43: 3
A44: a - kriket - bežné výdavky | B44: 25 | C44: 358 | D44: 45814 | E44: trénerské služby 10/2024 | G44: Ondrej Pado - živnostník | H44: 600 | I44: 1
A45: a - kriket - bežné výdavky | B45: 3 | C45: 26985235 | D45: 45815 | E45: oprava služobného motorového vozidla, BA 222 AA | G45: Prvý autoservis, Bratislava | H45: 10 | I45: 3
A46: a - kriket - bežné výdavky | B46: P1/V/309 | C46: PP46130119 | D46: 45816 | E46: lekárske vyšetrenie - 10 športovcov | G46: Alpha medical a.s. | H46: 19 | I46: 2
A47: a - kriket - bežné výdavky | B47: 300/2024 | C47: 256 | D47: 45817 | E47: laboratórne vyšetrenie | G47: Nemocnica s poliklinikou, Prešov | H47: 230 | I47: 2
A48: a - kriket - bežné výdavky | B48: V/2024/3 | C48: DF2020/143 | D48: 45818 | E48: lyžiarsky servis - február 2024 | G48: Dušan Otčenáš - Martek Sport | H48: 175 | I48: 2
A49: a - kriket - bežné výdavky | B49: ID258 | C49: 369963 | D49: 45819 | E49: športová výstroj - tenisové rakety - 7 ks | G49: Sportissimo, Bratislava | I49: 1
A50: b - Sergej Bubka | D50: 45820 | E50: Pracovná cesta Názov: Výcvikový tábor Termín: 1.12.-20.12.2024 Miesto - mesto a štát: Moskva, Ruská federácia Spôsob dopravy: LET Počet všetkých osôb na pracovnej ceste: 2, z toho - športovci: 1 - tréner: 1 | I50: 10
A51: b - Sergej Bubka | B51: DF2024/309 | C51: 20200136 | D51: 45821 | E51: trénerské služby - 1.12-20.12.2024 | G51: Peter Konrád | H51: 360 | I51: 10
A52: b - Sergej Bubka | B52: R/2024/11 | C52: 20123698752 | D52: 45822 | E52: regenerácia | G52: SPORTMEDICAL s.r.o., Bratislava | H52: 500 | I52: 10
A53: b - Sergej Bubka | B53: 45505 | C53: 369 | D53: 45823 | E53: prenájom tenisového kurtu 1.2.2024 | G53: Národné tenisové centrum, a.s. | H53: 20 | I53: 10
A54: b - Sergej Bubka | B54: 40/2024 | C54: 25412 | D54: 45824 | E54: doplnky výživy | G54: Sunpharma, s.r.o. | H54: 25 | I54: 10
A55: a - kriket - mikrobus | B55: 45536 | C55: 4/2020/DU | D55: 45825 | E55: nákup mikrobusu, EVČ BA 111 SS (faktúra doložená v prílohe vyúčtovania) | G55: AUDI centrum, s.r.o. | H55: 20000 | I55: 5
A56: a - kriket - hala | B56: 89/2024 | C56: 36/14 | D56: 45826 | E56: rekonštrukcia športovej haly v Čadci - opláštenie tribúny, výmena sedadiel, rekonštrukcia šatní a sociálnych zariadení (faktúra doložená v prílohe vyúčtovania) | G56: Rekostav, s.r.o., Čadca | H56: 30000 | I56: 5
A57: (1) - výber a príprava športových talentov | D57: 45827 | E57: Pracovná cesta Názov: Sústredenie dievčat Termín: 03.-07.06.2024 Miesto - mesto a štát: Košice Spôsob dopravy: vlak Počet všetkých osôb na pracovnej ceste: 48, z toho: - športovci (+ navádzači): 44 - tréneri + rozhodcovia + vedúci výpravy + lekár + fyzioterapeut + masér + ): 3 - ostatné osoby (napr. sponzori, hostia): 1
A58: a - kriket - bežné výdavky | B58: ID082 | C58: 555 | D58: 45828 | E58: doprava, BUS, 2.7.2024, 7.6.2021, 39 osôb | G58: Autodoprava Charvát, Veľké Bielice | H58: 123 | I58: 2
A59: a - kriket - bežné výdavky | B59: ID100 | C59: 444 | D59: 45829 | E59: cestovné, VLAK, Banská Bystrica - Košice, 3.7.2024, 8 osôb | G59: Ján Rýchly, prezident zväzu | H59: 1600 | I59: 2
A60: a - kriket - bežné výdavky | D60: 45830 | E60: Ostatné | I60: 2
A61: a - kriket - bežné výdavky | B61: FA213090 | C61: 1300072 | D61: 45831 | E61: potlač 4 ks športových dresov | G61: RES Promotion, s.r.o., Košice 1 | H61: 21.36 | I61: 2
A62: a - kriket - bežné výdavky | B62: 310/2024 | C62: DF2555 | D62: 45832 | E62: regenerácia 16.5.2024, 1 športovec | G62: Fyziopraktik, s.r.o. | H62: 20 | I62: 2
A63: a - kriket - bežné výdavky | B63: 32/2024 | C63: PZ5 | D63: 45833 | E63: trénerská činnosť 12/2024 | G63: Henrich Madaj - živnostník | H63: 200 | I63: 2
A64: a - kriket - bežné výdavky | B64: 25/2024 | C64: 254 | D64: 45834 | E64: Materiálové vybavenie športovcov CTM Žilina, náhradné súčiastky na bicykel | G64: Bottico, s.r.o. Otrokovice | H64: 201.5 | I64: 2
A65: a - kriket - bežné výdavky | B65: 288/2024 | C65: 141 | D65: 45835 | E65: regenerácia športovcov CTM Bobot, 30 hodín | G65: Slovenské liečebné kúpele Rajecké Teplice, a.s. | H65: 1010 | I65: 2
A66: a - kriket - bežné výdavky | B66: ID221 | C66: 25 | D66: 45836 | E66: refundácia nákladov na základe zmluvy za centrum talentovanej mládeže Bošáca: sústredenie mladších žiačok, 30.6.-7.7.2024, Bardejov, ubytovanie, 12 osôb | G66: Ubytovňa Nádej, Bardejov | H66: 1330 | I66: 2
A67: d - finančné odmeny športovcom a trénerom - Eleonóra Sihoťová | B67: 45627 | C67: 760998 | D67: 45837 | E67: odmena športovcom za výsledky dosiahnuté v roku 2024 | G67: Peter Novák | H67: 1000 | I67: 10
A68: d - finančné odmeny športovcom a trénerom - Miroslav Hurban | B68: 13/2024 | C68: 760852 | D68: 45838 | E68: odmena trénerovi mládeže | G68: Miroslav Hurban | H68: 200 | I68: 10
A69: d- Národná súťaž v skúškach | D69: 45839 | E69: Organizovanie podujatia Názov: Národná súťaž v skúškach Termín: 15.06.2024 Miesto - mesto a štát: Pezinok Počet zúčastnených osôb (okrem divákov): 547 | I69: 10
A70: d- Národná súťaž v skúškach | B70: 66/2024 | C70: 25 | D70: 45840 | E70: tlač diplomov A4 547 ks | G70: Mouton, s.r.o. Žilina | H70: 147.35 | I70: 10
A71: d- Národná súťaž v skúškach | B71: 361/2024 | C71: 36 | D71: 45841 | E71: technické a organizačné zabezpečenie súťaže - úprava pretekárskej dráhy, stavba pódia, organizácia záverečného ceremoniálu, moderovanie | G71: Dušan Tesár - Select Managering, s.r.o. | H71: 2500 | I71: 10
A72: d- Národná súťaž v skúškach | B72: 98/2024 | C72: 14 | D72: 45842 | E72: nákup športového vybavenia - 20 ks lôpt | G72: Sport, s.r.o. Poprad | H72: 1200 | I72: 10
A73: d- Národná súťaž v skúškach | B73: PC2024/36 | C73: 56/C | D73: 45843 | E73: PHM - služobné motorové vozidlo EČV: BL 363 AA Obdobie: 10.6.-15.6.2024 Najazdené kilometre: 600 | G73: OMV, s.r.o., Bratislava | H73: 350 | I73: 10
A74: d- Národná súťaž v skúškach | D74: 45844 | E74: Organizovanie podujatia Názov: M-SR žiakov ZŠ v skúškach Termín: 15.05.2024 Miesto - mesto a štát: Nitra Počet zúčastnených osôb (okrem divákov): 220 | I74: 10
A75: d- Národná súťaž v skúškach | B75: 380/2024 | C75: 952 | D75: 45845 | E75: športový materiál - bedmintonové rakety, košíky | G75: Funny sport, s.r.o., Prešov | H75: 230 | I75: 10
A76: d- Národná súťaž v skúškach | B76: 390/2024 | C76: 3852/2020 | D76: 45846 | E76: zdravotné služby | G76: DZS OPTIMUS, s.r.o. | H76: 200 | I76: 10
A78: d- obnova turistických značkovaných trás a údržba turistických informačných miest | B78: 400/2024 | C78: V582/14 | D78: 45847 | E78: materiál na obnovu značkovania - okres Poprad - farby, štetce, stĺpiky | G78: Color, s.r.o., Poprad | H78: 10 | I78: 10

Sheet Príjmy
A1: Aktualizovaná suma prostriedkov poskytnutých ministerstvom k dátumu | C1: 46022 | G1: 45688
G2: 45716
A3: Prijímateľ | B3: =INDEX(Adr!B:B,Doklady!B102+1) -> Slovenský zväz Judo | G3: 45747
A4: IČO: | B4: =RIGHT("0000"&INDEX(Adr!A:A,Doklady!B102+1),8) -> 17308518 | G4: 45777
A5: Sídlo: | B5: =INDEX(Adr!D:D,Doklady!B102+1)&", "&INDEX(Adr!E:E,Doklady!B102+1) -> Olympijské námestie 14290/1, Bratislava | G5: 45808
G6: 45838
G7: 45869
G8: 45900
A9: PPG | B9: PPG | C9: Poskytnuté prostriedky | G9: 45930
A10: 026 01 | B10: Šport pre všetkých, školský a univerzitný šport | C10: =+Spolu!C10 -> 0 | G10: 45961
A11: 026 02 | B11: Uznané športy | C11: =+Spolu!C11 -> 129672 | G11: 45991
A12: 026 03 | B12: Národné športové projekty | C12: 0 | G12: 46022
A13: 026 04 | B13: Športová infraštruktúra | C13: =+Spolu!C13 -> 0
A14: 026 05 | B14: Prierezové činnosti v športe | C14: =+Spolu!C14 -> 0
A15: SPOLU | C15: =SUM(C10:C14) -> 129672
A17: Prijímateľ prostriedkov zo štátneho rozpočtu je povinný priebežne zverejňovať informácie o prijatí a spôsobe ich použitia najneskôr do 25. dňa kalendárneho mesiaca nasledujúceho po kalendárnom mesiaci, v ktorom boli prijaté alebo použité ( § 65, ods. 6 zákona č. 440/2015 Z. z. o športe a o zmene a doplnení niektorých zákonov v znení neskorších predpisov).
A61: 15

Sheet Spolu
A1: Priebežné čerpanie a vyúčtovanie finančných prostriedkov poskytnutých zo štátneho rozpočtu v oblasti športu v roku 2025 poskytnutých do 30.06.2025 (príspevok uznanému športu 1. a 2. splátka)
B3: Prijímateľ dotácie: | C3: =INDEX(Adr!B2:B87,Doklady!B102) -> Slovenský zväz Judo | I3: =Doklady!I100 -> V2
B4: IČO: | C4: =INDEX(Adr!A2:A89,Doklady!B102) -> 17308518 | I4: =Doklady!I101 -> 45887
B5: Právna forma: | C5: =INDEX(Adr!C2:C89,Doklady!B102) -> občianske združenie
B6: Sídlo: | C6: =INDEX(Adr!D2:D89,Doklady!B102)&", "&INDEX(Adr!E2:E89,Doklady!B102)&", "&INDEX(Adr!F2:F89,Doklady!B102) -> Olympijské námestie 14290/1, Bratislava, 831 04
A9: PPG | B9: Podprogram | C9: Poskytnuté (eur) | D9: Vyúčtované (eur) | E9: Povinnosť vrátiť (eur)
A10: 026 01 | B10: Šport pre všetkých, školský a univerzitný šport | C10: =SUMIF(FP!J:J,Doklady!$B$1&A10,FP!D:D) -> 0 | D10: =C10-E10 -> 0 | E10: =SUMIF(K:K,A10,I:I) -> 0 | L10: AAA
A11: 026 02 | B11: Uznané športy | C11: =SUMIF(FP!J:J,Doklady!$B$1&A11,FP!D:D) -> 129672 | D11: =+C11-E11 -> 129672 | E11: =+I39-I42+I44-I47 -> 0 | L11: =L41 -> a - judo - bežné transfery
A12: 026 03 | B12: Národné športové projekty | C12: =SUMIF(FP!J:J,Doklady!$B$1&A12,FP!D:D) -> 0 | D12: =C12-E12 -> 0 | E12: =SUMIF(K:K,A12,I:I) -> 0 | L12: =L42 -> a - judo - kapitálové transfery
A13: 026 04 | B13: Športová infraštruktúra | C13: =SUMIF(FP!J:J,Doklady!$B$1&A13,FP!D:D) -> 0 | D13: =C13-E13 -> 0 | E13: =SUMIF(K:K,A13,I:I) -> 0 | L13: =L46 -> 2
A14: 026 05 | B14: Prierezové činnosti v športe | C14: =SUMIF(FP!J:J,Doklady!$B$1&A14,FP!D:D) -> 0 | D14: =C14-E14 -> 0 | E14: =SUMIF(K:K,A14,I:I) -> 0 | L14: =L47 -> 2
A16: Účel | B16: Názov | I16: Suma
A17: a | B17: príspevok uznaným športom | I17: =SUMIF(FP!I:I,Doklady!$B$1&A17,FP!D:D) -> 129672
A18: b | B18: príspevok Slovenskému olympijskému a športovému výboru | I18: =SUMIF(FP!I:I,Doklady!$B$1&A18,FP!D:D) -> 0
A19: c | B19: príspevok Slovenskému paralympijskému výboru | I19: =SUMIF(FP!I:I,Doklady!$B$1&A19,FP!D:D) -> 0
A20: d | B20: príspevok športovcom top tímu | I20: =SUMIF(FP!I:I,Doklady!$B$1&A20,FP!D:D) -> 0
A21: e | B21: organizácia významnej súťaže alebo účasť na významnej súťaži podľa § 3 písm. h) vrátane prípravy na túto súťaž | I21: =SUMIF(FP!I:I,Doklady!$B$1&A21,FP!D:D) -> 0
A22: f | B22: plnenie úloh verejného záujmu v športe | I22: =SUMIF(FP!I:I,Doklady!$B$1&A22,FP!D:D) -> 0
A23: g | B23: rozvoj športov, ktoré nie sú uznanými podľa zákona č. 440/2015 Z. z. | I23: =SUMIF(FP!I:I,Doklady!$B$1&A23,FP!D:D) -> 0
A24: h | B24: podpora a rozvoj turistických a cykloturistických trás | I24: =SUMIF(FP!I:I,Doklady!$B$1&A24,FP!D:D) -> 0
A25: i | B25: finančné odmeny športovcom a trénerom mládeže za dosiahnuté výsledky | I25: =SUMIF(FP!I:I,Doklady!$B$1&A25,FP!D:D) -> 0
A26: j | B26: projekty školského športu, univerzitného športu a športu pre všetkých | I26: =SUMIF(FP!I:I,Doklady!$B$1&A26,FP!D:D) -> 0
A27: k | B27: výstavba, modernizácia a rekonštrukcia športovej infraštruktúry národného významu | I27: =SUMIF(FP!I:I,Doklady!$B$1&A27,FP!D:D) -> 0
A28: l | B28: podpora zdravotne postihnutých športovcov | I28: =SUMIF(FP!I:I,Doklady!$B$1&A28,FP!D:D) -> 0
A29: m | B29: organizácia tradičných športových podujatí | I29: =SUMIF(FP!I:I,Doklady!$B$1&A29,FP!D:D) -> 0
A30: n | I30: =SUMIF(FP!I:I,Doklady!$B$1&A30,FP!D:D) -> 0
A31: o | I31: =SUMIF(FP!I:I,Doklady!$B$1&A31,FP!D:D) -> 0
A32: p | I32: =SUMIF(FP!I:I,Doklady!$B$1&A32,FP!D:D) -> 0
A33: q | I33: =SUMIF(FP!I:I,Doklady!$B$1&A33,FP!D:D) -> 0
A34: r | I34: =SUMIF(FP!I:I,Doklady!$B$1&A34,FP!D:D) -> 0
A36: Použitie príspevku uznanému športu | C36: 1 | D36: 2 | E36: 3 | F36: 4 | G36: 5 | H36: 5
A38: Účel | B38: ="Šport "&K40 -> Šport judo | C38: mládež 23 MIN.15% | D38: talenty MIN.20% | E38: reprezentácia MIN.25% | F38: prevádzka MAX.20% | G38: ostatné úlohy | H38: kapitálové transfery z PUŠ | I38: SPOLU | L38: =COUNTIF(FP!N:N,Doklady!B1&"aB") -> 1
A39: a | B39: Poskytnutý príspevok uznanému športu | C39: =I39*0 -> 0 | D39: =I39*0 -> 0 | E39: =I39*0 -> 0 | F39: =+I39*0.2 -> 25934.4 | G39: =+MAX(I39-C39-D39-E39-F39-H39,0) -> 103737.6 | H39: =+IFERROR(VLOOKUP(K40&" - kapitálové transfery",B$53:C$90,2,0),0) -> 0 | I39: =SUMIF(FP!K:K,K40,FP!D:D) -> 129672 | L39: =COUNTIF(FP!N:N,Doklady!B1&"aK") -> 0
A40: a | B40: Vyúčtovaný príspevok uznanému športu | C40: =DSUM(Doklady!A103:J10000,"GGG",Spolu!L40:M42) -> 6472.79 | D40: =DSUM(Doklady!A103:J10000,"GGG",Spolu!N40:O42) -> 26988.73 | E40: =DSUM(Doklady!A103:J10000,"GGG",Spolu!P40:Q42) -> 33280.97 | F40: =DSUM(Doklady!A103:J10000,"GGG",Spolu!R40:S42) -> 25934.4 | G40: =DSUM(Doklady!A103:J10000,"GGG",Spolu!T40:U42)-H40 -> 36995.11 | H40: =+IFERROR(VLOOKUP(K40&" - kapitálové transfery",B$53:D$90,3,0),0) -> 0 | I40: =+C40+D40+E40+F40+G40+H40 -> 129672 | J40: =+K45 -> . | K40: =IF(L38>0,INDEX(FP!K:K,Doklady!B2),".") -> judo | L40: AAA | M40: HHH | N40: AAA | O40: HHH | P40: AAA | Q40: HHH | R40: AAA | S40: HHH | T40: AAA | U40: HHH
A41: a | B41: ROZDIEL | C41: =MAX(C39-C40,0) -> 0 | D41: =MAX(D39-D40,0) -> 0 | E41: =MAX(E39-E40,0) -> 0 | F41: =MIN(I39,MAX(-F39+F40,0)) -> 7.2759576e-12 | G41: =MIN(J39,MAX(-G39+G40+MIN(F40-F39,0),0)) -> 0 | H41: =MAX(H39-H40,0) -> 0 | I41: =+I39-I42 -> 0 | J41: =+K46 -> 0 | K41: =+I41-H41 -> 0 | L41: =IF(L38>0,"a - "&INDEX(FP!C:C,Doklady!B2),2) -> a - judo - bežné transfery | M41: 1 | N41: =+L41 -> a - judo - bežné transfery | O41: 2 | P41: =+L41 -> a - judo - bežné transfery | Q41: 3 | R41: =+L41 -> a - judo - bežné transfery | S41: 4 | T41: =+L41 -> a - judo - bežné transfery | U41: 5
A42: a | B42: Uznaná suma vyúčtovaných FP | C42: =+C40 -> 6472.79 | D42: =+D40 -> 26988.73 | E42: =+E40 -> 33280.97 | F42: =+MIN(F39:F40) -> 25934.4 | G42: =+MIN(G39+MAX(F39-F40,0)-MAX(E40-E39,0)-MAX(D40-D39,0)-MAX(C40-C39,0),G40) -> 36995.11 | H42: =+MIN(H39:H40) -> 0 | I42: =+C42+D42+E42+MIN(F39:F40)+G42+H42 -> 129672 | J42: =+K47 -> 0 | K42: =+I42-H42 -> 129672 | L42: =+SUBSTITUTE(L41,"bežné","kapitálové") -> a - judo - kapitálové transfery | M42: 1 | N42: =+L42 -> a - judo - kapitálové transfery | O42: 2 | P42: =+L42 -> a - judo - kapitálové transfery | Q42: 3 | R42: =+L42 -> a - judo - kapitálové transfery | S42: 4 | T42: =+L42 -> a - judo - kapitálové transfery | U42: 5
A43: Účel | B43: =IF(L38>2,"Šport "&INDEX(FP!K:K,Doklady!B2+2),"Šport "&K45) -> Šport . | C43: mládež 23 MIN.15% | D43: talenty MIN.20% | E43: reprezentácia MIN.25% | F43: prevádzka MAX.20% | G43: ostatné úlohy | H43: kapitálové transfery z PUŠ | I43: SPOLU | L43: =L38-1 -> 0
A44: a | B44: Poskytnutý príspevok uznanému športu | C44: =I44*0 -> 0 | D44: =I44*0 -> 0 | E44: =I44*0 -> 0 | F44: =+I44*0.2 -> 0 | G44: =+MAX(I44-C44-D44-E44-F44-H44,0) -> 0 | H44: =+IFERROR(VLOOKUP(K45&" - kapitálové transfery",B$53:C$90,2,0),0) -> 0 | I44: =SUMIF(FP!K:K,K45,FP!D:D) -> 0
A45: a | B45: Vyúčtovaný príspevok uznanému športu | C45: =DSUM(Doklady!A103:J10000,"GGG",Spolu!L45:M47) -> 0 | D45: =DSUM(Doklady!A103:J10000,"GGG",Spolu!N45:O47) -> 0 | E45: =DSUM(Doklady!A103:J10000,"GGG",Spolu!P45:Q47) -> 0 | F45: =DSUM(Doklady!A103:J10000,"GGG",Spolu!R45:S47) -> 0 | G45: =DSUM(Doklady!A103:J10000,"GGG",Spolu!T45:U47)-H45 -> 0 | H45: =+IFERROR(VLOOKUP(K45&" - kapitálové transfery",B$53:D$90,3,0),0) -> 0 | I45: =+C45+D45+E45+F45+G45+H45 -> 0 | K45: =IF(L38>1,INDEX(FP!K:K,Doklady!B2+1),".") -> . | L45: AAA | M45: HHH | N45: AAA | O45: HHH | P45: AAA | Q45: HHH | R45: AAA | S45: HHH | T45: AAA | U45: HHH
A46: a | B46: ROZDIEL | C46: =MAX(C44-C45,0) -> 0 | D46: =MAX(D44-D45,0) -> 0 | E46: =MAX(E44-E45,0) -> 0 | F46: =MIN(I44,MAX(-F44+F45,0)) -> 0 | G46: =MIN(J44,MAX(-G44+G45+MIN(F45-F44,0),0)) -> 0 | H46: =MAX(H44-H45,0) -> 0 | I46: =+I44-I47 -> 0 | K46: =+I46-H46 -> 0 | L46: =IF(L43>0,"a - "&INDEX(FP!C:C,Doklady!B2+1),2) -> 2 | M46: 1 | N46: =+L46 -> 2 | O46: 2 | P46: =+L46 -> 2 | Q46: 3 | R46: =+L46 -> 2 | S46: 4 | T46: =+L46 -> 2 | U46: 5
A47: a | B47: Uznaná suma vyúčtovaných FP | C47: =+C45 -> 0 | D47: =+D45 -> 0 | E47: =+E45 -> 0 | F47: =+MIN(F44:F45) -> 0 | G47: =+MIN(G44+MAX(F44-F45,0)-MAX(E45-E44,0)-MAX(D45-D44,0)-MAX(C45-C44,0),G45) -> 0 | H47: =+MIN(H44:H45) -> 0 | I47: =+C47+D47+E47+MIN(F44:F45)+G47+H47 -> 0 | K47: =+I47-H47 -> 0 | L47: =+SUBSTITUTE(L46,"bežné","kapitálové") -> 2 | M47: 1 | N47: =+L47 -> 2 | O47: 2 | P47: =+L47 -> 2 | Q47: 3 | R47: =+L47 -> 2 | S47: 4 | T47: =+L47 -> 2 | U47: 5
A52: Účel | B52: Účel poskytnutých finančných prostriedkov | C52: Poskytnuté FP | D52: Vyúčtované FP | E52: Povinné SF | F52: Vyúčtované SF | G52: Uznaná suma vyúčtov. FP | I52: Povinnosť vrátiť | K52: PPG | L52: BK | M52: PPGBK
A53: =Doklady!D1 -> a | B53: =Doklady!H1 -> judo - bežné transfery | C53: =IF(A53<>"",INDEX(FP!D:D,Doklady!B$2+(ROW()-53)),"") -> 129672 | D53: =IF(A53<>"",Doklady!I1-Doklady!J1,"") -> 129672 | E53: =IF(A53<>"",MIN(D53,C53)*Doklady!C1/(1-Doklady!C1),"") -> 0 | F53: =IF(A53<>"",Doklady!J1,"") -> 0 | G53: =+IFERROR(HLOOKUP(IF(RIGHT(B53,15)="bežné transfery",LEFT(B53,LEN(B53)-18),0),$J$40:$K$42,3,0),MIN(C53,D53)) -> 129672 | I53: =IF(A53<>"",MAX(IF(G53<C53,C53-G53,0)+IF(F53<E53,E53-F53,0),0),0) -> 0 | J53: =IF(D53>C53,"Vyúčtované prostriedky nemôžu byť väčšie ako poskytnuté. Opravte v hárku ""Doklady""","") | K53: =Doklady!F1 -> 026 02 | L53: =IF(A53<>"",INDEX(FP!H:H,Doklady!B$2+(ROW()-52)),"") -> B | M53: =K53&L53 -> 026 02B
A54: =Doklady!D2 | B54: =Doklady!H2 | C54: =IF(A54<>"",INDEX(FP!D:D,Doklady!B$2+(ROW()-53)),"") | D54: =IF(A54<>"",Doklady!I2-Doklady!J2,"") | E54: =IF(A54<>"",MIN(D54,C54)*Doklady!C2/(1-Doklady!C2),"") | F54: =IF(A54<>"",Doklady!J2,"") | G54: =+IFERROR(HLOOKUP(IF(RIGHT(B54,15)="bežné transfery",LEFT(B54,LEN(B54)-18),0),$J$40:$K$42,3,0),MIN(C54,D54)) -> 0 | I54: =IF(A54<>"",MAX(IF(G54<C54,C54-G54,0)+IF(F54<E54,E54-F54,0),0),0) -> 0 | J54: =IF(D54>C54,"Vyúčtované prostriedky nemôžu byť väčšie ako poskytnuté. Opravte v hárku ""Doklady""","") | K54: =Doklady!F2 | L54: =IF(A54<>"",INDEX(FP!H:H,Doklady!B$2+(ROW()-52)),"") | M54: =K54&L54
A55: =Doklady!D3 | B55: =Doklady!H3 | C55: =IF(A55<>"",INDEX(FP!D:D,Doklady!B$2+(ROW()-53)),"") | D55: =IF(A55<>"",Doklady!I3-Doklady!J3,"") | E55: =IF(A55<>"",MIN(D55,C55)*Doklady!C3/(1-Doklady!C3),"") | F55: =IF(A55<>"",Doklady!J3,"") | G55: =+IFERROR(HLOOKUP(IF(RIGHT(B55,15)="bežné transfery",LEFT(B55,LEN(B55)-18),0),$J$40:$K$42,3,0),MIN(C55,D55)) -> 0 | I55: =IF(A55<>"",MAX(IF(G55<C55,C55-G55,0)+IF(F55<E55,E55-F55,0),0),0) -> 0 | J55: =IF(D55>C55,"Vyúčtované prostriedky nemôžu byť väčšie ako poskytnuté. Opravte v hárku ""Doklady""","") | K55: =Doklady!F3 | L55: =IF(A55<>"",INDEX(FP!H:H,Doklady!B$2+(ROW()-52)),"") | M55: =K55&L55
A56: =Doklady!D4 | B56: =Doklady!H4 | C56: =IF(A56<>"",INDEX(FP!D:D,Doklady!B$2+(ROW()-53)),"") | D56: =IF(A56<>"",Doklady!I4-Doklady!J4,"") | E56: =IF(A56<>"",MIN(D56,C56)*Doklady!C4/(1-Doklady!C4),"") | F56: =IF(A56<>"",Doklady!J4,"") | G56: =+IFERROR(HLOOKUP(IF(RIGHT(B56,15)="bežné transfery",LEFT(B56,LEN(B56)-18),0),$J$40:$K$42,3,0),MIN(C56,D56)) -> 0 | I56: =IF(A56<>"",MAX(IF(G56<C56,C56-G56,0)+IF(F56<E56,E56-F56,0),0),0) -> 0 | J56: =IF(D56>C56,"Vyúčtované prostriedky nemôžu byť väčšie ako poskytnuté. Opravte v hárku ""Doklady""","") | K56: =Doklady!F4 | L56: =IF(A56<>"",INDEX(FP!H:H,Doklady!B$2+(ROW()-52)),"") | M56: =K56&L56
A57: =Doklady!D5 | B57: =Doklady!H5 | C57: =IF(A57<>"",INDEX(FP!D:D,Doklady!B$2+(ROW()-53)),"") | D57: =IF(A57<>"",Doklady!I5-Doklady!J5,"") | E57: =IF(A57<>"",MIN(D57,C57)*Doklady!C5/(1-Doklady!C5),"") | F57: =IF(A57<>"",Doklady!J5,"") | G57: =+IFERROR(HLOOKUP(IF(RIGHT(B57,15)="bežné transfery",LEFT(B57,LEN(B57)-18),0),$J$40:$K$42,3,0),MIN(C57,D57)) -> 0 | I57: =IF(A57<>"",MAX(IF(G57<C57,C57-G57,0)+IF(F57<E57,E57-F57,0),0),0) -> 0 | J57: =IF(D57>C57,"Vyúčtované prostriedky nemôžu byť väčšie ako poskytnuté. Opravte v hárku ""Doklady""","") | K57: =Doklady!F5 | L57: =IF(A57<>"",INDEX(FP!H:H,Doklady!B$2+(ROW()-52)),"") | M57: =K57&L57
A58: =Doklady!D6 | B58: =Doklady!H6 | C58: =IF(A58<>"",INDEX(FP!D:D,Doklady!B$2+(ROW()-53)),"") | D58: =IF(A58<>"",Doklady!I6-Doklady!J6,"") | E58: =IF(A58<>"",MIN(D58,C58)*Doklady!C6/(1-Doklady!C6),"") | F58: =IF(A58<>"",Doklady!J6,"") | G58: =+IFERROR(HLOOKUP(IF(RIGHT(B58,15)="bežné transfery",LEFT(B58,LEN(B58)-18),0),$J$40:$K$42,3,0),MIN(C58,D58)) -> 0 | I58: =IF(A58<>"",MAX(IF(G58<C58,C58-G58,0)+IF(F58<E58,E58-F58,0),0),0) -> 0 | J58: =IF(D58>C58,"Vyúčtované prostriedky nemôžu byť väčšie ako poskytnuté. Opravte v hárku ""Doklady""","") | K58: =Doklady!F6 | L58: =IF(A58<>"",INDEX(FP!H:H,Doklady!B$2+(ROW()-52)),"") | M58: =K58&L58
A59: =Doklady!D7 | B59: =Doklady!H7 | C59: =IF(A59<>"",INDEX(FP!D:D,Doklady!B$2+(ROW()-53)),"") | D59: =IF(A59<>"",Doklady!I7-Doklady!J7,"") | E59: =IF(A59<>"",MIN(D59,C59)*Doklady!C7/(1-Doklady!C7),"") | F59: =IF(A59<>"",Doklady!J7,"") | G59: =+IFERROR(HLOOKUP(IF(RIGHT(B59,15)="bežné transfery",LEFT(B59,LEN(B59)-18),0),$J$40:$K$42,3,0),MIN(C59,D59)) -> 0 | I59: =IF(A59<>"",MAX(IF(G59<C59,C59-G59,0)+IF(F59<E59,E59-F59,0),0),0) -> 0 | J59: =IF(D59>C59,"Vyúčtované prostriedky nemôžu byť väčšie ako poskytnuté. Opravte v hárku ""Doklady""","") | K59: =Doklady!F7 | L59: =IF(A59<>"",INDEX(FP!H:H,Doklady!B$2+(ROW()-52)),"") | M59: =K59&L59
A60: =Doklady!D8 | B60: =Doklady!H8 | C60: =IF(A60<>"",INDEX(FP!D:D,Doklady!B$2+(ROW()-53)),"") | D60: =IF(A60<>"",Doklady!I8-Doklady!J8,"") | E60: =IF(A60<>"",MIN(D60,C60)*Doklady!C8/(1-Doklady!C8),"") | F60: =IF(A60<>"",Doklady!J8,"") | G60: =+IFERROR(HLOOKUP(IF(RIGHT(B60,15)="bežné transfery",LEFT(B60,LEN(B60)-18),0),$J$40:$K$42,3,0),MIN(C60,D60)) -> 0 | I60: =IF(A60<>"",MAX(IF(G60<C60,C60-G60,0)+IF(F60<E60,E60-F60,0),0),0) -> 0 | J60: =IF(D60>C60,"Vyúčtované prostriedky nemôžu byť väčšie ako poskytnuté. Opravte v hárku ""Doklady""","") | K60: =Doklady!F8 | L60: =IF(A60<>"",INDEX(FP!H:H,Doklady!B$2+(ROW()-52)),"") | M60: =K60&L60
A61: =Doklady!D9 | B61: =Doklady!H9 | C61: =IF(A61<>"",INDEX(FP!D:D,Doklady!B$2+(ROW()-53)),"") | D61: =IF(A61<>"",Doklady!I9-Doklady!J9,"") | E61: =IF(A61<>"",MIN(D61,C61)*Doklady!C9/(1-Doklady!C9),"") | F61: =IF(A61<>"",Doklady!J9,"") | G61: =+IFERROR(HLOOKUP(IF(RIGHT(B61,15)="bežné transfery",LEFT(B61,LEN(B61)-18),0),$J$40:$K$42,3,0),MIN(C61,D61)) -> 0 | I61: =IF(A61<>"",MAX(IF(G61<C61,C61-G61,0)+IF(F61<E61,E61-F61,0),0),0) -> 0 | J61: =IF(D61>C61,"Vyúčtované prostriedky nemôžu byť väčšie ako poskytnuté. Opravte v hárku ""Doklady""","") | K61: =Doklady!F9 | L61: =IF(A61<>"",INDEX(FP!H:H,Doklady!B$2+(ROW()-52)),"") | M61: =K61&L61
A62: =Doklady!D10 | B62: =Doklady!H10 | C62: =IF(A62<>"",INDEX(FP!D:D,Doklady!B$2+(ROW()-53)),"") | D62: =IF(A62<>"",Doklady!I10-Doklady!J10,"") | E62: =IF(A62<>"",MIN(D62,C62)*Doklady!C10/(1-Doklady!C10),"") | F62: =IF(A62<>"",Doklady!J10,"") | G62: =+IFERROR(HLOOKUP(IF(RIGHT(B62,15)="bežné transfery",LEFT(B62,LEN(B62)-18),0),$J$40:$K$42,3,0),MIN(C62,D62)) -> 0 | I62: =IF(A62<>"",MAX(IF(G62<C62,C62-G62,0)+IF(F62<E62,E62-F62,0),0),0) -> 0 | J62: =IF(D62>C62,"Vyúčtované prostriedky nemôžu byť väčšie ako poskytnuté. Opravte v hárku ""Doklady""","") | K62: =Doklady!F10 | L62: =IF(A62<>"",INDEX(FP!H:H,Doklady!B$2+(ROW()-52)),"") | M62: =K62&L62
A63: =Doklady!D11 | B63: =Doklady!H11 | C63: =IF(A63<>"",INDEX(FP!D:D,Doklady!B$2+(ROW()-53)),"") | D63: =IF(A63<>"",Doklady!I11-Doklady!J11,"") | E63: =IF(A63<>"",MIN(D63,C63)*Doklady!C11/(1-Doklady!C11),"") | F63: =IF(A63<>"",Doklady!J11,"") | G63: =+IFERROR(HLOOKUP(IF(RIGHT(B63,15)="bežné transfery",LEFT(B63,LEN(B63)-18),0),$J$40:$K$42,3,0),MIN(C63,D63)) -> 0 | I63: =IF(A63<>"",MAX(IF(G63<C63,C63-G63,0)+IF(F63<E63,E63-F63,0),0),0) -> 0 | J63: =IF(D63>C63,"Vyúčtované prostriedky nemôžu byť väčšie ako poskytnuté. Opravte v hárku ""Doklady""","") | K63: =Doklady!F11 | L63: =IF(A63<>"",INDEX(FP!H:H,Doklady!B$2+(ROW()-52)),"") | M63: =K63&L63
A64: =Doklady!D12 | B64: =Doklady!H12 | C64: =IF(A64<>"",INDEX(FP!D:D,Doklady!B$2+(ROW()-53)),"") | D64: =IF(A64<>"",Doklady!I12-Doklady!J12,"") | E64: =IF(A64<>"",MIN(D64,C64)*Doklady!C12/(1-Doklady!C12),"") | F64: =IF(A64<>"",Doklady!J12,"") | G64: =+IFERROR(HLOOKUP(IF(RIGHT(B64,15)="bežné transfery",LEFT(B64,LEN(B64)-18),0),$J$40:$K$42,3,0),MIN(C64,D64)) -> 0 | I64: =IF(A64<>"",MAX(IF(G64<C64,C64-G64,0)+IF(F64<E64,E64-F64,0),0),0) -> 0 | J64: ; | K64: =Doklady!F12 | L64: =IF(A64<>"",INDEX(FP!H:H,Doklady!B$2+(ROW()-52)),"") | M64: =K64&L64
A65: =Doklady!D13 | B65: =Doklady!H13 | C65: =IF(A65<>"",INDEX(FP!D:D,Doklady!B$2+(ROW()-53)),"") | D65: =IF(A65<>"",Doklady!I13-Doklady!J13,"") | E65: =IF(A65<>"",MIN(D65,C65)*Doklady!C13/(1-Doklady!C13),"") | F65: =IF(A65<>"",Doklady!J13,"") | G65: =+IFERROR(HLOOKUP(IF(RIGHT(B65,15)="bežné transfery",LEFT(B65,LEN(B65)-18),0),$J$40:$K$42,3,0),MIN(C65,D65)) -> 0 | I65: =IF(A65<>"",MAX(IF(G65<C65,C65-G65,0)+IF(F65<E65,E65-F65,0),0),0) -> 0 | J65: =IF(D65>C65,"Vyúčtované prostriedky nemôžu byť väčšie ako poskytnuté. Opravte v hárku ""Doklady""","") | K65: =Doklady!F13 | L65: =IF(A65<>"",INDEX(FP!H:H,Doklady!B$2+(ROW()-52)),"") | M65: =K65&L65
A66: =Doklady!D14 | B66: =Doklady!H14 | C66: =IF(A66<>"",INDEX(FP!D:D,Doklady!B$2+(ROW()-53)),"") | D66: =IF(A66<>"",Doklady!I14-Doklady!J14,"") | E66: =IF(A66<>"",MIN(D66,C66)*Doklady!C14/(1-Doklady!C14),"") | F66: =IF(A66<>"",Doklady!J14,"") | G66: =+IFERROR(HLOOKUP(IF(RIGHT(B66,15)="bežné transfery",LEFT(B66,LEN(B66)-18),0),$J$40:$K$42,3,0),MIN(C66,D66)) -> 0 | I66: =IF(A66<>"",MAX(IF(G66<C66,C66-G66,0)+IF(F66<E66,E66-F66,0),0),0) -> 0 | J66: =IF(D66>C66,"Vyúčtované prostriedky nemôžu byť väčšie ako poskytnuté. Opravte v hárku ""Doklady""","") | K66: =Doklady!F14 | L66: =IF(A66<>"",INDEX(FP!H:H,Doklady!B$2+(ROW()-52)),"") | M66: =K66&L66
A67: =Doklady!D15 | B67: =Doklady!H15 | C67: =IF(A67<>"",INDEX(FP!D:D,Doklady!B$2+(ROW()-53)),"") | D67: =IF(A67<>"",Doklady!I15-Doklady!J15,"") | E67: =IF(A67<>"",MIN(D67,C67)*Doklady!C15/(1-Doklady!C15),"") | F67: =IF(A67<>"",Doklady!J15,"") | G67: =+IFERROR(HLOOKUP(IF(RIGHT(B67,15)="bežné transfery",LEFT(B67,LEN(B67)-18),0),$J$40:$K$42,3,0),MIN(C67,D67)) -> 0 | I67: =IF(A67<>"",MAX(IF(G67<C67,C67-G67,0)+IF(F67<E67,E67-F67,0),0),0) -> 0 | J67: =IF(D67>C67,"Vyúčtované prostriedky nemôžu byť väčšie ako poskytnuté. Opravte v hárku ""Doklady""","") | K67: =Doklady!F15 | L67: =IF(A67<>"",INDEX(FP!H:H,Doklady!B$2+(ROW()-52)),"") | M67: =K67&L67
A68: =Doklady!D16 | B68: =Doklady!H16 | C68: =IF(A68<>"",INDEX(FP!D:D,Doklady!B$2+(ROW()-53)),"") | D68: =IF(A68<>"",Doklady!I16-Doklady!J16,"") | E68: =IF(A68<>"",MIN(D68,C68)*Doklady!C16/(1-Doklady!C16),"") | F68: =IF(A68<>"",Doklady!J16,"") | G68: =+IFERROR(HLOOKUP(IF(RIGHT(B68,15)="bežné transfery",LEFT(B68,LEN(B68)-18),0),$J$40:$K$42,3,0),MIN(C68,D68)) -> 0 | I68: =IF(A68<>"",MAX(IF(G68<C68,C68-G68,0)+IF(F68<E68,E68-F68,0),0),0) -> 0 | J68: =IF(D68>C68,"Vyúčtované prostriedky nemôžu byť väčšie ako poskytnuté. Opravte v hárku ""Doklady""","") | K68: =Doklady!F16 | L68: =IF(A68<>"",INDEX(FP!H:H,Doklady!B$2+(ROW()-52)),"") | M68: =K68&L68
A69: =Doklady!D17 | B69: =Doklady!H17 | C69: =IF(A69<>"",INDEX(FP!D:D,Doklady!B$2+(ROW()-53)),"") | D69: =IF(A69<>"",Doklady!I17-Doklady!J17,"") | E69: =IF(A69<>"",MIN(D69,C69)*Doklady!C17/(1-Doklady!C17),"") | F69: =IF(A69<>"",Doklady!J17,"") | G69: =+IFERROR(HLOOKUP(IF(RIGHT(B69,15)="bežné transfery",LEFT(B69,LEN(B69)-18),0),$J$40:$K$42,3,0),MIN(C69,D69)) -> 0 | I69: =IF(A69<>"",MAX(IF(G69<C69,C69-G69,0)+IF(F69<E69,E69-F69,0),0),0) -> 0 | J69: =IF(D69>C69,"Vyúčtované prostriedky nemôžu byť väčšie ako poskytnuté. Opravte v hárku ""Doklady""","") | K69: =Doklady!F17 | L69: =IF(A69<>"",INDEX(FP!H:H,Doklady!B$2+(ROW()-52)),"") | M69: =K69&L69
A70: =Doklady!D18 | B70: =Doklady!H18 | C70: =IF(A70<>"",INDEX(FP!D:D,Doklady!B$2+(ROW()-53)),"") | D70: =IF(A70<>"",Doklady!I18-Doklady!J18,"") | E70: =IF(A70<>"",MIN(D70,C70)*Doklady!C18/(1-Doklady!C18),"") | F70: =IF(A70<>"",Doklady!J18,"") | G70: =+IFERROR(HLOOKUP(IF(RIGHT(B70,15)="bežné transfery",LEFT(B70,LEN(B70)-18),0),$J$40:$K$42,3,0),MIN(C70,D70)) -> 0 | I70: =IF(A70<>"",MAX(IF(G70<C70,C70-G70,0)+IF(F70<E70,E70-F70,0),0),0) -> 0 | J70: =IF(D70>C70,"Vyúčtované prostriedky nemôžu byť väčšie ako poskytnuté. Opravte v hárku ""Doklady""","") | K70: =Doklady!F18 | L70: =IF(A70<>"",INDEX(FP!H:H,Doklady!B$2+(ROW()-52)),"") | M70: =K70&L70
A71: =Doklady!D19 | B71: =Doklady!H19 | C71: =IF(A71<>"",INDEX(FP!D:D,Doklady!B$2+(ROW()-53)),"") | D71: =IF(A71<>"",Doklady!I19-Doklady!J19,"") | E71: =IF(A71<>"",MIN(D71,C71)*Doklady!C19/(1-Doklady!C19),"") | F71: =IF(A71<>"",Doklady!J19,"") | G71: =+IFERROR(HLOOKUP(IF(RIGHT(B71,15)="bežné transfery",LEFT(B71,LEN(B71)-18),0),$J$40:$K$42,3,0),MIN(C71,D71)) -> 0 | I71: =IF(A71<>"",MAX(IF(G71<C71,C71-G71,0)+IF(F71<E71,E71-F71,0),0),0) -> 0 | J71: =IF(D71>C71,"Vyúčtované prostriedky nemôžu byť väčšie ako poskytnuté. Opravte v hárku ""Doklady""","") | K71: =Doklady!F19 | L71: =IF(A71<>"",INDEX(FP!H:H,Doklady!B$2+(ROW()-52)),"") | M71: =K71&L71
A72: =Doklady!D20 | B72: =Doklady!H20 | C72: =IF(A72<>"",INDEX(FP!D:D,Doklady!B$2+(ROW()-53)),"") | D72: =IF(A72<>"",Doklady!I20-Doklady!J20,"") | E72: =IF(A72<>"",MIN(D72,C72)*Doklady!C20/(1-Doklady!C20),"") | F72: =IF(A72<>"",Doklady!J20,"") | G72: =+IFERROR(HLOOKUP(IF(RIGHT(B72,15)="bežné transfery",LEFT(B72,LEN(B72)-18),0),$J$40:$K$42,3,0),MIN(C72,D72)) -> 0 | I72: =IF(A72<>"",MAX(IF(G72<C72,C72-G72,0)+IF(F72<E72,E72-F72,0),0),0) -> 0 | J72: =IF(D72>C72,"Vyúčtované prostriedky nemôžu byť väčšie ako poskytnuté. Opravte v hárku ""Doklady""","") | K72: =Doklady!F20 | L72: =IF(A72<>"",INDEX(FP!H:H,Doklady!B$2+(ROW()-52)),"") | M72: =K72&L72
A73: =Doklady!D21 | B73: =Doklady!H21 | C73: =IF(A73<>"",INDEX(FP!D:D,Doklady!B$2+(ROW()-53)),"") | D73: =IF(A73<>"",Doklady!I21-Doklady!J21,"") | E73: =IF(A73<>"",MIN(D73,C73)*Doklady!C21/(1-Doklady!C21),"") | F73: =IF(A73<>"",Doklady!J21,"") | G73: =+IFERROR(HLOOKUP(IF(RIGHT(B73,15)="bežné transfery",LEFT(B73,LEN(B73)-18),0),$J$40:$K$42,3,0),MIN(C73,D73)) -> 0 | I73: =IF(A73<>"",MAX(IF(G73<C73,C73-G73,0)+IF(F73<E73,E73-F73,0),0),0) -> 0 | J73: =IF(D73>C73,"Vyúčtované prostriedky nemôžu byť väčšie ako poskytnuté. Opravte v hárku ""Doklady""","") | K73: =Doklady!F21 | L73: =IF(A73<>"",INDEX(FP!H:H,Doklady!B$2+(ROW()-52)),"") | M73: =K73&L73
A74: =Doklady!D22 | B74: =Doklady!H22 | C74: =IF(A74<>"",INDEX(FP!D:D,Doklady!B$2+(ROW()-53)),"") | D74: =IF(A74<>"",Doklady!I22-Doklady!J22,"") | E74: =IF(A74<>"",MIN(D74,C74)*Doklady!C22/(1-Doklady!C22),"") | F74: =IF(A74<>"",Doklady!J22,"") | G74: =+IFERROR(HLOOKUP(IF(RIGHT(B74,15)="bežné transfery",LEFT(B74,LEN(B74)-18),0),$J$40:$K$42,3,0),MIN(C74,D74)) -> 0 | I74: =IF(A74<>"",MAX(IF(G74<C74,C74-G74,0)+IF(F74<E74,E74-F74,0),0),0) -> 0 | J74: =IF(D74>C74,"Vyúčtované prostriedky nemôžu byť väčšie ako poskytnuté. Opravte v hárku ""Doklady""","") | K74: =Doklady!F22 | L74: =IF(A74<>"",INDEX(FP!H:H,Doklady!B$2+(ROW()-52)),"") | M74: =K74&L74
A75: =Doklady!D23 | B75: =Doklady!H23 | C75: =IF(A75<>"",INDEX(FP!D:D,Doklady!B$2+(ROW()-53)),"") | D75: =IF(A75<>"",Doklady!I23-Doklady!J23,"") | E75: =IF(A75<>"",MIN(D75,C75)*Doklady!C23/(1-Doklady!C23),"") | F75: =IF(A75<>"",Doklady!J23,"") | G75: =+IFERROR(HLOOKUP(IF(RIGHT(B75,15)="bežné transfery",LEFT(B75,LEN(B75)-18),0),$J$40:$K$42,3,0),MIN(C75,D75)) -> 0 | I75: =IF(A75<>"",MAX(IF(G75<C75,C75-G75,0)+IF(F75<E75,E75-F75,0),0),0) -> 0 | J75: =IF(D75>C75,"Vyúčtované prostriedky nemôžu byť väčšie ako poskytnuté. Opravte v hárku ""Doklady""","") | K75: =Doklady!F23 | L75: =IF(A75<>"",INDEX(FP!H:H,Doklady!B$2+(ROW()-52)),"") | M75: =K75&L75
A76: =Doklady!D24 | B76: =Doklady!H24 | C76: =IF(A76<>"",INDEX(FP!D:D,Doklady!B$2+(ROW()-53)),"") | D76: =IF(A76<>"",Doklady!I24-Doklady!J24,"") | E76: =IF(A76<>"",MIN(D76,C76)*Doklady!C24/(1-Doklady!C24),"") | F76: =IF(A76<>"",Doklady!J24,"") | G76: =+IFERROR(HLOOKUP(IF(RIGHT(B76,15)="bežné transfery",LEFT(B76,LEN(B76)-18),0),$J$40:$K$42,3,0),MIN(C76,D76)) -> 0 | I76: =IF(A76<>"",MAX(IF(G76<C76,C76-G76,0)+IF(F76<E76,E76-F76,0),0),0) -> 0 | J76: =IF(D76>C76,"Vyúčtované prostriedky nemôžu byť väčšie ako poskytnuté. Opravte v hárku ""Doklady""","") | K76: =Doklady!F24 | L76: =IF(A76<>"",INDEX(FP!H:H,Doklady!B$2+(ROW()-52)),"") | M76: =K76&L76
... A128: =Doklady!D76 | B128: =Doklady!H76 | C128: =IF(A128<>"",INDEX(FP!D:D,Doklady!B$2+(ROW()-53)),"") | D128: =IF(A128<>"",Doklady!I76-Doklady!J76,"") | E128: =IF(A128<>"",MIN(D128,C128)*Doklady!C76/(1-Doklady!C76),"") | F128: =IF(A128<>"",Doklady!J76,"") | G128: =+IFERROR(HLOOKUP(IF(RIGHT(B128,15)="bežné transfery",LEFT(B128,LEN(B128)-18),0),$J$40:$K$42,3,0),MIN(C128,D128)) -> 0 | I128: =IF(A128<>"",MAX(IF(G128<C128,C128-G128,0)+IF(F128<E128,E128-F128,0),0),0) -> 0 | J128: =IF(D128>C128,"Vyúčtované prostriedky nemôžu byť väčšie ako poskytnuté. Opravte v hárku ""Doklady""","") | K128: =Doklady!F76 | L128: =IF(A128<>"",INDEX(FP!H:H,Doklady!B$2+(ROW()-52)),"") | M128: =K128&L128
J129: =IF(D129>C129,"Vyúčtované prostriedky nemôžu byť väčšie ako poskytnuté. Opravte v hárku ""Doklady""","") | K129: =Doklady!F77 | L129: =IF(A129<>"",INDEX(FP!H:H,Doklady!B$2+(ROW()-52)),"") | M129: =K129&L129
A130: =Doklady!D66 | B130: SPOLU | C130: =SUM(C53:C129) -> 129672 | D130: =SUM(D53:D129) -> 129672 | E130: =SUM(E53:E129) -> 0 | F130: =SUM(F53:F129) -> 0 | G130: =SUM(G53:G129) -> 129672 | H130: =SUM(H53:H129) -> 0 | I130: =SUM(I53:I129) -> 0 | J130: =IF(D130>C130,"Vyúčtované prostriedky nemôžu byť väčšie ako poskytnuté. Opravte v hárku ""Doklady""","")
A132: Čestne vyhlasujem, že
A133: a) všetky uvedené údaje sú pravdivé,
A134: b) dolu podpísaná osoba/osoby je oprávnená/sú oprávnené v súlade so stanovami/zriaďovacou listinou na podpis vyúčtovania finančných prostriedkov poskytnutých v roku 2025.
A135: c) toto vytlačené a podpísané vyúčtovanie je zhodné s hárkom, ktorý sme zaslali na adresu ziadosti.sport@mincrs.sk dňa ....................... o .......... hod. ........ min.
A137: Súhlasím so zhromažďovaním, spracovávaním a zverejňovaním poskytnutých údajov.
A139: Dátum:
B141: Kontaktná osoba zodpovedná za vyplnený formulár meno a priezvisko: Dušan Slanina e-mail: ekonom@judo.sk tel. kontakt (mobil): 0905237382 | D141: Meno, priezvisko a podpis štatutárneho zástupcu/zástupcov oprávneného/oprávnených na podpis žiadosti a zmluvy o poskytnutí finančných prostriedkov v súlade so stanovami, resp. zriaďovacou listinou

Sheet Doklady
A1: =IF(ROW()<=B$3,INDEX(FP!F:F,B$2+ROW()-1)&" - "&INDEX(FP!C:C,B$2+ROW()-1),"") -> a - judo - bežné transfery | B1: =INDEX(Adr!A:A,B102+1) -> 17308518 | C1: =IF(ROW()<=B$3,INDEX(FP!E:E,B$2+ROW()-1),"") -> 0 | D1: =IF(ROW()<=B$3,INDEX(FP!F:F,B$2+ROW()-1),"") -> a | F1: =IF(ROW()<=B$3,INDEX(FP!G:G,B$2+ROW()-1),"") -> 026 02 | H1: =IF(ROW()<=B$3,INDEX(FP!C:C,B$2+ROW()-1),"") -> judo - bežné transfery | I1: =IF(ROW()<=B$3,SUMIF(A$107:A$10042,A1,I$107:I$10042),"") -> 129672 | J1: =IF(ROW()<=B$3,SUMIFS(I$103:I$50042,A$103:A$50042,K1,J$103:J$50042,L1),"") -> 0 | K1: =$A1 -> a - judo - bežné transfery | L1: 99
A2: =IF(ROW()<=B$3,INDEX(FP!F:F,B$2+ROW()-1)&" - "&INDEX(FP!C:C,B$2+ROW()-1),"") | B2: =MATCH(B1,FP!A:A,0) -> 68 | C2: =IF(ROW()<=B$3,INDEX(FP!E:E,B$2+ROW()-1),"") | D2: =IF(ROW()<=B$3,INDEX(FP!F:F,B$2+ROW()-1),"") | F2: =IF(ROW()<=B$3,INDEX(FP!G:G,B$2+ROW()-1),"") | H2: =IF(ROW()<=B$3,INDEX(FP!C:C,B$2+ROW()-1),"") | I2: =IF(ROW()<=B$3,SUMIF(A$107:A$10042,A2,I$107:I$10042),"") | J2: =IF(ROW()<=B$3,SUMIFS(I$103:I$50042,A$103:A$50042,K2,J$103:J$50042,L2),"") | K2: =$A2 | L2: 99 | M2: AAA | N2: HHH
A3: =IF(ROW()<=B$3,INDEX(FP!F:F,B$2+ROW()-1)&" - "&INDEX(FP!C:C,B$2+ROW()-1),"") | B3: =COUNTIF(FP!A:A,Doklady!B1) -> 1 | C3: =IF(ROW()<=B$3,INDEX(FP!E:E,B$2+ROW()-1),"") | D3: =IF(ROW()<=B$3,INDEX(FP!F:F,B$2+ROW()-1),"") | F3: =IF(ROW()<=B$3,INDEX(FP!G:G,B$2+ROW()-1),"") | H3: =IF(ROW()<=B$3,INDEX(FP!C:C,B$2+ROW()-1),"") | I3: =IF(ROW()<=B$3,SUMIF(A$107:A$10042,A3,I$107:I$10042),"") | J3: =IF(ROW()<=B$3,SUMIFS(I$103:I$50042,A$103:A$50042,K3,J$103:J$50042,L3),"") | K3: =$A3 | L3: 99 | M3: =$A2 | N3: 99
A4: =IF(ROW()<=B$3,INDEX(FP!F:F,B$2+ROW()-1)&" - "&INDEX(FP!C:C,B$2+ROW()-1),"") | C4: =IF(ROW()<=B$3,INDEX(FP!E:E,B$2+ROW()-1),"") | D4: =IF(ROW()<=B$3,INDEX(FP!F:F,B$2+ROW()-1),"") | F4: =IF(ROW()<=B$3,INDEX(FP!G:G,B$2+ROW()-1),"") | H4: =IF(ROW()<=B$3,INDEX(FP!C:C,B$2+ROW()-1),"") | I4: =IF(ROW()<=B$3,SUMIF(A$107:A$10042,A4,I$107:I$10042),"") | J4: =IF(ROW()<=B$3,SUMIFS(I$103:I$50042,A$103:A$50042,K4,J$103:J$50042,L4),"") | K4: =$A4 | L4: 99 | M4: AAA | N4: HHH
A5: =IF(ROW()<=B$3,INDEX(FP!F:F,B$2+ROW()-1)&" - "&INDEX(FP!C:C,B$2+ROW()-1),"") | C5: =IF(ROW()<=B$3,INDEX(FP!E:E,B$2+ROW()-1),"") | D5: =IF(ROW()<=B$3,INDEX(FP!F:F,B$2+ROW()-1),"") | F5: =IF(ROW()<=B$3,INDEX(FP!G:G,B$2+ROW()-1),"") | H5: =IF(ROW()<=B$3,INDEX(FP!C:C,B$2+ROW()-1),"") | I5: =IF(ROW()<=B$3,SUMIF(A$107:A$10042,A5,I$107:I$10042),"") | J5: =IF(ROW()<=B$3,SUMIFS(I$103:I$50042,A$103:A$50042,K5,J$103:J$50042,L5),"") | K5: =$A5 | L5: 99 | M5: =$A4 | N5: 99
A6: =IF(ROW()<=B$3,INDEX(FP!F:F,B$2+ROW()-1)&" - "&INDEX(FP!C:C,B$2+ROW()-1),"") | C6: =IF(ROW()<=B$3,INDEX(FP!E:E,B$2+ROW()-1),"") | D6: =IF(ROW()<=B$3,INDEX(FP!F:F,B$2+ROW()-1),"") | F6: =IF(ROW()<=B$3,INDEX(FP!G:G,B$2+ROW()-1),"") | H6: =IF(ROW()<=B$3,INDEX(FP!C:C,B$2+ROW()-1),"") | I6: =IF(ROW()<=B$3,SUMIF(A$107:A$10042,A6,I$107:I$10042),"") | J6: =IF(ROW()<=B$3,SUMIFS(I$103:I$50042,A$103:A$50042,K6,J$103:J$50042,L6),"") | K6: =$A6 | L6: 99 | M6: AAA | N6: HHH
A7: =IF(ROW()<=B$3,INDEX(FP!F:F,B$2+ROW()-1)&" - "&INDEX(FP!C:C,B$2+ROW()-1),"") | C7: =IF(ROW()<=B$3,INDEX(FP!E:E,B$2+ROW()-1),"") | D7: =IF(ROW()<=B$3,INDEX(FP!F:F,B$2+ROW()-1),"") | F7: =IF(ROW()<=B$3,INDEX(FP!G:G,B$2+ROW()-1),"") | H7: =IF(ROW()<=B$3,INDEX(FP!C:C,B$2+ROW()-1),"") | I7: =IF(ROW()<=B$3,SUMIF(A$107:A$10042,A7,I$107:I$10042),"") | J7: =IF(ROW()<=B$3,SUMIFS(I$103:I$50042,A$103:A$50042,K7,J$103:J$50042,L7),"") | K7: =$A7 | L7: 99 | M7: =$A6 | N7: 99
A8: =IF(ROW()<=B$3,INDEX(FP!F:F,B$2+ROW()-1)&" - "&INDEX(FP!C:C,B$2+ROW()-1),"") | C8: =IF(ROW()<=B$3,INDEX(FP!E:E,B$2+ROW()-1),"") | D8: =IF(ROW()<=B$3,INDEX(FP!F:F,B$2+ROW()-1),"") | F8: =IF(ROW()<=B$3,INDEX(FP!G:G,B$2+ROW()-1),"") | H8: =IF(ROW()<=B$3,INDEX(FP!C:C,B$2+ROW()-1),"") | I8: =IF(ROW()<=B$3,SUMIF(A$107:A$10042,A8,I$107:I$10042),"") | J8: =IF(ROW()<=B$3,SUMIFS(I$103:I$50042,A$103:A$50042,K8,J$103:J$50042,L8),"") | K8: =$A8 | L8: 99 | M8: AAA | N8: HHH
A9: =IF(ROW()<=B$3,INDEX(FP!F:F,B$2+ROW()-1)&" - "&INDEX(FP!C:C,B$2+ROW()-1),"") | C9: =IF(ROW()<=B$3,INDEX(FP!E:E,B$2+ROW()-1),"") | D9: =IF(ROW()<=B$3,INDEX(FP!F:F,B$2+ROW()-1),"") | F9: =IF(ROW()<=B$3,INDEX(FP!G:G,B$2+ROW()-1),"") | H9: =IF(ROW()<=B$3,INDEX(FP!C:C,B$2+ROW()-1),"") | I9: =IF(ROW()<=B$3,SUMIF(A$107:A$10042,A9,I$107:I$10042),"") | J9: =IF(ROW()<=B$3,SUMIFS(I$103:I$50042,A$103:A$50042,K9,J$103:J$50042,L9),"") | K9: =$A9 | L9: 99 | M9: =$A8 | N9: 99
A10: =IF(ROW()<=B$3,INDEX(FP!F:F,B$2+ROW()-1)&" - "&INDEX(FP!C:C,B$2+ROW()-1),"") | C10: =IF(ROW()<=B$3,INDEX(FP!E:E,B$2+ROW()-1),"") | D10: =IF(ROW()<=B$3,INDEX(FP!F:F,B$2+ROW()-1),"") | F10: =IF(ROW()<=B$3,INDEX(FP!G:G,B$2+ROW()-1),"") | H10: =IF(ROW()<=B$3,INDEX(FP!C:C,B$2+ROW()-1),"") | I10: =IF(ROW()<=B$3,SUMIF(A$107:A$10042,A10,I$107:I$10042),"") | J10: =IF(ROW()<=B$3,SUMIFS(I$103:I$50042,A$103:A$50042,K10,J$103:J$50042,L10),"") | K10: =$A10 | L10: 99 | M10: AAA | N10: HHH
A11: =IF(ROW()<=B$3,INDEX(FP!F:F,B$2+ROW()-1)&" - "&INDEX(FP!C:C,B$2+ROW()-1),"") | C11: =IF(ROW()<=B$3,INDEX(FP!E:E,B$2+ROW()-1),"") | D11: =IF(ROW()<=B$3,INDEX(FP!F:F,B$2+ROW()-1),"") | F11: =IF(ROW()<=B$3,INDEX(FP!G:G,B$2+ROW()-1),"") | H11: =IF(ROW()<=B$3,INDEX(FP!C:C,B$2+ROW()-1),"") | I11: =IF(ROW()<=B$3,SUMIF(A$107:A$10042,A11,I$107:I$10042),"") | J11: =IF(ROW()<=B$3,SUMIFS(I$103:I$50042,A$103:A$50042,K11,J$103:J$50042,L11),"") | K11: =$A11 | L11: 99 | M11: =$A10 | N11: 99
A12: =IF(ROW()<=B$3,INDEX(FP!F:F,B$2+ROW()-1)&" - "&INDEX(FP!C:C,B$2+ROW()-1),"") | C12: =IF(ROW()<=B$3,INDEX(FP!E:E,B$2+ROW()-1),"") | D12: =IF(ROW()<=B$3,INDEX(FP!F:F,B$2+ROW()-1),"") | F12: =IF(ROW()<=B$3,INDEX(FP!G:G,B$2+ROW()-1),"") | H12: =IF(ROW()<=B$3,INDEX(FP!C:C,B$2+ROW()-1),"") | I12: =IF(ROW()<=B$3,SUMIF(A$107:A$10042,A12,I$107:I$10042),"") | J12: =IF(ROW()<=B$3,SUMIFS(I$103:I$50042,A$103:A$50042,K12,J$103:J$50042,L12),"") | K12: =$A12 | L12: 99 | M12: AAA | N12: HHH
A13: =IF(ROW()<=B$3,INDEX(FP!F:F,B$2+ROW()-1)&" - "&INDEX(FP!C:C,B$2+ROW()-1),"") | C13: =IF(ROW()<=B$3,INDEX(FP!E:E,B$2+ROW()-1),"") | D13: =IF(ROW()<=B$3,INDEX(FP!F:F,B$2+ROW()-1),"") | F13: =IF(ROW()<=B$3,INDEX(FP!G:G,B$2+ROW()-1),"") | H13: =IF(ROW()<=B$3,INDEX(FP!C:C,B$2+ROW()-1),"") | I13: =IF(ROW()<=B$3,SUMIF(A$107:A$10042,A13,I$107:I$10042),"") | J13: =IF(ROW()<=B$3,SUMIFS(I$103:I$50042,A$103:A$50042,K13,J$103:J$50042,L13),"") | K13: =$A13 | L13: 99 | M13: =$A12 | N13: 99
A14: =IF(ROW()<=B$3,INDEX(FP!F:F,B$2+ROW()-1)&" - "&INDEX(FP!C:C,B$2+ROW()-1),"") | C14: =IF(ROW()<=B$3,INDEX(FP!E:E,B$2+ROW()-1),"") | D14: =IF(ROW()<=B$3,INDEX(FP!F:F,B$2+ROW()-1),"") | F14: =IF(ROW()<=B$3,INDEX(FP!G:G,B$2+ROW()-1),"") | H14: =IF(ROW()<=B$3,INDEX(FP!C:C,B$2+ROW()-1),"") | I14: =IF(ROW()<=B$3,SUMIF(A$107:A$10042,A14,I$107:I$10042),"") | J14: =IF(ROW()<=B$3,SUMIFS(I$103:I$50042,A$103:A$50042,K14,J$103:J$50042,L14),"") | K14: =$A14 | L14: 99 | M14: AAA | N14: HHH
A15: =IF(ROW()<=B$3,INDEX(FP!F:F,B$2+ROW()-1)&" - "&INDEX(FP!C:C,B$2+ROW()-1),"") | C15: =IF(ROW()<=B$3,INDEX(FP!E:E,B$2+ROW()-1),"") | D15: =IF(ROW()<=B$3,INDEX(FP!F:F,B$2+ROW()-1),"") | F15: =IF(ROW()<=B$3,INDEX(FP!G:G,B$2+ROW()-1),"") | H15: =IF(ROW()<=B$3,INDEX(FP!C:C,B$2+ROW()-1),"") | I15: =IF(ROW()<=B$3,SUMIF(A$107:A$10042,A15,I$107:I$10042),"") | J15: =IF(ROW()<=B$3,SUMIFS(I$103:I$50042,A$103:A$50042,K15,J$103:J$50042,L15),"") | K15: =$A15 | L15: 99 | M15: =$A14 | N15: 99
A16: =IF(ROW()<=B$3,INDEX(FP!F:F,B$2+ROW()-1)&" - "&INDEX(FP!C:C,B$2+ROW()-1),"") | C16: =IF(ROW()<=B$3,INDEX(FP!E:E,B$2+ROW()-1),"") | D16: =IF(ROW()<=B$3,INDEX(FP!F:F,B$2+ROW()-1),"") | F16: =IF(ROW()<=B$3,INDEX(FP!G:G,B$2+ROW()-1),"") | H16: =IF(ROW()<=B$3,INDEX(FP!C:C,B$2+ROW()-1),"") | I16: =IF(ROW()<=B$3,SUMIF(A$107:A$10042,A16,I$107:I$10042),"") | J16: =IF(ROW()<=B$3,SUMIFS(I$103:I$50042,A$103:A$50042,K16,J$103:J$50042,L16),"") | K16: =$A16 | L16: 99 | M16: AAA | N16: HHH
A17: =IF(ROW()<=B$3,INDEX(FP!F:F,B$2+ROW()-1)&" - "&INDEX(FP!C:C,B$2+ROW()-1),"") | C17: =IF(ROW()<=B$3,INDEX(FP!E:E,B$2+ROW()-1),"") | D17: =IF(ROW()<=B$3,INDEX(FP!F:F,B$2+ROW()-1),"") | F17: =IF(ROW()<=B$3,INDEX(FP!G:G,B$2+ROW()-1),"") | H17: =IF(ROW()<=B$3,INDEX(FP!C:C,B$2+ROW()-1),"") | I17: =IF(ROW()<=B$3,SUMIF(A$107:A$10042,A17,I$107:I$10042),"") | J17: =IF(ROW()<=B$3,SUMIFS(I$103:I$50042,A$103:A$50042,K17,J$103:J$50042,L17),"") | K17: =$A17 | L17: 99 | M17: =$A16 | N17: 99
A18: =IF(ROW()<=B$3,INDEX(FP!F:F,B$2+ROW()-1)&" - "&INDEX(FP!C:C,B$2+ROW()-1),"") | C18: =IF(ROW()<=B$3,INDEX(FP!E:E,B$2+ROW()-1),"") | D18: =IF(ROW()<=B$3,INDEX(FP!F:F,B$2+ROW()-1),"") | F18: =IF(ROW()<=B$3,INDEX(FP!G:G,B$2+ROW()-1),"") | H18: =IF(ROW()<=B$3,INDEX(FP!C:C,B$2+ROW()-1),"") | I18: =IF(ROW()<=B$3,SUMIF(A$107:A$10042,A18,I$107:I$10042),"") | J18: =IF(ROW()<=B$3,SUMIFS(I$103:I$50042,A$103:A$50042,K18,J$103:J$50042,L18),"") | K18: =$A18 | L18: 99 | M18: AAA | N18: HHH
A19: =IF(ROW()<=B$3,INDEX(FP!F:F,B$2+ROW()-1)&" - "&INDEX(FP!C:C,B$2+ROW()-1),"") | C19: =IF(ROW()<=B$3,INDEX(FP!E:E,B$2+ROW()-1),"") | D19: =IF(ROW()<=B$3,INDEX(FP!F:F,B$2+ROW()-1),"") | F19: =IF(ROW()<=B$3,INDEX(FP!G:G,B$2+ROW()-1),"") | H19: =IF(ROW()<=B$3,INDEX(FP!C:C,B$2+ROW()-1),"") | I19: =IF(ROW()<=B$3,SUMIF(A$107:A$10042,A19,I$107:I$10042),"") | J19: =IF(ROW()<=B$3,SUMIFS(I$103:I$50042,A$103:A$50042,K19,J$103:J$50042,L19),"") | K19: =$A19 | L19: 99 | M19: =$A18 | N19: 99
A20: =IF(ROW()<=B$3,INDEX(FP!F:F,B$2+ROW()-1)&" - "&INDEX(FP!C:C,B$2+ROW()-1),"") | C20: =IF(ROW()<=B$3,INDEX(FP!E:E,B$2+ROW()-1),"") | D20: =IF(ROW()<=B$3,INDEX(FP!F:F,B$2+ROW()-1),"") | F20: =IF(ROW()<=B$3,INDEX(FP!G:G,B$2+ROW()-1),"") | H20: =IF(ROW()<=B$3,INDEX(FP!C:C,B$2+ROW()-1),"") | I20: =IF(ROW()<=B$3,SUMIF(A$107:A$10042,A20,I$107:I$10042),"") | J20: =IF(ROW()<=B$3,SUMIFS(I$103:I$50042,A$103:A$50042,K20,J$103:J$50042,L20),"") | K20: =$A20 | L20: 99 | M20: AAA | N20: HHH
A21: =IF(ROW()<=B$3,INDEX(FP!F:F,B$2+ROW()-1)&" - "&INDEX(FP!C:C,B$2+ROW()-1),"") | C21: =IF(ROW()<=B$3,INDEX(FP!E:E,B$2+ROW()-1),"") | D21: =IF(ROW()<=B$3,INDEX(FP!F:F,B$2+ROW()-1),"") | F21: =IF(ROW()<=B$3,INDEX(FP!G:G,B$2+ROW()-1),"") | H21: =IF(ROW()<=B$3,INDEX(FP!C:C,B$2+ROW()-1),"") | I21: =IF(ROW()<=B$3,SUMIF(A$107:A$10042,A21,I$107:I$10042),"") | J21: =IF(ROW()<=B$3,SUMIFS(I$103:I$50042,A$103:A$50042,K21,J$103:J$50042,L21),"") | K21: =$A21 | L21: 99 | M21: =$A20 | N21: 99
A22: =IF(ROW()<=B$3,INDEX(FP!F:F,B$2+ROW()-1)&" - "&INDEX(FP!C:C,B$2+ROW()-1),"") | C22: =IF(ROW()<=B$3,INDEX(FP!E:E,B$2+ROW()-1),"") | D22: =IF(ROW()<=B$3,INDEX(FP!F:F,B$2+ROW()-1),"") | F22: =IF(ROW()<=B$3,INDEX(FP!G:G,B$2+ROW()-1),"") | H22: =IF(ROW()<=B$3,INDEX(FP!C:C,B$2+ROW()-1),"") | I22: =IF(ROW()<=B$3,SUMIF(A$107:A$10042,A22,I$107:I$10042),"") | J22: =IF(ROW()<=B$3,SUMIFS(I$103:I$50042,A$103:A$50042,K22,J$103:J$50042,L22),"") | K22: =$A22 | L22: 99 | M22: AAA | N22: HHH
A23: =IF(ROW()<=B$3,INDEX(FP!F:F,B$2+ROW()-1)&" - "&INDEX(FP!C:C,B$2+ROW()-1),"") | C23: =IF(ROW()<=B$3,INDEX(FP!E:E,B$2+ROW()-1),"") | D23: =IF(ROW()<=B$3,INDEX(FP!F:F,B$2+ROW()-1),"") | F23: =IF(ROW()<=B$3,INDEX(FP!G:G,B$2+ROW()-1),"") | H23: =IF(ROW()<=B$3,INDEX(FP!C:C,B$2+ROW()-1),"") | I23: =IF(ROW()<=B$3,SUMIF(A$107:A$10042,A23,I$107:I$10042),"") | J23: =IF(ROW()<=B$3,SUMIFS(I$103:I$50042,A$103:A$50042,K23,J$103:J$50042,L23),"") | K23: =$A23 | L23: 99 | M23: =$A22 | N23: 99
A24: =IF(ROW()<=B$3,INDEX(FP!F:F,B$2+ROW()-1)&" - "&INDEX(FP!C:C,B$2+ROW()-1),"") | C24: =IF(ROW()<=B$3,INDEX(FP!E:E,B$2+ROW()-1),"") | D24: =IF(ROW()<=B$3,INDEX(FP!F:F,B$2+ROW()-1),"") | F24: =IF(ROW()<=B$3,INDEX(FP!G:G,B$2+ROW()-1),"") | H24: =IF(ROW()<=B$3,INDEX(FP!C:C,B$2+ROW()-1),"") | I24: =IF(ROW()<=B$3,SUMIF(A$107:A$10042,A24,I$107:I$10042),"") | J24: =IF(ROW()<=B$3,SUMIFS(I$103:I$50042,A$103:A$50042,K24,J$103:J$50042,L24),"") | K24: =$A24 | L24: 99 | M24: AAA | N24: HHH
A25: =IF(ROW()<=B$3,INDEX(FP!F:F,B$2+ROW()-1)&" - "&INDEX(FP!C:C,B$2+ROW()-1),"") | C25: =IF(ROW()<=B$3,INDEX(FP!E:E,B$2+ROW()-1),"") | D25: =IF(ROW()<=B$3,INDEX(FP!F:F,B$2+ROW()-1),"") | F25: =IF(ROW()<=B$3,INDEX(FP!G:G,B$2+ROW()-1),"") | H25: =IF(ROW()<=B$3,INDEX(FP!C:C,B$2+ROW()-1),"") | I25: =IF(ROW()<=B$3,SUMIF(A$107:A$10042,A25,I$107:I$10042),"") | J25: =IF(ROW()<=B$3,SUMIFS(I$103:I$50042,A$103:A$50042,K25,J$103:J$50042,L25),"") | K25: =$A25 | L25: 99 | M25: =$A24 | N25: 99
A26: =IF(ROW()<=B$3,INDEX(FP!F:F,B$2+ROW()-1)&" - "&INDEX(FP!C:C,B$2+ROW()-1),"") | C26: =IF(ROW()<=B$3,INDEX(FP!E:E,B$2+ROW()-1),"") | D26: =IF(ROW()<=B$3,INDEX(FP!F:F,B$2+ROW()-1),"") | F26: =IF(ROW()<=B$3,INDEX(FP!G:G,B$2+ROW()-1),"") | H26: =IF(ROW()<=B$3,INDEX(FP!C:C,B$2+ROW()-1),"") | I26: =IF(ROW()<=B$3,SUMIF(A$107:A$10042,A26,I$107:I$10042),"") | J26: =IF(ROW()<=B$3,SUMIFS(I$103:I$50042,A$103:A$50042,K26,J$103:J$50042,L26),"") | K26: =$A26 | L26: 99 | M26: AAA | N26: HHH
A27: =IF(ROW()<=B$3,INDEX(FP!F:F,B$2+ROW()-1)&" - "&INDEX(FP!C:C,B$2+ROW()-1),"") | C27: =IF(ROW()<=B$3,INDEX(FP!E:E,B$2+ROW()-1),"") | D27: =IF(ROW()<=B$3,INDEX(FP!F:F,B$2+ROW()-1),"") | F27: =IF(ROW()<=B$3,INDEX(FP!G:G,B$2+ROW()-1),"") | H27: =IF(ROW()<=B$3,INDEX(FP!C:C,B$2+ROW()-1),"") | I27: =IF(ROW()<=B$3,SUMIF(A$107:A$10042,A27,I$107:I$10042),"") | J27: =IF(ROW()<=B$3,SUMIFS(I$103:I$50042,A$103:A$50042,K27,J$103:J$50042,L27),"") | K27: =$A27 | L27: 99 | M27: =$A26 | N27: 99
A28: =IF(ROW()<=B$3,INDEX(FP!F:F,B$2+ROW()-1)&" - "&INDEX(FP!C:C,B$2+ROW()-1),"") | C28: =IF(ROW()<=B$3,INDEX(FP!E:E,B$2+ROW()-1),"") | D28: =IF(ROW()<=B$3,INDEX(FP!F:F,B$2+ROW()-1),"") | F28: =IF(ROW()<=B$3,INDEX(FP!G:G,B$2+ROW()-1),"") | H28: =IF(ROW()<=B$3,INDEX(FP!C:C,B$2+ROW()-1),"") | I28: =IF(ROW()<=B$3,SUMIF(A$107:A$10042,A28,I$107:I$10042),"") | J28: =IF(ROW()<=B$3,SUMIFS(I$103:I$50042,A$103:A$50042,K28,J$103:J$50042,L28),"") | K28: =$A28 | L28: 99 | M28: AAA | N28: HHH
A29: =IF(ROW()<=B$3,INDEX(FP!F:F,B$2+ROW()-1)&" - "&INDEX(FP!C:C,B$2+ROW()-1),"") | C29: =IF(ROW()<=B$3,INDEX(FP!E:E,B$2+ROW()-1),"") | D29: =IF(ROW()<=B$3,INDEX(FP!F:F,B$2+ROW()-1),"") | F29: =IF(ROW()<=B$3,INDEX(FP!G:G,B$2+ROW()-1),"") | H29: =IF(ROW()<=B$3,INDEX(FP!C:C,B$2+ROW()-1),"") | I29: =IF(ROW()<=B$3,SUMIF(A$107:A$10042,A29,I$107:I$10042),"") | J29: =IF(ROW()<=B$3,SUMIFS(I$103:I$50042,A$103:A$50042,K29,J$103:J$50042,L29),"") | K29: =$A29 | L29: 99 | M29: =$A28 | N29: 99
A30: =IF(ROW()<=B$3,INDEX(FP!F:F,B$2+ROW()-1)&" - "&INDEX(FP!C:C,B$2+ROW()-1),"") | C30: =IF(ROW()<=B$3,INDEX(FP!E:E,B$2+ROW()-1),"") | D30: =IF(ROW()<=B$3,INDEX(FP!F:F,B$2+ROW()-1),"") | F30: =IF(ROW()<=B$3,INDEX(FP!G:G,B$2+ROW()-1),"") | H30: =IF(ROW()<=B$3,INDEX(FP!C:C,B$2+ROW()-1),"") | I30: =IF(ROW()<=B$3,SUMIF(A$107:A$10042,A30,I$107:I$10042),"") | J30: =IF(ROW()<=B$3,SUMIFS(I$103:I$50042,A$103:A$50042,K30,J$103:J$50042,L30),"") | K30: =$A30 | L30: 99 | M30: AAA | N30: HHH
A31: =IF(ROW()<=B$3,INDEX(FP!F:F,B$2+ROW()-1)&" - "&INDEX(FP!C:C,B$2+ROW()-1),"") | C31: =IF(ROW()<=B$3,INDEX(FP!E:E,B$2+ROW()-1),"") | D31: =IF(ROW()<=B$3,INDEX(FP!F:F,B$2+ROW()-1),"") | F31: =IF(ROW()<=B$3,INDEX(FP!G:G,B$2+ROW()-1),"") | H31: =IF(ROW()<=B$3,INDEX(FP!C:C,B$2+ROW()-1),"") | I31: =IF(ROW()<=B$3,SUMIF(A$107:A$10042,A31,I$107:I$10042),"") | J31: =IF(ROW()<=B$3,SUMIFS(I$103:I$50042,A$103:A$50042,K31,J$103:J$50042,L31),"") | K31: =$A31 | L31: 99 | M31: =$A30 | N31: 99
A32: =IF(ROW()<=B$3,INDEX(FP!F:F,B$2+ROW()-1)&" - "&INDEX(FP!C:C,B$2+ROW()-1),"") | C32: =IF(ROW()<=B$3,INDEX(FP!E:E,B$2+ROW()-1),"") | D32: =IF(ROW()<=B$3,INDEX(FP!F:F,B$2+ROW()-1),"") | F32: =IF(ROW()<=B$3,INDEX(FP!G:G,B$2+ROW()-1),"") | H32: =IF(ROW()<=B$3,INDEX(FP!C:C,B$2+ROW()-1),"") | I32: =IF(ROW()<=B$3,SUMIF(A$107:A$10042,A32,I$107:I$10042),"") | J32: =IF(ROW()<=B$3,SUMIFS(I$103:I$50042,A$103:A$50042,K32,J$103:J$50042,L32),"") | K32: =$A32 | L32: 99 | M32: AAA | N32: HHH
A33: =IF(ROW()<=B$3,INDEX(FP!F:F,B$2+ROW()-1)&" - "&INDEX(FP!C:C,B$2+ROW()-1),"") | C33: =IF(ROW()<=B$3,INDEX(FP!E:E,B$2+ROW()-1),"") | D33: =IF(ROW()<=B$3,INDEX(FP!F:F,B$2+ROW()-1),"") | F33: =IF(ROW()<=B$3,INDEX(FP!G:G,B$2+ROW()-1),"") | H33: =IF(ROW()<=B$3,INDEX(FP!C:C,B$2+ROW()-1),"") | I33: =IF(ROW()<=B$3,SUMIF(A$107:A$10042,A33,I$107:I$10042),"") | J33: =IF(ROW()<=B$3,SUMIFS(I$103:I$50042,A$103:A$50042,K33,J$103:J$50042,L33),"") | K33: =$A33 | L33: 99 | M33: =$A32 | N33: 99
A34: =IF(ROW()<=B$3,INDEX(FP!F:F,B$2+ROW()-1)&" - "&INDEX(FP!C:C,B$2+ROW()-1),"") | C34: =IF(ROW()<=B$3,INDEX(FP!E:E,B$2+ROW()-1),"") | D34: =IF(ROW()<=B$3,INDEX(FP!F:F,B$2+ROW()-1),"") | F34: =IF(ROW()<=B$3,INDEX(FP!G:G,B$2+ROW()-1),"") | H34: =IF(ROW()<=B$3,INDEX(FP!C:C,B$2+ROW()-1),"") | I34: =IF(ROW()<=B$3,SUMIF(A$107:A$10042,A34,I$107:I$10042),"") | J34: =IF(ROW()<=B$3,SUMIFS(I$103:I$50042,A$103:A$50042,K34,J$103:J$50042,L34),"") | K34: =$A34 | L34: 99 | M34: AAA | N34: HHH
A35: =IF(ROW()<=B$3,INDEX(FP!F:F,B$2+ROW()-1)&" - "&INDEX(FP!C:C,B$2+ROW()-1),"") | C35: =IF(ROW()<=B$3,INDEX(FP!E:E,B$2+ROW()-1),"") | D35: =IF(ROW()<=B$3,INDEX(FP!F:F,B$2+ROW()-1),"") | F35: =IF(ROW()<=B$3,INDEX(FP!G:G,B$2+ROW()-1),"") | H35: =IF(ROW()<=B$3,INDEX(FP!C:C,B$2+ROW()-1),"") | I35: =IF(ROW()<=B$3,SUMIF(A$107:A$10042,A35,I$107:I$10042),"") | J35: =IF(ROW()<=B$3,SUMIFS(I$103:I$50042,A$103:A$50042,K35,J$103:J$50042,L35),"") | K35: =$A35 | L35: 99 | M35: =$A34 | N35: 99
A36: =IF(ROW()<=B$3,INDEX(FP!F:F,B$2+ROW()-1)&" - "&INDEX(FP!C:C,B$2+ROW()-1),"") | C36: =IF(ROW()<=B$3,INDEX(FP!E:E,B$2+ROW()-1),"") | D36: =IF(ROW()<=B$3,INDEX(FP!F:F,B$2+ROW()-1),"") | F36: =IF(ROW()<=B$3,INDEX(FP!G:G,B$2+ROW()-1),"") | H36: =IF(ROW()<=B$3,INDEX(FP!C:C,B$2+ROW()-1),"") | I36: =IF(ROW()<=B$3,SUMIF(A$107:A$10042,A36,I$107:I$10042),"") | J36: =IF(ROW()<=B$3,SUMIFS(I$103:I$50042,A$103:A$50042,K36,J$103:J$50042,L36),"") | K36: =$A36 | L36: 99 | M36: AAA | N36: HHH
A37: =IF(ROW()<=B$3,INDEX(FP!F:F,B$2+ROW()-1)&" - "&INDEX(FP!C:C,B$2+ROW()-1),"") | C37: =IF(ROW()<=B$3,INDEX(FP!E:E,B$2+ROW()-1),"") | D37: =IF(ROW()<=B$3,INDEX(FP!F:F,B$2+ROW()-1),"") | F37: =IF(ROW()<=B$3,INDEX(FP!G:G,B$2+ROW()-1),"") | H37: =IF(ROW()<=B$3,INDEX(FP!C:C,B$2+ROW()-1),"") | I37: =IF(ROW()<=B$3,SUMIF(A$107:A$10042,A37,I$107:I$10042),"") | J37: =IF(ROW()<=B$3,SUMIFS(I$103:I$50042,A$103:A$50042,K37,J$103:J$50042,L37),"") | K37: =$A37 | L37: 99 | M37: =$A36 | N37: 99
A38: =IF(ROW()<=B$3,INDEX(FP!F:F,B$2+ROW()-1)&" - "&INDEX(FP!C:C,B$2+ROW()-1),"") | C38: =IF(ROW()<=B$3,INDEX(FP!E:E,B$2+ROW()-1),"") | D38: =IF(ROW()<=B$3,INDEX(FP!F:F,B$2+ROW()-1),"") | F38: =IF(ROW()<=B$3,INDEX(FP!G:G,B$2+ROW()-1),"") | H38: =IF(ROW()<=B$3,INDEX(FP!C:C,B$2+ROW()-1),"") | I38: =IF(ROW()<=B$3,SUMIF(A$107:A$10042,A38,I$107:I$10042),"") | J38: =IF(ROW()<=B$3,SUMIFS(I$103:I$50042,A$103:A$50042,K38,J$103:J$50042,L38),"") | K38: =$A38 | L38: 99 | M38: AAA | N38: HHH
A39: =IF(ROW()<=B$3,INDEX(FP!F:F,B$2+ROW()-1)&" - "&INDEX(FP!C:C,B$2+ROW()-1),"") | C39: =IF(ROW()<=B$3,INDEX(FP!E:E,B$2+ROW()-1),"") | D39: =IF(ROW()<=B$3,INDEX(FP!F:F,B$2+ROW()-1),"") | F39: =IF(ROW()<=B$3,INDEX(FP!G:G,B$2+ROW()-1),"") | H39: =IF(ROW()<=B$3,INDEX(FP!C:C,B$2+ROW()-1),"") | I39: =IF(ROW()<=B$3,SUMIF(A$107:A$10042,A39,I$107:I$10042),"") | J39: =IF(ROW()<=B$3,SUMIFS(I$103:I$50042,A$103:A$50042,K39,J$103:J$50042,L39),"") | K39: =$A39 | L39: 99 | M39: =$A38 | N39: 99
A40: =IF(ROW()<=B$3,INDEX(FP!F:F,B$2+ROW()-1)&" - "&INDEX(FP!C:C,B$2+ROW()-1),"") | C40: =IF(ROW()<=B$3,INDEX(FP!E:E,B$2+ROW()-1),"") | D40: =IF(ROW()<=B$3,INDEX(FP!F:F,B$2+ROW()-1),"") | F40: =IF(ROW()<=B$3,INDEX(FP!G:G,B$2+ROW()-1),"") | H40: =IF(ROW()<=B$3,INDEX(FP!C:C,B$2+ROW()-1),"") | I40: =IF(ROW()<=B$3,SUMIF(A$107:A$10042,A40,I$107:I$10042),"") | J40: =IF(ROW()<=B$3,SUMIFS(I$103:I$50042,A$103:A$50042,K40,J$103:J$50042,L40),"") | K40: =$A40 | L40: 99 | M40: AAA | N40: HHH
A41: =IF(ROW()<=B$3,INDEX(FP!F:F,B$2+ROW()-1)&" - "&INDEX(FP!C:C,B$2+ROW()-1),"") | C41: =IF(ROW()<=B$3,INDEX(FP!E:E,B$2+ROW()-1),"") | D41: =IF(ROW()<=B$3,INDEX(FP!F:F,B$2+ROW()-1),"") | F41: =IF(ROW()<=B$3,INDEX(FP!G:G,B$2+ROW()-1),"") | H41: =IF(ROW()<=B$3,INDEX(FP!C:C,B$2+ROW()-1),"") | I41: =IF(ROW()<=B$3,SUMIF(A$107:A$10042,A41,I$107:I$10042),"") | J41: =IF(ROW()<=B$3,SUMIFS(I$103:I$50042,A$103:A$50042,K41,J$103:J$50042,L41),"") | K41: =$A41 | L41: 99 | M41: =$A40 | N41: 99
A42: =IF(ROW()<=B$3,INDEX(FP!F:F,B$2+ROW()-1)&" - "&INDEX(FP!C:C,B$2+ROW()-1),"") | C42: =IF(ROW()<=B$3,INDEX(FP!E:E,B$2+ROW()-1),"") | D42: =IF(ROW()<=B$3,INDEX(FP!F:F,B$2+ROW()-1),"") | F42: =IF(ROW()<=B$3,INDEX(FP!G:G,B$2+ROW()-1),"") | H42: =IF(ROW()<=B$3,INDEX(FP!C:C,B$2+ROW()-1),"") | I42: =IF(ROW()<=B$3,SUMIF(A$107:A$10042,A42,I$107:I$10042),"") | J42: =IF(ROW()<=B$3,SUMIFS(I$103:I$50042,A$103:A$50042,K42,J$103:J$50042,L42),"") | K42: =$A42 | L42: 99 | M42: AAA | N42: HHH
A43: =IF(ROW()<=B$3,INDEX(FP!F:F,B$2+ROW()-1)&" - "&INDEX(FP!C:C,B$2+ROW()-1),"") | C43: =IF(ROW()<=B$3,INDEX(FP!E:E,B$2+ROW()-1),"") | D43: =IF(ROW()<=B$3,INDEX(FP!F:F,B$2+ROW()-1),"") | F43: =IF(ROW()<=B$3,INDEX(FP!G:G,B$2+ROW()-1),"") | H43: =IF(ROW()<=B$3,INDEX(FP!C:C,B$2+ROW()-1),"") | I43: =IF(ROW()<=B$3,SUMIF(A$107:A$10042,A43,I$107:I$10042),"") | J43: =IF(ROW()<=B$3,SUMIFS(I$103:I$50042,A$103:A$50042,K43,J$103:J$50042,L43),"") | K43: =$A43 | L43: 99 | M43: =$A42 | N43: 99
A44: =IF(ROW()<=B$3,INDEX(FP!F:F,B$2+ROW()-1)&" - "&INDEX(FP!C:C,B$2+ROW()-1),"") | C44: =IF(ROW()<=B$3,INDEX(FP!E:E,B$2+ROW()-1),"") | D44: =IF(ROW()<=B$3,INDEX(FP!F:F,B$2+ROW()-1),"") | F44: =IF(ROW()<=B$3,INDEX(FP!G:G,B$2+ROW()-1),"") | H44: =IF(ROW()<=B$3,INDEX(FP!C:C,B$2+ROW()-1),"") | I44: =IF(ROW()<=B$3,SUMIF(A$107:A$10042,A44,I$107:I$10042),"") | J44: =IF(ROW()<=B$3,SUMIFS(I$103:I$50042,A$103:A$50042,K44,J$103:J$50042,L44),"") | K44: =$A44 | L44: 99 | M44: AAA | N44: HHH
A45: =IF(ROW()<=B$3,INDEX(FP!F:F,B$2+ROW()-1)&" - "&INDEX(FP!C:C,B$2+ROW()-1),"") | C45: =IF(ROW()<=B$3,INDEX(FP!E:E,B$2+ROW()-1),"") | D45: =IF(ROW()<=B$3,INDEX(FP!F:F,B$2+ROW()-1),"") | F45: =IF(ROW()<=B$3,INDEX(FP!G:G,B$2+ROW()-1),"") | H45: =IF(ROW()<=B$3,INDEX(FP!C:C,B$2+ROW()-1),"") | I45: =IF(ROW()<=B$3,SUMIF(A$107:A$10042,A45,I$107:I$10042),"") | J45: =IF(ROW()<=B$3,SUMIFS(I$103:I$50042,A$103:A$50042,K45,J$103:J$50042,L45),"") | K45: =$A45 | L45: 99 | M45: =$A44 | N45: 99
A46: =IF(ROW()<=B$3,INDEX(FP!F:F,B$2+ROW()-1)&" - "&INDEX(FP!C:C,B$2+ROW()-1),"") | C46: =IF(ROW()<=B$3,INDEX(FP!E:E,B$2+ROW()-1),"") | D46: =IF(ROW()<=B$3,INDEX(FP!F:F,B$2+ROW()-1),"") | F46: =IF(ROW()<=B$3,INDEX(FP!G:G,B$2+ROW()-1),"") | H46: =IF(ROW()<=B$3,INDEX(FP!C:C,B$2+ROW()-1),"") | I46: =IF(ROW()<=B$3,SUMIF(A$107:A$10042,A46,I$107:I$10042),"") | J46: =IF(ROW()<=B$3,SUMIFS(I$103:I$50042,A$103:A$50042,K46,J$103:J$50042,L46),"") | K46: =$A46 | L46: 99 | M46: AAA | N46: HHH
A47: =IF(ROW()<=B$3,INDEX(FP!F:F,B$2+ROW()-1)&" - "&INDEX(FP!C:C,B$2+ROW()-1),"") | C47: =IF(ROW()<=B$3,INDEX(FP!E:E,B$2+ROW()-1),"") | D47: =IF(ROW()<=B$3,INDEX(FP!F:F,B$2+ROW()-1),"") | F47: =IF(ROW()<=B$3,INDEX(FP!G:G,B$2+ROW()-1),"") | H47: =IF(ROW()<=B$3,INDEX(FP!C:C,B$2+ROW()-1),"") | I47: =IF(ROW()<=B$3,SUMIF(A$107:A$10042,A47,I$107:I$10042),"") | J47: =IF(ROW()<=B$3,SUMIFS(I$103:I$50042,A$103:A$50042,K47,J$103:J$50042,L47),"") | K47: =$A47 | L47: 99 | M47: =$A46 | N47: 99
A48: =IF(ROW()<=B$3,INDEX(FP!F:F,B$2+ROW()-1)&" - "&INDEX(FP!C:C,B$2+ROW()-1),"") | C48: =IF(ROW()<=B$3,INDEX(FP!E:E,B$2+ROW()-1),"") | D48: =IF(ROW()<=B$3,INDEX(FP!F:F,B$2+ROW()-1),"") | F48: =IF(ROW()<=B$3,INDEX(FP!G:G,B$2+ROW()-1),"") | H48: =IF(ROW()<=B$3,INDEX(FP!C:C,B$2+ROW()-1),"") | I48: =IF(ROW()<=B$3,SUMIF(A$107:A$10042,A48,I$107:I$10042),"") | J48: =IF(ROW()<=B$3,SUMIFS(I$103:I$50042,A$103:A$50042,K48,J$103:J$50042,L48),"") | K48: =$A48 | L48: 99 | M48: AAA | N48: HHH
A49: =IF(ROW()<=B$3,INDEX(FP!F:F,B$2+ROW()-1)&" - "&INDEX(FP!C:C,B$2+ROW()-1),"") | C49: =IF(ROW()<=B$3,INDEX(FP!E:E,B$2+ROW()-1),"") | D49: =IF(ROW()<=B$3,INDEX(FP!F:F,B$2+ROW()-1),"") | F49: =IF(ROW()<=B$3,INDEX(FP!G:G,B$2+ROW()-1),"") | H49: =IF(ROW()<=B$3,INDEX(FP!C:C,B$2+ROW()-1),"") | I49: =IF(ROW()<=B$3,SUMIF(A$107:A$10042,A49,I$107:I$10042),"") | J49: =IF(ROW()<=B$3,SUMIFS(I$103:I$50042,A$103:A$50042,K49,J$103:J$50042,L49),"") | K49: =$A49 | L49: 99 | M49: =$A48 | N49: 99
A50: =IF(ROW()<=B$3,INDEX(FP!F:F,B$2+ROW()-1)&" - "&INDEX(FP!C:C,B$2+ROW()-1),"") | C50: =IF(ROW()<=B$3,INDEX(FP!E:E,B$2+ROW()-1),"") | D50: =IF(ROW()<=B$3,INDEX(FP!F:F,B$2+ROW()-1),"") | F50: =IF(ROW()<=B$3,INDEX(FP!G:G,B$2+ROW()-1),"") | H50: =IF(ROW()<=B$3,INDEX(FP!C:C,B$2+ROW()-1),"") | I50: =IF(ROW()<=B$3,SUMIF(A$107:A$10042,A50,I$107:I$10042),"") | J50: =IF(ROW()<=B$3,SUMIFS(I$103:I$50042,A$103:A$50042,K50,J$103:J$50042,L50),"") | K50: =$A50 | L50: 99 | M50: AAA | N50: HHH
A51: =IF(ROW()<=B$3,INDEX(FP!F:F,B$2+ROW()-1)&" - "&INDEX(FP!C:C,B$2+ROW()-1),"") | C51: =IF(ROW()<=B$3,INDEX(FP!E:E,B$2+ROW()-1),"") | D51: =IF(ROW()<=B$3,INDEX(FP!F:F,B$2+ROW()-1),"") | F51: =IF(ROW()<=B$3,INDEX(FP!G:G,B$2+ROW()-1),"") | H51: =IF(ROW()<=B$3,INDEX(FP!C:C,B$2+ROW()-1),"") | I51: =IF(ROW()<=B$3,SUMIF(A$107:A$10042,A51,I$107:I$10042),"") | J51: =IF(ROW()<=B$3,SUMIFS(I$103:I$50042,A$103:A$50042,K51,J$103:J$50042,L51),"") | K51: =$A51 | L51: 99 | M51: =$A50 | N51: 99
A52: =IF(ROW()<=B$3,INDEX(FP!F:F,B$2+ROW()-1)&" - "&INDEX(FP!C:C,B$2+ROW()-1),"") | C52: =IF(ROW()<=B$3,INDEX(FP!E:E,B$2+ROW()-1),"") | D52: =IF(ROW()<=B$3,INDEX(FP!F:F,B$2+ROW()-1),"") | F52: =IF(ROW()<=B$3,INDEX(FP!G:G,B$2+ROW()-1),"") | H52: =IF(ROW()<=B$3,INDEX(FP!C:C,B$2+ROW()-1),"") | I52: =IF(ROW()<=B$3,SUMIF(A$107:A$10042,A52,I$107:I$10042),"") | J52: =IF(ROW()<=B$3,SUMIFS(I$103:I$50042,A$103:A$50042,K52,J$103:J$50042,L52),"") | K52: =$A52 | L52: 99 | M52: AAA | N52: HHH
A53: =IF(ROW()<=B$3,INDEX(FP!F:F,B$2+ROW()-1)&" - "&INDEX(FP!C:C,B$2+ROW()-1),"") | C53: =IF(ROW()<=B$3,INDEX(FP!E:E,B$2+ROW()-1),"") | D53: =IF(ROW()<=B$3,INDEX(FP!F:F,B$2+ROW()-1),"") | F53: =IF(ROW()<=B$3,INDEX(FP!G:G,B$2+ROW()-1),"") | H53: =IF(ROW()<=B$3,INDEX(FP!C:C,B$2+ROW()-1),"") | I53: =IF(ROW()<=B$3,SUMIF(A$107:A$10042,A53,I$107:I$10042),"") | J53: =IF(ROW()<=B$3,SUMIFS(I$103:I$50042,A$103:A$50042,K53,J$103:J$50042,L53),"") | K53: =$A53 | L53: 99 | M53: =$A52 | N53: 99
A54: =IF(ROW()<=B$3,INDEX(FP!F:F,B$2+ROW()-1)&" - "&INDEX(FP!C:C,B$2+ROW()-1),"") | C54: =IF(ROW()<=B$3,INDEX(FP!E:E,B$2+ROW()-1),"") | D54: =IF(ROW()<=B$3,INDEX(FP!F:F,B$2+ROW()-1),"") | F54: =IF(ROW()<=B$3,INDEX(FP!G:G,B$2+ROW()-1),"") | H54: =IF(ROW()<=B$3,INDEX(FP!C:C,B$2+ROW()-1),"") | I54: =IF(ROW()<=B$3,SUMIF(A$107:A$10042,A54,I$107:I$10042),"") | J54: =IF(ROW()<=B$3,SUMIFS(I$103:I$50042,A$103:A$50042,K54,J$103:J$50042,L54),"") | K54: =$A54 | L54: 99 | M54: AAA | N54: HHH
A55: =IF(ROW()<=B$3,INDEX(FP!F:F,B$2+ROW()-1)&" - "&INDEX(FP!C:C,B$2+ROW()-1),"") | C55: =IF(ROW()<=B$3,INDEX(FP!E:E,B$2+ROW()-1),"") | D55: =IF(ROW()<=B$3,INDEX(FP!F:F,B$2+ROW()-1),"") | F55: =IF(ROW()<=B$3,INDEX(FP!G:G,B$2+ROW()-1),"") | H55: =IF(ROW()<=B$3,INDEX(FP!C:C,B$2+ROW()-1),"") | I55: =IF(ROW()<=B$3,SUMIF(A$107:A$10042,A55,I$107:I$10042),"") | J55: =IF(ROW()<=B$3,SUMIFS(I$103:I$50042,A$103:A$50042,K55,J$103:J$50042,L55),"") | K55: =$A55 | L55: 99 | M55: =$A54 | N55: 99
A56: =IF(ROW()<=B$3,INDEX(FP!F:F,B$2+ROW()-1)&" - "&INDEX(FP!C:C,B$2+ROW()-1),"") | C56: =IF(ROW()<=B$3,INDEX(FP!E:E,B$2+ROW()-1),"") | D56: =IF(ROW()<=B$3,INDEX(FP!F:F,B$2+ROW()-1),"") | F56: =IF(ROW()<=B$3,INDEX(FP!G:G,B$2+ROW()-1),"") | H56: =IF(ROW()<=B$3,INDEX(FP!C:C,B$2+ROW()-1),"") | I56: =IF(ROW()<=B$3,SUMIF(A$107:A$10042,A56,I$107:I$10042),"") | J56: =IF(ROW()<=B$3,SUMIFS(I$103:I$50042,A$103:A$50042,K56,J$103:J$50042,L56),"") | K56: =$A56 | L56: 99 | M56: AAA | N56: HHH
A57: =IF(ROW()<=B$3,INDEX(FP!F:F,B$2+ROW()-1)&" - "&INDEX(FP!C:C,B$2+ROW()-1),"") | C57: =IF(ROW()<=B$3,INDEX(FP!E:E,B$2+ROW()-1),"") | D57: =IF(ROW()<=B$3,INDEX(FP!F:F,B$2+ROW()-1),"") | F57: =IF(ROW()<=B$3,INDEX(FP!G:G,B$2+ROW()-1),"") | H57: =IF(ROW()<=B$3,INDEX(FP!C:C,B$2+ROW()-1),"") | I57: =IF(ROW()<=B$3,SUMIF(A$107:A$10042,A57,I$107:I$10042),"") | J57: =IF(ROW()<=B$3,SUMIFS(I$103:I$50042,A$103:A$50042,K57,J$103:J$50042,L57),"") | K57: =$A57 | L57: 99 | M57: =$A56 | N57: 99
A58: =IF(ROW()<=B$3,INDEX(FP!F:F,B$2+ROW()-1)&" - "&INDEX(FP!C:C,B$2+ROW()-1),"") | C58: =IF(ROW()<=B$3,INDEX(FP!E:E,B$2+ROW()-1),"") | D58: =IF(ROW()<=B$3,INDEX(FP!F:F,B$2+ROW()-1),"") | F58: =IF(ROW()<=B$3,INDEX(FP!G:G,B$2+ROW()-1),"") | H58: =IF(ROW()<=B$3,INDEX(FP!C:C,B$2+ROW()-1),"") | I58: =IF(ROW()<=B$3,SUMIF(A$107:A$10042,A58,I$107:I$10042),"") | J58: =IF(ROW()<=B$3,SUMIFS(I$103:I$50042,A$103:A$50042,K58,J$103:J$50042,L58),"") | K58: =$A58 | L58: 99 | M58: AAA | N58: HHH
A59: =IF(ROW()<=B$3,INDEX(FP!F:F,B$2+ROW()-1)&" - "&INDEX(FP!C:C,B$2+ROW()-1),"") | C59: =IF(ROW()<=B$3,INDEX(FP!E:E,B$2+ROW()-1),"") | D59: =IF(ROW()<=B$3,INDEX(FP!F:F,B$2+ROW()-1),"") | F59: =IF(ROW()<=B$3,INDEX(FP!G:G,B$2+ROW()-1),"") | H59: =IF(ROW()<=B$3,INDEX(FP!C:C,B$2+ROW()-1),"") | I59: =IF(ROW()<=B$3,SUMIF(A$107:A$10042,A59,I$107:I$10042),"") | J59: =IF(ROW()<=B$3,SUMIFS(I$103:I$50042,A$103:A$50042,K59,J$103:J$50042,L59),"") | K59: =$A59 | L59: 99 | M59: =$A58 | N59: 99
A60: =IF(ROW()<=B$3,INDEX(FP!F:F,B$2+ROW()-1)&" - "&INDEX(FP!C:C,B$2+ROW()-1),"") | C60: =IF(ROW()<=B$3,INDEX(FP!E:E,B$2+ROW()-1),"") | D60: =IF(ROW()<=B$3,INDEX(FP!F:F,B$2+ROW()-1),"") | F60: =IF(ROW()<=B$3,INDEX(FP!G:G,B$2+ROW()-1),"") | H60: =IF(ROW()<=B$3,INDEX(FP!C:C,B$2+ROW()-1),"") | I60: =IF(ROW()<=B$3,SUMIF(A$107:A$10042,A60,I$107:I$10042),"") | J60: =IF(ROW()<=B$3,SUMIFS(I$103:I$50042,A$103:A$50042,K60,J$103:J$50042,L60),"") | K60: =$A60 | L60: 99 | M60: AAA | N60: HHH
A61: =IF(ROW()<=B$3,INDEX(FP!F:F,B$2+ROW()-1)&" - "&INDEX(FP!C:C,B$2+ROW()-1),"") | C61: =IF(ROW()<=B$3,INDEX(FP!E:E,B$2+ROW()-1),"") | D61: =IF(ROW()<=B$3,INDEX(FP!F:F,B$2+ROW()-1),"") | F61: =IF(ROW()<=B$3,INDEX(FP!G:G,B$2+ROW()-1),"") | H61: =IF(ROW()<=B$3,INDEX(FP!C:C,B$2+ROW()-1),"") | I61: =IF(ROW()<=B$3,SUMIF(A$107:A$10042,A61,I$107:I$10042),"") | J61: =IF(ROW()<=B$3,SUMIFS(I$103:I$50042,A$103:A$50042,K61,J$103:J$50042,L61),"") | K61: =$A61 | L61: 99 | M61: =$A60 | N61: 99
A62: =IF(ROW()<=B$3,INDEX(FP!F:F,B$2+ROW()-1)&" - "&INDEX(FP!C:C,B$2+ROW()-1),"") | C62: =IF(ROW()<=B$3,INDEX(FP!E:E,B$2+ROW()-1),"") | D62: =IF(ROW()<=B$3,INDEX(FP!F:F,B$2+ROW()-1),"") | F62: =IF(ROW()<=B$3,INDEX(FP!G:G,B$2+ROW()-1),"") | H62: =IF(ROW()<=B$3,INDEX(FP!C:C,B$2+ROW()-1),"") | I62: =IF(ROW()<=B$3,SUMIF(A$107:A$10042,A62,I$107:I$10042),"") | J62: =IF(ROW()<=B$3,SUMIFS(I$103:I$50042,A$103:A$50042,K62,J$103:J$50042,L62),"") | K62: =$A62 | L62: 99 | M62: AAA | N62: HHH
A63: =IF(ROW()<=B$3,INDEX(FP!F:F,B$2+ROW()-1)&" - "&INDEX(FP!C:C,B$2+ROW()-1),"") | C63: =IF(ROW()<=B$3,INDEX(FP!E:E,B$2+ROW()-1),"") | D63: =IF(ROW()<=B$3,INDEX(FP!F:F,B$2+ROW()-1),"") | F63: =IF(ROW()<=B$3,INDEX(FP!G:G,B$2+ROW()-1),"") | H63: =IF(ROW()<=B$3,INDEX(FP!C:C,B$2+ROW()-1),"") | I63: =IF(ROW()<=B$3,SUMIF(A$107:A$10042,A63,I$107:I$10042),"") | J63: =IF(ROW()<=B$3,SUMIFS(I$103:I$50042,A$103:A$50042,K63,J$103:J$50042,L63),"") | K63: =$A63 | L63: 99 | M63: =$A62 | N63: 99
A64: =IF(ROW()<=B$3,INDEX(FP!F:F,B$2+ROW()-1)&" - "&INDEX(FP!C:C,B$2+ROW()-1),"") | C64: =IF(ROW()<=B$3,INDEX(FP!E:E,B$2+ROW()-1),"") | D64: =IF(ROW()<=B$3,INDEX(FP!F:F,B$2+ROW()-1),"") | F64: =IF(ROW()<=B$3,INDEX(FP!G:G,B$2+ROW()-1),"") | H64: =IF(ROW()<=B$3,INDEX(FP!C:C,B$2+ROW()-1),"") | I64: =IF(ROW()<=B$3,SUMIF(A$107:A$10042,A64,I$107:I$10042),"") | J64: =IF(ROW()<=B$3,SUMIFS(I$103:I$50042,A$103:A$50042,K64,J$103:J$50042,L64),"") | K64: =$A64 | L64: 99 | M64: AAA | N64: HHH
A65: =IF(ROW()<=B$3,INDEX(FP!F:F,B$2+ROW()-1)&" - "&INDEX(FP!C:C,B$2+ROW()-1),"") | C65: =IF(ROW()<=B$3,INDEX(FP!E:E,B$2+ROW()-1),"") | D65: =IF(ROW()<=B$3,INDEX(FP!F:F,B$2+ROW()-1),"") | F65: =IF(ROW()<=B$3,INDEX(FP!G:G,B$2+ROW()-1),"") | H65: =IF(ROW()<=B$3,INDEX(FP!C:C,B$2+ROW()-1),"") | I65: =IF(ROW()<=B$3,SUMIF(A$107:A$10042,A65,I$107:I$10042),"") | J65: =IF(ROW()<=B$3,SUMIFS(I$103:I$50042,A$103:A$50042,K65,J$103:J$50042,L65),"") | K65: =$A65 | L65: 99 | M65: =$A64 | N65: 99
A66: =IF(ROW()<=B$3,INDEX(FP!F:F,B$2+ROW()-1)&" - "&INDEX(FP!C:C,B$2+ROW()-1),"") | C66: =IF(ROW()<=B$3,INDEX(FP!E:E,B$2+ROW()-1),"") | D66: =IF(ROW()<=B$3,INDEX(FP!F:F,B$2+ROW()-1),"") | F66: =IF(ROW()<=B$3,INDEX(FP!G:G,B$2+ROW()-1),"") | H66: =IF(ROW()<=B$3,INDEX(FP!C:C,B$2+ROW()-1),"") | I66: =IF(ROW()<=B$3,SUMIF(A$107:A$10042,A66,I$107:I$10042),"") | J66: =IF(ROW()<=B$3,SUMIFS(I$103:I$50042,A$103:A$50042,K66,J$103:J$50042,L66),"") | K66: =$A66 | L66: 99 | M66: AAA | N66: HHH
A67: =IF(ROW()<=B$3,INDEX(FP!F:F,B$2+ROW()-1)&" - "&INDEX(FP!C:C,B$2+ROW()-1),"") | C67: =IF(ROW()<=B$3,INDEX(FP!E:E,B$2+ROW()-1),"") | D67: =IF(ROW()<=B$3,INDEX(FP!F:F,B$2+ROW()-1),"") | F67: =IF(ROW()<=B$3,INDEX(FP!G:G,B$2+ROW()-1),"") | H67: =IF(ROW()<=B$3,INDEX(FP!C:C,B$2+ROW()-1),"") | I67: =IF(ROW()<=B$3,SUMIF(A$107:A$10042,A67,I$107:I$10042),"") | J67: =IF(ROW()<=B$3,SUMIFS(I$103:I$50042,A$103:A$50042,K67,J$103:J$50042,L67),"") | K67: =$A67 | L67: 99 | M67: =$A66 | N67: 99
A68: =IF(ROW()<=B$3,INDEX(FP!F:F,B$2+ROW()-1)&" - "&INDEX(FP!C:C,B$2+ROW()-1),"") | C68: =IF(ROW()<=B$3,INDEX(FP!E:E,B$2+ROW()-1),"") | D68: =IF(ROW()<=B$3,INDEX(FP!F:F,B$2+ROW()-1),"") | F68: =IF(ROW()<=B$3,INDEX(FP!G:G,B$2+ROW()-1),"") | H68: =IF(ROW()<=B$3,INDEX(FP!C:C,B$2+ROW()-1),"") | I68: =IF(ROW()<=B$3,SUMIF(A$107:A$10042,A68,I$107:I$10042),"") | J68: =IF(ROW()<=B$3,SUMIFS(I$103:I$50042,A$103:A$50042,K68,J$103:J$50042,L68),"") | K68: =$A68 | L68: 99 | M68: AAA | N68: HHH
A69: =IF(ROW()<=B$3,INDEX(FP!F:F,B$2+ROW()-1)&" - "&INDEX(FP!C:C,B$2+ROW()-1),"") | C69: =IF(ROW()<=B$3,INDEX(FP!E:E,B$2+ROW()-1),"") | D69: =IF(ROW()<=B$3,INDEX(FP!F:F,B$2+ROW()-1),"") | F69: =IF(ROW()<=B$3,INDEX(FP!G:G,B$2+ROW()-1),"") | H69: =IF(ROW()<=B$3,INDEX(FP!C:C,B$2+ROW()-1),"") | I69: =IF(ROW()<=B$3,SUMIF(A$107:A$10042,A69,I$107:I$10042),"") | J69: =IF(ROW()<=B$3,SUMIFS(I$103:I$50042,A$103:A$50042,K69,J$103:J$50042,L69),"") | K69: =$A69 | L69: 99 | M69: =$A68 | N69: 99
A70: =IF(ROW()<=B$3,INDEX(FP!F:F,B$2+ROW()-1)&" - "&INDEX(FP!C:C,B$2+ROW()-1),"") | C70: =IF(ROW()<=B$3,INDEX(FP!E:E,B$2+ROW()-1),"") | D70: =IF(ROW()<=B$3,INDEX(FP!F:F,B$2+ROW()-1),"") | F70: =IF(ROW()<=B$3,INDEX(FP!G:G,B$2+ROW()-1),"") | H70: =IF(ROW()<=B$3,INDEX(FP!C:C,B$2+ROW()-1),"") | I70: =IF(ROW()<=B$3,SUMIF(A$107:A$10042,A70,I$107:I$10042),"") | J70: =IF(ROW()<=B$3,SUMIFS(I$103:I$50042,A$103:A$50042,K70,J$103:J$50042,L70),"") | K70: =$A70 | L70: 99 | M70: AAA | N70: HHH
A71: =IF(ROW()<=B$3,INDEX(FP!F:F,B$2+ROW()-1)&" - "&INDEX(FP!C:C,B$2+ROW()-1),"") | C71: =IF(ROW()<=B$3,INDEX(FP!E:E,B$2+ROW()-1),"") | D71: =IF(ROW()<=B$3,INDEX(FP!F:F,B$2+ROW()-1),"") | F71: =IF(ROW()<=B$3,INDEX(FP!G:G,B$2+ROW()-1),"") | H71: =IF(ROW()<=B$3,INDEX(FP!C:C,B$2+ROW()-1),"") | I71: =IF(ROW()<=B$3,SUMIF(A$107:A$10042,A71,I$107:I$10042),"") | J71: =IF(ROW()<=B$3,SUMIFS(I$103:I$50042,A$103:A$50042,K71,J$103:J$50042,L71),"") | K71: =$A71 | L71: 99 | M71: =$A70 | N71: 99
A72: =IF(ROW()<=B$3,INDEX(FP!F:F,B$2+ROW()-1)&" - "&INDEX(FP!C:C,B$2+ROW()-1),"") | C72: =IF(ROW()<=B$3,INDEX(FP!E:E,B$2+ROW()-1),"") | D72: =IF(ROW()<=B$3,INDEX(FP!F:F,B$2+ROW()-1),"") | F72: =IF(ROW()<=B$3,INDEX(FP!G:G,B$2+ROW()-1),"") | H72: =IF(ROW()<=B$3,INDEX(FP!C:C,B$2+ROW()-1),"") | I72: =IF(ROW()<=B$3,SUMIF(A$107:A$10042,A72,I$107:I$10042),"") | J72: =IF(ROW()<=B$3,SUMIFS(I$103:I$50042,A$103:A$50042,K72,J$103:J$50042,L72),"") | K72: =$A72 | L72: 99 | M72: AAA | N72: HHH
A73: =IF(ROW()<=B$3,INDEX(FP!F:F,B$2+ROW()-1)&" - "&INDEX(FP!C:C,B$2+ROW()-1),"") | C73: =IF(ROW()<=B$3,INDEX(FP!E:E,B$2+ROW()-1),"") | D73: =IF(ROW()<=B$3,INDEX(FP!F:F,B$2+ROW()-1),"") | F73: =IF(ROW()<=B$3,INDEX(FP!G:G,B$2+ROW()-1),"") | H73: =IF(ROW()<=B$3,INDEX(FP!C:C,B$2+ROW()-1),"") | I73: =IF(ROW()<=B$3,SUMIF(A$107:A$10042,A73,I$107:I$10042),"") | J73: =IF(ROW()<=B$3,SUMIFS(I$103:I$50042,A$103:A$50042,K73,J$103:J$50042,L73),"") | K73: =$A73 | L73: 99 | M73: =$A72 | N73: 99
A74: =IF(ROW()<=B$3,INDEX(FP!F:F,B$2+ROW()-1)&" - "&INDEX(FP!C:C,B$2+ROW()-1),"") | C74: =IF(ROW()<=B$3,INDEX(FP!E:E,B$2+ROW()-1),"") | D74: =IF(ROW()<=B$3,INDEX(FP!F:F,B$2+ROW()-1),"") | F74: =IF(ROW()<=B$3,INDEX(FP!G:G,B$2+ROW()-1),"") | H74: =IF(ROW()<=B$3,INDEX(FP!C:C,B$2+ROW()-1),"") | I74: =IF(ROW()<=B$3,SUMIF(A$107:A$10042,A74,I$107:I$10042),"") | J74: =IF(ROW()<=B$3,SUMIFS(I$103:I$50042,A$103:A$50042,K74,J$103:J$50042,L74),"") | K74: =$A74 | L74: 99 | M74: AAA | N74: HHH
A75: =IF(ROW()<=B$3,INDEX(FP!F:F,B$2+ROW()-1)&" - "&INDEX(FP!C:C,B$2+ROW()-1),"") | C75: =IF(ROW()<=B$3,INDEX(FP!E:E,B$2+ROW()-1),"") | D75: =IF(ROW()<=B$3,INDEX(FP!F:F,B$2+ROW()-1),"") | F75: =IF(ROW()<=B$3,INDEX(FP!G:G,B$2+ROW()-1),"") | H75: =IF(ROW()<=B$3,INDEX(FP!C:C,B$2+ROW()-1),"") | I75: =IF(ROW()<=B$3,SUMIF(A$107:A$10042,A75,I$107:I$10042),"") | J75: =IF(ROW()<=B$3,SUMIFS(I$103:I$50042,A$103:A$50042,K75,J$103:J$50042,L75),"") | K75: =$A75 | L75: 99 | M75: =$A74 | N75: 99
A76: =IF(ROW()<=B$3,INDEX(FP!F:F,B$2+ROW()-1)&" - "&INDEX(FP!C:C,B$2+ROW()-1),"") | C76: =IF(ROW()<=B$3,INDEX(FP!E:E,B$2+ROW()-1),"") | D76: =IF(ROW()<=B$3,INDEX(FP!F:F,B$2+ROW()-1),"") | F76: =IF(ROW()<=B$3,INDEX(FP!G:G,B$2+ROW()-1),"") | H76: =IF(ROW()<=B$3,INDEX(FP!C:C,B$2+ROW()-1),"") | I76: =IF(ROW()<=B$3,SUMIF(A$107:A$10042,A76,I$107:I$10042),"") | J76: =IF(ROW()<=B$3,SUMIFS(I$103:I$50042,A$103:A$50042,K76,J$103:J$50042,L76),"") | K76: =$A76 | L76: 99 | M76: AAA | N76: HHH
A77: =IF(ROW()<=B$3,INDEX(FP!F:F,B$2+ROW()-1)&" - "&INDEX(FP!C:C,B$2+ROW()-1),"") | C77: =IF(ROW()<=B$3,INDEX(FP!E:E,B$2+ROW()-1),"") | D77: =IF(ROW()<=B$3,INDEX(FP!F:F,B$2+ROW()-1),"") | F77: =IF(ROW()<=B$3,INDEX(FP!G:G,B$2+ROW()-1),"") | H77: =IF(ROW()<=B$3,INDEX(FP!C:C,B$2+ROW()-1),"") | I77: =IF(ROW()<=B$3,SUMIF(A$107:A$10042,A77,I$107:I$10042),"") | J77: =IF(ROW()<=B$3,SUMIFS(I$103:I$50042,A$103:A$50042,K77,J$103:J$50042,L77),"") | K77: =$A77 | L77: 99 | M77: =$A76 | N77: 99
A78: =IF(ROW()<=B$3,INDEX(FP!F:F,B$2+ROW()-1)&" - "&INDEX(FP!C:C,B$2+ROW()-1),"") | C78: =IF(ROW()<=B$3,INDEX(FP!E:E,B$2+ROW()-1),"") | D78: =IF(ROW()<=B$3,INDEX(FP!F:F,B$2+ROW()-1),"") | F78: =IF(ROW()<=B$3,INDEX(FP!G:G,B$2+ROW()-1),"") | H78: =IF(ROW()<=B$3,INDEX(FP!C:C,B$2+ROW()-1),"") | I78: =IF(ROW()<=B$3,SUMIF(A$107:A$10042,A78,I$107:I$10042),"") | J78: =IF(ROW()<=B$3,SUMIFS(I$103:I$50042,A$103:A$50042,K78,J$103:J$50042,L78),"") | K78: =$A78 | L78: 99 | M78: AAA | N78: HHH
A79: =IF(ROW()<=B$3,INDEX(FP!F:F,B$2+ROW()-1)&" - "&INDEX(FP!C:C,B$2+ROW()-1),"") | C79: =IF(ROW()<=B$3,INDEX(FP!E:E,B$2+ROW()-1),"") | D79: =IF(ROW()<=B$3,INDEX(FP!F:F,B$2+ROW()-1),"") | F79: =IF(ROW()<=B$3,INDEX(FP!G:G,B$2+ROW()-1),"") | H79: =IF(ROW()<=B$3,INDEX(FP!C:C,B$2+ROW()-1),"") | I79: =IF(ROW()<=B$3,SUMIF(A$107:A$10042,A79,I$107:I$10042),"") | J79: =IF(ROW()<=B$3,SUMIFS(I$103:I$50042,A$103:A$50042,K79,J$103:J$50042,L79),"") | K79: =$A79 | L79: 99 | M79: =$A78 | N79: 99
A80: =IF(ROW()<=B$3,INDEX(FP!F:F,B$2+ROW()-1)&" - "&INDEX(FP!C:C,B$2+ROW()-1),"") | C80: =IF(ROW()<=B$3,INDEX(FP!E:E,B$2+ROW()-1),"") | D80: =IF(ROW()<=B$3,INDEX(FP!F:F,B$2+ROW()-1),"") | F80: =IF(ROW()<=B$3,INDEX(FP!G:G,B$2+ROW()-1),"") | H80: =IF(ROW()<=B$3,INDEX(FP!C:C,B$2+ROW()-1),"") | I80: =IF(ROW()<=B$3,SUMIF(A$107:A$10042,A80,I$107:I$10042),"") | J80: =IF(ROW()<=B$3,SUMIFS(I$103:I$50042,A$103:A$50042,K80,J$103:J$50042,L80),"") | K80: =$A80 | L80: 99 | M80: AAA | N80: HHH
A81: =IF(ROW()<=B$3,INDEX(FP!F:F,B$2+ROW()-1)&" - "&INDEX(FP!C:C,B$2+ROW()-1),"") | C81: =IF(ROW()<=B$3,INDEX(FP!E:E,B$2+ROW()-1),"") | D81: =IF(ROW()<=B$3,INDEX(FP!F:F,B$2+ROW()-1),"") | F81: =IF(ROW()<=B$3,INDEX(FP!G:G,B$2+ROW()-1),"") | H81: =IF(ROW()<=B$3,INDEX(FP!C:C,B$2+ROW()-1),"") | I81: =IF(ROW()<=B$3,SUMIF(A$107:A$10042,A81,I$107:I$10042),"") | J81: =IF(ROW()<=B$3,SUMIFS(I$103:I$50042,A$103:A$50042,K81,J$103:J$50042,L81),"") | K81: =$A81 | L81: 99 | M81: =$A80 | N81: 99
A82: =IF(ROW()<=B$3,INDEX(FP!F:F,B$2+ROW()-1)&" - "&INDEX(FP!C:C,B$2+ROW()-1),"") | C82: =IF(ROW()<=B$3,INDEX(FP!E:E,B$2+ROW()-1),"") | D82: =IF(ROW()<=B$3,INDEX(FP!F:F,B$2+ROW()-1),"") | F82: =IF(ROW()<=B$3,INDEX(FP!G:G,B$2+ROW()-1),"") | H82: =IF(ROW()<=B$3,INDEX(FP!C:C,B$2+ROW()-1),"") | I82: =IF(ROW()<=B$3,SUMIF(A$107:A$10042,A82,I$107:I$10042),"") | J82: =IF(ROW()<=B$3,SUMIFS(I$103:I$50042,A$103:A$50042,K82,J$103:J$50042,L82),"") | K82: =$A82 | L82: 99 | M82: AAA | N82: HHH
A83: =IF(ROW()<=B$3,INDEX(FP!F:F,B$2+ROW()-1)&" - "&INDEX(FP!C:C,B$2+ROW()-1),"") | C83: =IF(ROW()<=B$3,INDEX(FP!E:E,B$2+ROW()-1),"") | D83: =IF(ROW()<=B$3,INDEX(FP!F:F,B$2+ROW()-1),"") | F83: =IF(ROW()<=B$3,INDEX(FP!G:G,B$2+ROW()-1),"") | H83: =IF(ROW()<=B$3,INDEX(FP!C:C,B$2+ROW()-1),"") | I83: =IF(ROW()<=B$3,SUMIF(A$107:A$10042,A83,I$107:I$10042),"") | J83: =IF(ROW()<=B$3,SUMIFS(I$103:I$50042,A$103:A$50042,K83,J$103:J$50042,L83),"") | K83: =$A83 | L83: 99 | M83: =$A82 | N83: 99
A84: =IF(ROW()<=B$3,INDEX(FP!F:F,B$2+ROW()-1)&" - "&INDEX(FP!C:C,B$2+ROW()-1),"") | C84: =IF(ROW()<=B$3,INDEX(FP!E:E,B$2+ROW()-1),"") | D84: =IF(ROW()<=B$3,INDEX(FP!F:F,B$2+ROW()-1),"") | F84: =IF(ROW()<=B$3,INDEX(FP!G:G,B$2+ROW()-1),"") | H84: =IF(ROW()<=B$3,INDEX(FP!C:C,B$2+ROW()-1),"") | I84: =IF(ROW()<=B$3,SUMIF(A$107:A$10042,A84,I$107:I$10042),"") | J84: =IF(ROW()<=B$3,SUMIFS(I$103:I$50042,A$103:A$50042,K84,J$103:J$50042,L84),"") | K84: =$A84 | L84: 99 | M84: AAA | N84: HHH
A85: =IF(ROW()<=B$3,INDEX(FP!F:F,B$2+ROW()-1)&" - "&INDEX(FP!C:C,B$2+ROW()-1),"") | C85: =IF(ROW()<=B$3,INDEX(FP!E:E,B$2+ROW()-1),"") | D85: =IF(ROW()<=B$3,INDEX(FP!F:F,B$2+ROW()-1),"") | F85: =IF(ROW()<=B$3,INDEX(FP!G:G,B$2+ROW()-1),"") | H85: =IF(ROW()<=B$3,INDEX(FP!C:C,B$2+ROW()-1),"") | I85: =IF(ROW()<=B$3,SUMIF(A$107:A$10042,A85,I$107:I$10042),"") | J85: =IF(ROW()<=B$3,SUMIFS(I$103:I$50042,A$103:A$50042,K85,J$103:J$50042,L85),"") | K85: =$A85 | L85: 99 | M85: =$A84 | N85: 99
A86: =IF(ROW()<=B$3,INDEX(FP!F:F,B$2+ROW()-1)&" - "&INDEX(FP!C:C,B$2+ROW()-1),"") | C86: =IF(ROW()<=B$3,INDEX(FP!E:E,B$2+ROW()-1),"") | D86: =IF(ROW()<=B$3,INDEX(FP!F:F,B$2+ROW()-1),"") | F86: =IF(ROW()<=B$3,INDEX(FP!G:G,B$2+ROW()-1),"") | H86: =IF(ROW()<=B$3,INDEX(FP!C:C,B$2+ROW()-1),"") | I86: =IF(ROW()<=B$3,SUMIF(A$107:A$10042,A86,I$107:I$10042),"") | J86: =IF(ROW()<=B$3,SUMIFS(I$103:I$50042,A$103:A$50042,K86,J$103:J$50042,L86),"") | K86: =$A86 | L86: 99 | M86: AAA | N86: HHH
A87: =IF(ROW()<=B$3,INDEX(FP!F:F,B$2+ROW()-1)&" - "&INDEX(FP!C:C,B$2+ROW()-1),"") | C87: =IF(ROW()<=B$3,INDEX(FP!E:E,B$2+ROW()-1),"") | D87: =IF(ROW()<=B$3,INDEX(FP!F:F,B$2+ROW()-1),"") | F87: =IF(ROW()<=B$3,INDEX(FP!G:G,B$2+ROW()-1),"") | H87: =IF(ROW()<=B$3,INDEX(FP!C:C,B$2+ROW()-1),"") | I87: =IF(ROW()<=B$3,SUMIF(A$107:A$10042,A87,I$107:I$10042),"") | J87: =IF(ROW()<=B$3,SUMIFS(I$103:I$50042,A$103:A$50042,K87,J$103:J$50042,L87),"") | K87: =$A87 | L87: 99 | M87: =$A86 | N87: 99
A88: =IF(ROW()<=B$3,INDEX(FP!F:F,B$2+ROW()-1)&" - "&INDEX(FP!C:C,B$2+ROW()-1),"") | C88: =IF(ROW()<=B$3,INDEX(FP!E:E,B$2+ROW()-1),"") | D88: =IF(ROW()<=B$3,INDEX(FP!F:F,B$2+ROW()-1),"") | F88: =IF(ROW()<=B$3,INDEX(FP!G:G,B$2+ROW()-1),"") | H88: =IF(ROW()<=B$3,INDEX(FP!C:C,B$2+ROW()-1),"") | I88: =IF(ROW()<=B$3,SUMIF(A$107:A$10042,A88,I$107:I$10042),"") | J88: =IF(ROW()<=B$3,SUMIFS(I$103:I$50042,A$103:A$50042,K88,J$103:J$50042,L88),"") | K88: =$A88 | L88: 99 | M88: AAA | N88: HHH
A89: =IF(ROW()<=B$3,INDEX(FP!F:F,B$2+ROW()-1)&" - "&INDEX(FP!C:C,B$2+ROW()-1),"") | C89: =IF(ROW()<=B$3,INDEX(FP!E:E,B$2+ROW()-1),"") | D89: =IF(ROW()<=B$3,INDEX(FP!F:F,B$2+ROW()-1),"") | F89: =IF(ROW()<=B$3,INDEX(FP!G:G,B$2+ROW()-1),"") | H89: =IF(ROW()<=B$3,INDEX(FP!C:C,B$2+ROW()-1),"") | I89: =IF(ROW()<=B$3,SUMIF(A$107:A$10042,A89,I$107:I$10042),"") | J89: =IF(ROW()<=B$3,SUMIFS(I$103:I$50042,A$103:A$50042,K89,J$103:J$50042,L89),"") | K89: =$A89 | L89: 99 | M89: =$A88 | N89: 99
A90: =IF(ROW()<=B$3,INDEX(FP!F:F,B$2+ROW()-1)&" - "&INDEX(FP!C:C,B$2+ROW()-1),"") | C90: =IF(ROW()<=B$3,INDEX(FP!E:E,B$2+ROW()-1),"") | D90: =IF(ROW()<=B$3,INDEX(FP!F:F,B$2+ROW()-1),"") | F90: =IF(ROW()<=B$3,INDEX(FP!G:G,B$2+ROW()-1),"") | H90: =IF(ROW()<=B$3,INDEX(FP!C:C,B$2+ROW()-1),"") | I90: =IF(ROW()<=B$3,SUMIF(A$107:A$10042,A90,I$107:I$10042),"") | J90: =IF(ROW()<=B$3,SUMIFS(I$103:I$50042,A$103:A$50042,K90,J$103:J$50042,L90),"") | K90: =$A90 | L90: 99 | M90: AAA | N90: HHH
A91: =IF(ROW()<=B$3,INDEX(FP!F:F,B$2+ROW()-1)&" - "&INDEX(FP!C:C,B$2+ROW()-1),"") | C91: =IF(ROW()<=B$3,INDEX(FP!E:E,B$2+ROW()-1),"") | D91: =IF(ROW()<=B$3,INDEX(FP!F:F,B$2+ROW()-1),"") | F91: =IF(ROW()<=B$3,INDEX(FP!G:G,B$2+ROW()-1),"") | H91: =IF(ROW()<=B$3,INDEX(FP!C:C,B$2+ROW()-1),"") | I91: =IF(ROW()<=B$3,SUMIF(A$107:A$10042,A91,I$107:I$10042),"") | J91: =IF(ROW()<=B$3,SUMIFS(I$103:I$50042,A$103:A$50042,K91,J$103:J$50042,L91),"") | K91: =$A91 | L91: 99 | M91: =$A90 | N91: 99
A92: =IF(ROW()<=B$3,INDEX(FP!F:F,B$2+ROW()-1)&" - "&INDEX(FP!C:C,B$2+ROW()-1),"") | C92: =IF(ROW()<=B$3,INDEX(FP!E:E,B$2+ROW()-1),"") | D92: =IF(ROW()<=B$3,INDEX(FP!F:F,B$2+ROW()-1),"") | F92: =IF(ROW()<=B$3,INDEX(FP!G:G,B$2+ROW()-1),"") | H92: =IF(ROW()<=B$3,INDEX(FP!C:C,B$2+ROW()-1),"") | I92: =IF(ROW()<=B$3,SUMIF(A$107:A$10042,A92,I$107:I$10042),"") | J92: =IF(ROW()<=B$3,SUMIFS(I$103:I$50042,A$103:A$50042,K92,J$103:J$50042,L92),"") | K92: =$A92 | L92: 99 | M92: AAA | N92: HHH
A93: =IF(ROW()<=B$3,INDEX(FP!F:F,B$2+ROW()-1)&" - "&INDEX(FP!C:C,B$2+ROW()-1),"") | C93: =IF(ROW()<=B$3,INDEX(FP!E:E,B$2+ROW()-1),"") | D93: =IF(ROW()<=B$3,INDEX(FP!F:F,B$2+ROW()-1),"") | F93: =IF(ROW()<=B$3,INDEX(FP!G:G,B$2+ROW()-1),"") | H93: =IF(ROW()<=B$3,INDEX(FP!C:C,B$2+ROW()-1),"") | I93: =IF(ROW()<=B$3,SUMIF(A$107:A$10042,A93,I$107:I$10042),"") | J93: =IF(ROW()<=B$3,SUMIFS(I$103:I$50042,A$103:A$50042,K93,J$103:J$50042,L93),"") | K93: =$A93 | L93: 99 | M93: =$A92 | N93: 99
A94: =IF(ROW()<=B$3,INDEX(FP!F:F,B$2+ROW()-1)&" - "&INDEX(FP!C:C,B$2+ROW()-1),"") | C94: =IF(ROW()<=B$3,INDEX(FP!E:E,B$2+ROW()-1),"") | D94: =IF(ROW()<=B$3,INDEX(FP!F:F,B$2+ROW()-1),"") | F94: =IF(ROW()<=B$3,INDEX(FP!G:G,B$2+ROW()-1),"") | H94: =IF(ROW()<=B$3,INDEX(FP!C:C,B$2+ROW()-1),"") | I94: =IF(ROW()<=B$3,SUMIF(A$107:A$10042,A94,I$107:I$10042),"") | J94: =IF(ROW()<=B$3,SUMIFS(I$103:I$50042,A$103:A$50042,K94,J$103:J$50042,L94),"") | K94: =$A94 | L94: 99 | M94: AAA | N94: HHH
F95: =IF(ROW()<=B$3,INDEX(FP!G:G,B$2+ROW()-1),"") | M95: =$A94 | N95: 99
F96: Organizácia podujatia názov podujatia (napr. Kongres ISF, Svetový pohár ICU): miesto konania (napr. Komjatice): termín (od-do) (napr. 1.5.-15.5.2013): počet aktívnych účastníkov (napr. 223): počet odpracovaných hodín spolu: (napr. 690): hrubé mzdy vyplatené osobám v súvislosti s podujatím vrátane odvodov zamestnávateľa spolu (dohody, zmluvy, faktúry, a pod.) v eur:
F97: Hrubé mzdy vyplatené osobám (zamestnancom) vrátane odvodov zamestnávateľa počet fyzických osôb (napr. 3): obdobie (napr. január - marec):
F98: Služobné motorové vozidlo EČV (napr. BB 123 AK): Obdobie (napr. 3.7.-28.7.2013): Najazdené kilometre (napr. 1 211 km):
F99: Pracovná cesta (napr. výjazd na výkonný výbor, na majstrovstvá) Názov (napr. majstrovstvá sveta, sústredenie, kongres, zasadnutie komisie): Termín (napr. 1.5.-3.6.2013): Miesto - mesto a štát (napr. Palermo, Taliansko): Spôsob dopravy (napr. letecky): Počet všetkých osôb na pracovnej ceste (napr. 17) z toho: - športovci (+ navádzači): 12 - tréneri + rozhodcovia + vedúci výpravy + administratívni pracovníci + lekár + fyzioterapeut + masér + ): 2 - ostatné osoby (napr. sponzori, hostia): 3
A100: Priebežné čerpanie a vyúčtovanie finančných prostriedkov poskytnutých zo štátneho rozpočtu v oblasti športu v roku 2025 poskytnutých do 31.06.2025 (príspevok uznanému športu 1. a 2. splátka) | I100: V2
...

Sheet Adr
A1: IČO | B1: Subjekt | C1: Právna forma | D1: Ulica a číslo domu | E1: Mesto | F1: PSČ | G1: Webové sídlo | H1: E-mail | I1: Štatutárny zástupca | J1: Štatutár - funkcia | K1: Kontakná osoba | L1: Kontakt telefón | M1: IBAN 1 | N1: IBAN PUŠ 2 | O1: IBAN TOP | P1: IBAN DOT
A2: 30787009 | B2: Slovenská asociácia amerického futbalu, o.z. | C2: občianske združenie | D2: Nevädzová 17211/6B | E2: Bratislava | F2: 821 01 | G2: www.saaf.sk | H2: info@saaf.sk | I2: Michal Slašťan | J2: prezident | K2: Michal Slašťan | L2: 421908868248 | M2: SK90 8330 0000 0021 0189 0697 | R2: =A2 -> 30787009
A3: 00631655 | B3: Slovenská asociácia boccie | C3: občianske združenie | D3: Ulica Vajanského 874/46 | E3: Lučenec | F3: 984 01 | G3: www.bocce.sk | H3: slovenska.asociacia.bocce@gmail.com | I3: Ján Macko, Lukáš Bolla, Richard Čonka | J3: prezident, predseda, predseda | K3: Ján Macko | L3: 421919188236 | M3: SK92 8330 0000 0026 0113 7730 | R3: =A3 -> 00631655
A4: 42019541 | B4: Slovenská asociácia čínskeho wushu | C4: občianske združenie | D4: Ladislava Dérera 35 | E4: Bratislava | F4: 831 01 | G4: www.wushuslovakia.sk | H4: email@wushuslovakia.sk | I4: Ľubomír France | J4: prezident | K4: Ľubomír France | L4: 421905948422 | M4: SK12 8330 0000 0024 0152 5392 | R4: =A4 -> 42019541
A5: 30810108 | B5: Slovenská Asociácia Dynamickej Streľby | C5: občianske združenie | D5: Skautská 2 | E5: Košice | F5: 040 01 | G5: www.sads.sk | H5: prezident@sads.sk | I5: Bystrík Zachar | J5: prezident | K5: Bystrík Zachar | L5: 421915184709 | M5: SK75 3100 0000 0040 0020 5012 | R5: =A5 -> 30810108
A6: 30842069 | B6: Slovenská asociácia fitnes, kulturistiky a silového trojboja | C6: občianske združenie | D6: Olympijské námestie 14290/1 | E6: Bratislava | F6: 832 80 | G6: www.safkst.sk | H6: sekretariat@safkst.sk | I6: Boris Mlsna | J6: prezident | K6: Lucia Čermáková | L6: 421908965156 | M6: SK77 0900 0000 0051 7589 2912 | R6: =A6 -> 30842069
A7: 31749852 | B7: Slovenská asociácia Frisbee | C7: občianske združenie | D7: Malženice 511 | E7: Malženice | F7: 919 29 | G7: www.szf.sk | H7: safslovakia@gmail.com | I7: Juraj Turan | J7: predseda | K7: Martin Keseg | L7: 421905998953 | M7: SK62 0200 0000 0000 7763 5012 | R7: =A7 -> 31749852
A8: 30844711 | B8: Slovenská asociácia go | C8: občianske združenie | D8: Olympijské námestie 14290/1 | E8: Bratislava | F8: 832 80 | G8: www.sago.sk | H8: slovakgo@gmail.com | I8: Martin Lukáč | J8: prezident | K8: Martin Lukáč; Miroslav Poliak | L8: 421903187087; 421903200136 | M8: SK31 8330 0000 0025 0173 0318 | R8: =A8 -> 30844711
A9: 31940668 | B9: Slovenská asociácia korfbalu | C9: občianske združenie | D9: Makovického 6/2 | E9: Prievidza | F9: 971 01 | G9: www.korfbal.sk | H9: martinsonoga@gmail.com | I9: Martin Sonoga | J9: prezident | K9: Martin Sonoga | L9: 421911361044 | M9: SK91 3100 0000 0040 0116 2405 | R9: =A9 -> 31940668
A10: 31824021 | B10: Slovenská asociácia motoristického športu | C10: občianske združenie | D10: Fatranská 3 | E10: Nitra | F10: 949 01 | G10: www.sams-asn.sk | H10: samssk@nextra.sk | I10: Dušan Koblišek | J10: prezident | K10: Vojtech Ruisl | L10: 421903403105 | M10: SK29 3100 0000 0042 2012 1718 | R10: =A10 -> 31824021
A11: 30811686 | B11: Slovenská asociácia pretláčania rukou | C11: občianske združenie | D11: Vavrečka 311 | E11: Námestovo | F11: 029 01 | G11: www.armsport.sk | H11: sekretariat@armsport.sk | I11: Ján Germanus | J11: prezident | K11: Dagmar Petrová | L11: 421905162424 | M11: SK46 0900 0000 0000 1147 3305 | R11: =A11 -> 30811686
A12: 30814910 | B12: Slovenská asociácia taekwondo WT | C12: občianske združenie | D12: Hlavná 37/68 | E12: Košice | F12: 040 01 | G12: new.satkd.sk | H12: satkd.office@gmail.com | I12: Mário Švec | J12: prezident | K12: Pavel Ižarik; Alexandra Filipová | L12: 421902901640; 421911011900 | M12: SK19 8330 0000 0021 0142 0070 | R12: =A12 -> 30814910
A13: 17316731 | B13: Slovenská asociácia univerzitného športu | C13: občianske združenie | D13: Trnavská cesta 37 | E13: Bratislava 3 | F13: 831 04 | G13: www.saus.sk | H13: saus@saus.sk | I13: Július Dubovský | J13: prezident | K13: Michaela Masárová | L13: 421907696186 | M13: SK51 1100 0000 0026 2902 3663 | R13: =A13 -> 17316731
A14: 30841798 | B14: Slovenská asociácia zrakovo postihnutých športovcov | C14: občianske združenie | D14: Rosina 497 | E14: Rosina | F14: 013 22 | G14: www.sazps.sk | H14: sazps@sazps.sk | I14: Peter Ďuroška | J14: predseda | K14: Peter Ďuroška | L14: 421907253794 | M14: SK95 8330 0000 0021 0076 9190 | R14: =A14 -> 30841798
A15: 30844568 | B15: Slovenská baseballová federácia | C15: občianske združenie | D15: Olympijské námestie 14290/1 | E15: Bratislava | F15: 831 04 | G15: www.slovakiabaseball.com | H15: office@slovakiabaseball.com | I15: Mojmír Jankovič | J15: prezident | K15: František Bunta | L15: 421905294239 | M15: SK09 0200 0000 0017 8566 0854 | R15: =A15 -> 30844568
A16: 17315166 | B16: Slovenská basketbalová asociácia | C16: občianske združenie | D16: Trnavská cesta 37 | E16: Bratislava | F16: 831 04 | G16: www.slovakbasket.sk | H16: sekretariat@slovakbasket.sk | I16: Michal Ondruš | J16: prezident | K16: Štefan Kubík | L16: 421905504810 | M16: SK94 1100 0000 0029 2586 5005 | R16: =A16 -> 17315166
A17: 31744621 | B17: Slovenská boxerská federácia | C17: občianske združenie | D17: Dr. Vladimíra Clementisa 3222/10 | E17: Bratislava | F17: 821 02 | G17: www.sbf.sk | H17: sbf@sbf.sk | I17: Tomáš Kovács | J17: prezident | K17: Ivana Haršányová | L17: 421949246786 | M17: SK63 0200 0000 0017 8550 5555 | O17: SK69 0200 0000 0039 3346 9955 | R17: =A17 -> 31744621
A18: 36064742 | B18: Slovenská federácia pétanque | C18: občianske združenie | D18: Karpatské námestie 10A | E18: Bratislava | F18: 831 06 | G18: www.sfp.sk | H18: peter.sury@gmail.com | I18: Peter Šúry | J18: prezident | K18: Peter Šúry | L18: 421903421644 | M18: SK28 8330 0000 0023 0103 3104 | R18: =A18 -> 36064742
A19: 50284363 | B19: Slovenská golfová asociácia | C19: občianske združenie | D19: Kukučínova 26 | E19: Bratislava | F19: 831 02 | G19: www.skga.sk | H19: skga@skga.sk | I19: Rastislav Antala, Miroslav Rusnák | J19: Prezident, viceprezident | K19: Kamil Balga | L19: 421903446366 | M19: SK42 0900 0000 0052 1113 2866 | P19: SK14 1100 0000 0029 4204 8955 | R19: =A19 -> 50284363
A20: 00688321 | B20: Slovenská gymnastická federácia | C20: občianske združenie | D20: Olympijské námestie 14290/1 | E20: Bratislava | F20: 831 04 | G20: www.sgf.sk | H20: office@sgf.sk | I20: Ľuboš Vilček, Silvia Ruščinová | J20: prezident, generálna sekretárka | K20: Silvia Ruščinová | L20: 421915177492 | M20: SK53 0900 0000 0051 0865 8667 | R20: =A20 -> 00688321
A21: 54041368 | B21: SLOVENSKÁ CHEERLEADING ÚNIA | C21: občianske združenie | D21: Novozámocká 3212/22 | E21: Zvolen | F21: 960 01 | G21: www.scu.sk | H21: sekretariatscu@scu.sk | I21: Zuzana Niščáková | J21: prezidentka | K21: Zuzana Niščáková | L21: 421905380634 | M21: SK09 8330 0000 0026 0266 7944 | P21: SK37 8330 0000 0022 0206 1417 | R21: =A21 -> 54041368
A22: 31787801 | B22: SLOVENSKÁ JAZDECKÁ FEDERÁCIA | C22: občianske združenie | D22: Olympijské námestie 14290/1 | E22: Bratislava | F22: 831 04 | G22: www.sjf.sk | H22: baciak.masarykova@sjf.sk | I22: Vladimír Chovan | J22: predseda | K22: Zuzana Bačiak Masaryková | L22: 421907100191 | M22: SK06 0900 0000 0001 7426 1462 | R22: =A22 -> 31787801
A23: 50434101 | B23: Slovenská kanoistika | C23: občianske združenie | D23: Olympijské námestie 14290/1 | E23: Bratislava | F23: 831 04 | G23: www.canoe.sk | H23: canoe@canoe.sk | I23: Miroslav Haviar | J23: prezident | K23: Boris Bergendi | L23: 421905659739 | M23: SK77 0900 0000 0051 1559 0728 | R23: =A23 -> 50434101
A24: 30853427 | B24: Slovenská Lakrosová Federácia | C24: občianske združenie | D24: Jarabinková 6/B | E24: Bratislava | F24: 821 09 | G24: www.lacrosse.sk | H24: eminentasro@gmail.com | I24: Igor Moravčík | J24: prezident | K24: Igor Moravčík | L24: 421905620961 | M24: SK65 0200 0000 0041 7252 5557 | R24: =A24 -> 30853427
A25: 30813883 | B25: Slovenská motocyklová federácia | C25: občianske združenie | D25: Športovcov 340 | E25: Považská Bystrica | F25: 017 01 | G25: www.smf.sk | H25: smf@smf.sk | I25: Peter Lazar | J25: prezident | K25: Tatiana Kašlíková | L25: 421905601243 | M25: SK96 0900 0000 0003 6178 9457 | R25: =A25 -> 30813883
A26: 34057587 | B26: Slovenská Muaythai asociácia | C26: občianske združenie | D26: Lermontovova 3 | E26: Bratislava | F26: 811 05 | G26: www.smta.sk | H26: office@smta.sk | I26: Róbert Kajánek | J26: prezident | K26: Róbert Kajánek | L26: 421903584555 | M26: SK64 1100 0000 0029 4704 5980 | R26: =A26 -> 34057587
A27: 30806887 | B27: Slovenská nohejbalová asociácia | C27: občianske združenie | D27: Olympijské námestie 14290/1 | E27: Bratislava 3 | F27: 831 04 | G27: www.nohejbalsk.com | H27: nohejbal.sna@gmail.com | I27: Miroslav Kováč | J27: prezident | K27: Miroslav Kováč | L27: 421917800004 | M27: SK75 0200 0000 0017 8646 8258 | R27: =A27 -> 30806887
A28: 36068764 | B28: Slovenská plavecká federácia | C28: občianske združenie | D28: Za kasárňou 315/1 | E28: Bratislava | F28: 831 03 | G28: www.swimmsvk.sk | H28: prezident@swimmsvk.sk | I28: Ivan Šulek | J28: prezident | K28: Ivan Šulek | L28: 421905297832 | M28: SK13 0200 0000 0030 7422 5951 | R28: =A28 -> 36068764
A29: 30851459 | B29: Slovenská rugbyová únia | C29: občianske združenie | D29: Hrobákova 1 | E29: Bratislava | F29: 851 02 | G29: www.rugbyunion.sk | H29: office@rugbyunion.sk | I29: Eduard Krützner | J29: prezident | K29: Katarína Kubalová | L29: 421911977728 | M29: SK14 0200 0000 0028 4751 3556 | R29: =A29 -> 30851459
A30: 37998919 | B30: Slovenská skialpinistická asociácia | C30: občianske združenie | D30: Jalovec 98 | E30: Bobrovec | F30: 032 21 | G30: www.slovakskimo.sk | H30: info@slovakskimo.sk | I30: Michaela Babčanová | J30: podpredseda | K30: Michaela Babčanová | L30: 421915156717 | M30: SK69 1100 0000 0026 2009 8466 | R30: =A30 -> 37998919
A31: 17316723 | B31: Slovenská softballová asociácia | C31: občianske združenie | D31: Olympijské námestie 14290/1 | E31: Bratislava | F31: 831 04 | G31: www.slovakiasoftball.com | H31: office@softballslovakia.com | I31: Lenka Gunišová | J31: prezident | K31: František Bunta | L31: 421905294239 | M31: SK37 0200 0000 0017 8559 5554 | R31: =A31 -> 17316723
A32: 30807018 | B32: Slovenská squashová asociácia | C32: občianske združenie | D32: Olympijské námestie 14290/1 | E32: Bratislava | F32: 831 04 | G32: www.squashtour.sk | H32: gs@squash.sk | I32: Dávid Kubiček | J32: generálny sekretár | K32: Dávid Kubiček | L32: 421908447934 | M32: SK75 0200 0000 0017 8581 8455 | R32: =A32 -> 30807018
A33: 31745466 | B33: Slovenská triatlonová únia | C33: občianske združenie | D33: Olympijské námestie 14290/1 | E33: Bratislava | F33: 831 04 | G33: www.triathlon.sk | H33: triathlon@triathlon.sk | I33: Jozef Jurášek | J33: prezident | K33: Peter Dobiaš | L33: 421918234840 | M33: SK41 0200 0000 0017 8359 4857 | R33: =A33 -> 31745466
A34: 00688819 | B34: Slovenská volejbalová federácia | C34: občianske združenie | D34: Kalinčiakova 33 | E34: Bratislava | F34: 831 04 | G34: www.svf.sk | H34: svf@svf.sk | I34: Marek Rojko | J34: prezident | K34: Jozef Mihalco | L34: 421911427222 | M34: SK03 0200 0000 0017 7219 1251 | R34: =A34 -> 00688819
A35: 36063835 | B35: Slovenský atletický zväz | C35: občianske združenie | D35: Olympijské námestie 14290/1 | E35: Bratislava | F35: 831 04 | G35: www.atletika.sk | H35: office@atletika.sk | I35: Peter Korčok, Vladimír Gubrický | J35: prezident, generálny sekretár | K35: Vladimír Gubrický | L35: 421905278836 | M35: SK17 0200 0000 0017 8547 1754 | O35: SK16 0200 0000 0039 3390 6051 | P35: SK06 0200 0000 0042 0655 3055 | R35: =A35 -> 36063835
A36: 31753825 | B36: Slovenský biliardový zväz | C36: občianske združenie | D36: Olympijské námestie 14290/1 | E36: Bratislava | F36: 831 04 | G36: www.sbiz.sk | H36: koniar@sbiz.sk; sbiz1994@gmail.com | I36: Samuel Koniar | J36: predseda | K36: Samuel Koniar | L36: 421907194669 | M36: SK40 0200 0000 0017 8851 0253 | R36: =A36 -> 31753825
A37: 36128147 | B37: Slovenský bowlingový zväz | C37: občianske združenie | D37: Dunajská 12 | E37: Košice | F37: 040 11 | G37: www.slovakbowling.sk | H37: merkovskyv@gmail.com | I37: Vladimír Merkovský | J37: prezident | K37: Vladimír Merkovský | L37: 421903712927 | M37: SK70 1100 0000 0026 2878 1403 | R37: =A37 -> 36128147
A38: 31770908 | B38: Slovenský bridžový zväz | C38: občianske združenie | D38: Lopenícka 1/A | E38: Bratislava | F38: 831 02 | G38: www.bridgeclub.sk | H38: sbz@bridgeclub.sk | I38: Peter Belčák | J38: prezident | K38: Peter Belčák | L38: 421908672270 | M38: SK65 0900 0000 0001 7666 9007 | R38: =A38 -> 31770908
A39: 37841866 | B39: Slovenský curlingový zväz | C39: občianske združenie | D39: Zahradnícka 27 | E39: Bratislava | F39: 811 07 | G39: www.curling.sk | H39: office@curling.sk | I39: Pavol Pitoňák | J39: predseda | K39: Pavel Kocian | L39: 421918824449 | M39: SK82 0200 0000 0017 0714 0853 | R39: =A39 -> 37841866
A40: 34009388 | B40: Slovenský cykloklub | C40: občianske združenie | D40: Námestie slobody 1716/6 | E40: Piešťany | F40: 921 01 | G40: www.cykloklub.sk | H40: office@cykloklub.sk | I40: Michal Hlatký | J40: predseda | K40: Michal Hlatký | L40: 421903996977 | M40: SK76 0200 0000 0014 3822 4951 | R40: =A40 -> 34009388
A41: 00687308 | B41: Slovenský futbalový zväz | C41: občianske združenie | D41: Tomášikova 30C | E41: Bratislava | F41: 821 01 | G41: www.futbalsfz.sk | H41: msvvas@futbalsfz.sk | I41: Ján Kováčik | J41: prezident | K41: Marcel Korinek | L41: 421907984638 | M41: SK80 0900 0000 0051 1021 1442 | R41: =A41 -> 00687308
A42: 00586455 | B42: Slovenský horolezecký spolok JAMES | C42: občianske združenie | D42: Olympijské námestie 14290/1 | E42: Bratislava | F42: 831 04 | G42: www.james.sk | H42: office@james.sk | I42: Anton Pacek | J42: predseda | K42: Anton Pacek | L42: 421911597705 | M42: SK53 0200 0000 0017 7177 3057 | O42: SK81 0200 0000 0039 3831 5859 | R42: =A42 -> 00586455
A43: 31805540 | B43: Slovenský krasokorčuliarsky zväz | C43: občianske združenie | D43: Záhradnícka 752/95 | E43: Bratislava | F43: 821 08 | G43: www.kraso.sk | H43: slovakskating@kraso.sk | I43: Peter Majerník | J43: predseda | K43: Jozef Beständig | L43: 421905504040 | M43: SK14 0200 0000 0017 8521 4758 | R43: =A43 -> 31805540
A44: 30793009 | B44: Slovenský lukostrelecký zväz | C44: občianske združenie | D44: Olympijské námestie 14290/1 | E44: Bratislava | F44: 831 04 | G44: www.archerysvk.sk | H44: office@archerysvk.sk | I44: Vladimír Bužek | J44: predseda | K44: Vladimír Bužek | L44: 421903202270 | M44: SK53 0900 0000 0051 1920 0627 | R44: =A44 -> 30793009
A45: 00677604 | B45: Slovenský národný aeroklub generála Milana Rastislava Štefánika | C45: občianske združenie | D45: Pri Rajčianke 49 | E45: Žilina | F45: 010 01 | G45: www.sna.sk | H45: sna@sna.sk | I45: Miroslav Gábor | J45: prezident | K45: Marcela Nagyová | L45: 421911928826 | M45: SK61 0900 0000 0051 8920 0921 | R45: =A45 -> 00677604
A46: 30811082 | B46: Slovenský olympijský a športový výbor | C46: občianske združenie | D46: Olympijské námestie 14290/1 | E46: Bratislava 3 | F46: 831 04 | G46: www.olympic.sk | H46: office@olympic.sk | I46: Anton Siekel | J46: prezident | K46: Gábor Asványi; Patrik Hrbek | L46: 421903584992; 421911090490 | M46: SK07 1100 0000 0026 2702 3539 | R46: =A46 -> 30811082
A47: 31745661 | B47: Slovenský paralympijský výbor | C47: občianske združenie | D47: Benediktiho 5 | E47: Bratislava 1 | F47: 811 05 | G47: www.spv.sk | H47: spcoffice@spv.sk | I47: Ján Riapoš | J47: predseda | K47: Ján Riapoš; Maroš Čambal | L47: 421905788436; 421257789713 | M47: SK62 8120 0000 0014 1226 2060 | R47: =A47 -> 31745661
A48: 30688060 | B48: Slovenský rýchlokorčuliarsky zväz | C48: občianske združenie | D48: Bancíkovej 17007/1A | E48: Bratislava 2 | F48: 821 03 | G48: www.speedskating.sk | H48: info@speedskating.sk | I48: Ivana Iliašová | J48: predseda | K48: Ján Magdoško | L48: 421903601379 | M48: SK49 5600 0000 0075 0146 2002 | R48: =A48 -> 30688060
A49: 30806836 | B49: Slovenský stolnotenisový zväz | C49: občianske združenie | D49: Černockého 6 | E49: Bratislava | F49: 831 53 | G49: www.sstz.sk | H49: sstz1@sstz.sk | I49: Anton Hamran | J49: predseda | K49: Ivica Hatalová | L49: 421903370792 | M49: SK09 0900 0000 0051 6511 8018 | P49: SK45 0900 0000 0051 6511 9213 | R49: =A49 -> 30806836
A50: 00603341 | B50: SLOVENSKÝ STRELECKÝ ZVÄZ | C50: občianske združenie | D50: Wolkrova 4 | E50: Bratislava | F50: 851 01 | G50: www.shooting.sk | H50: ssz@shooting.sk | I50: Miloslav Benca | J50: prezident | K50: Ján Kulich | L50: 421905795511 | M50: SK12 0900 0000 0001 1080 4827 | R50: =A50 -> 00603341
A51: 17310571 | B51: Slovenský šachový zväz | C51: občianske združenie | D51: Bernolákovo námestie 25 | E51: Nové Zámky | F51: 940 01 | G51: www.chess.sk | H51: sekretariat@chess.sk | I51: Milan Roman | J51: prezident | K51: Vladimír Szűcs | L51: 421903363993 | M51: SK71 1111 0000 0066 0114 7013 | R51: =A51 -> 17310571
A52: 30806437 | B52: Slovenský šermiarsky zväz | C52: občianske združenie | D52: Trnavská cesta 39 | E52: Bratislava | F52: 831 04 | G52: ww.slovak-fencing.sk | H52: slovak-fencing@slovak-fencing.sk | I52: Attila Érsek | J52: prezident | K52: Gabriela Geršiová | L52: 421903740961 | M52: SK15 0200 0000 0017 8550 2151 | R52: =A52 -> 30806437
A53: 30811384 | B53: Slovenský tenisový zväz | C53: občianske združenie | D53: Príkopova 6 | E53: Bratislava | F53: 831 03 | G53: www.stz.sk | H53: stz@stz.sk | I53: Miloslav Mečíř | J53: prezident | K53: Ivan Greguška | L53: 421903714918 | M53: SK34 0900 0000 0052 0010 1394 | R53: =A53 -> 30811384
A54: 00688304 | B54: Slovenský veslársky zväz | C54: občianske združenie | D54: FTVŠ, Nábrežie armádneho generála Ludvíka Svobodu 4298/9 | E54: Bratislava | F54: 814 69 | G54: www.veslovanie.sk | H54: rowingslovakia@gmail.com | I54: Ján Žiška | J54: predseda | K54: Stanislava Vičanová | L54: 421918882990 | M54: SK97 0200 0000 0017 8584 7256 | R54: =A54 -> 00688304
A55: 31791981 | B55: SLOVENSKÝ ZÁPASNÍCKY ZVÄZ | C55: občianske združenie | D55: Olympijské námestie 14290/1 | E55: Bratislava | F55: 831 04 | G55: www.slovenskezapasenie.sk | H55: szz@zapasenie.sk | I55: Štefánia Galandová | J55: generálna sekretárka | K55: Štefánia Galandová | L55: 421917476268 | M55: SK64 0200 0000 0017 8575 3954 | R55: =A55 -> 31791981
A56: 30811546 | B56: Slovenský zväz bedmintonu | C56: občianske združenie | D56: Slovenská 19 | E56: Prešov | F56: 080 01 | G56: www.bedminton.sk | H56: sekretar@bedminton.sk | I56: Zuzana Rajdugová | J56: generálna sekretárka | K56: Zuzana Rajdugová | L56: 421905193404 | M56: SK47 5600 0000 0008 5511 7001 | R56: =A56 -> 30811546
A57: 35656743 | B57: Slovenský zväz biatlonu | C57: občianske združenie | D57: Partizánska cesta 3501/71 | E57: Banská Bystrica | F57: 974 01 | G57: www.biathlon.sk | H57: svk@biathlon.sk | I57: Peter Vozár | J57: prezident | K57: Zuzana Donovalová | L57: 421902902970 | M57: SK28 0900 0000 0051 1924 9092 | R57: =A57 -> 35656743
A58: 36067580 | B58: Slovenský zväz bobistov | C58: občianske združenie | D58: Líščie údolie 134 | E58: Bratislava | F58: 841 01 | G58: www.boby.sk | H58: szb@boby.sk | I58: Milan Majtán | J58: predseda | K58: Zdenka Jagnešáková | L58: 421903262626 | M58: SK97 1100 0000 0026 2153 0361 | R58: =A58 -> 36067580
A59: 00684112 | B59: Slovenský zväz cyklistiky | C59: občianske združenie | D59: Kukuričná 13 | E59: Bratislava | F59: 831 03 | G59: www.cyklistikaszc.sk | H59: szc@cyklistikaszc.sk | I59: Peter Privara, Katarína Jakubová | J59: prezident, generálna sekretárka | K59: Michal Rohoň | L59: 421902228191 | M59: SK29 0200 0000 0017 8455 9156 | R59: =A59 -> 00684112
A60: 31806431 | B60: Slovenský zväz dráhového golfu | C60: občianske združenie | D60: Olympijské námestie 14290/1 | E60: Bratislava | F60: 831 04 | G60: www.minigolfsport.sk | H60: manager@minigolfsport.sk | I60: František Drgoň | J60: prezident | K60: René Šimanský | L60: 421905305338 | M60: SK44 0200 0000 0017 8760 5656 | R60: =A60 -> 31806431
A61: 31795421 | B61: Slovenský zväz florbalu | C61: občianske združenie | D61: Olympijské námestie 14290/1 | E61: Bratislava | F61: 831 04 | G61: www.szfb.sk | H61: info@szfb.sk | I61: Martin Kopejtko | J61: prezident | K61: Oto Divinský | L61: 421908979442 | M61: SK09 0900 0000 0051 0969 4061 | R61: =A61 -> 31795421
A62: 30774772 | B62: Slovenský zväz hádzanej | C62: občianske združenie | D62: Olympijské námestie 14290/1 | E62: Bratislava | F62: 831 04 | G62: www.slovakhandball.sk | H62: szh@slovakhandball.sk | I62: Jaroslav Holeša | J62: prezident | K62: Ivan Sabovik | L62: 421903708275 | M62: SK81 8420 0000 0001 7512 8786 | P62: SK04 1111 0000 0010 5506 7004 | R62: =A62 -> 30774772
A63: 30793211 | B63: Slovenský zväz jachtingu | C63: občianske združenie | D63: Olympijské námestie 14290/1 | E63: Bratislava | F63: 831 04 | G63: www.sailing.sk | H63: szj@sailing.sk | I63: Martin Mydlík | J63: prezident | K63: Zuzana Vargová | L63: 421918529304 | M63: SK82 1100 0000 0029 4803 1855 | R63: =A63 -> 30793211
A64: 17308518 | B64: Slovenský zväz Judo | C64: občianske združenie | D64: Olympijské námestie 14290/1 | E64: Bratislava | F64: 831 04 | G64: www.judo.sk | H64: szj@judo.sk | I64: Jozef Tománek ml., Pavel Zvara | J64: predseda, podpredseda | K64: Sophia Kanátová | L64: 421944318444 | M64: SK08 0200 0000 0017 8526 0359 | R64: =A64 -> 17308518
A65: 30811571 | B65: Slovenský Zväz Karate | C65: občianske združenie | D65: Olympijské námestie 14290/1 | E65: Bratislava | F65: 832 80 | G65: www.karate.sk | H65: karate@karate.sk | I65: Daniel Líška | J65: prezident | K65: Leopold Roman | L65: 421903692095 | M65: SK51 0200 0000 0017 8666 3854 | R65: =A65 -> 30811571
A66: 31119247 | B66: Slovenský zväz kickboxu | C66: občianske združenie | D66: Olympijské námestie 14290/1 | E66: Bratislava | F66: 831 04 | G66: www.slovak-kickboxing.sk | H66: jkolozsy@gmail.com | I66: Jozef Kolozsy | J66: prezident | K66: Viliam Sabol | L66: 421915499077 | M66: SK90 0200 0000 0017 8509 1655 | R66: =A66 -> 31119247
A67: 30845386 | B67: Slovenský zväz ľadového hokeja | C67: občianske združenie | D67: Trnavská cesta 27/B | E67: Bratislava | F67: 831 04 | G67: www.hockeyslovakia.sk | H67: hujo@szlh.sk | I67: Miroslav Lažo | J67: generálny sekretár | K67: Andrea Urbanová | L67: 421905234323 | M67: SK58 0200 0000 0013 0803 9053 | R67: =A67 -> 30845386
A68: 30788714 | B68: Slovenský zväz moderného päťboja | C68: občianske združenie | D68: Olympijské námestie 14290/1 | E68: Bratislava | F68: 831 04 | G68: www.pentathlon.sk | H68: smpa@pentathlon.sk | I68: Dušan Poláček ml. | J68: predseda | K68: Dušan Poláček st. | L68: 421905650170 | M68: SK71 0200 0000 0017 8531 6455 | R68: =A68 -> 30788714
A69: 30806518 | B69: Slovenský zväz orientačných športov | C69: občianske združenie | D69: Olympijské námestie 14290/1 | E69: Bratislava | F69: 831 04 | G69: www.orienteering.sk | H69: slovakia@orienteering.sk | I69: Andrej Patráš | J69: predseda | K69: Milan Mazúr | L69: 421903636503 | M69: SK88 1100 0000 0026 2876 2843 | R69: =A69 -> 30806518
A70: 31751075 | B70: Slovenský zväz pozemného hokeja | C70: občianske združenie | D70: Jurkovičova 5 | E70: Bratislava | F70: 831 06 | G70: www.szph.sk | H70: szph@szph.sk | I70: Ľudmila Pastorová | J70: predseda | K70: Matej Boho | L70: 421917263316 | M70: SK12 0200 0000 0017 8578 5251 | R70: =A70 -> 31751075
A71: 37818058 | B71: Slovenský zväz psích záprahov | C71: občianske združenie | D71: M.R.Štefánika 217 | E71: Vranov nad Topľou | F71: 093 01 | G71: www.mushing.sk | H71: igorpribula11@gmail.com | I71: Igor Pribula | J71: prezident | K71: Igor Pribula | L71: 421905486716 | M71: SK61 5600 0000 0012 2522 5002 | O71: SK12 5600 0000 0012 2522 2004 | R71: =A71 -> 37818058
A72: 31871526 | B72: Slovenský zväz rybolovnej techniky | C72: občianske združenie | D72: Svornosti 69 | E72: Nové Zámky | F72: 940 77 | G72: www.szrtnz.sk | H72: szrtnz@szm.sk | I72: Juraj Mészáros | J72: prezident | K72: Juraj Mészáros | L72: 421905235472 | M72: SK93 0200 0000 3500 2413 6172 | R72: =A72 -> 31871526
A73: 31989373 | B73: Slovenský zväz sánkarov | C73: občianske združenie | D73: Starý Smokovec 18074 | E73: Vysoké Tatry | F73: 062 01 | G73: www.sane.sk | H73: sane@sane.sk | I73: Viera Bachárová Findurová | J73: predseda | K73: Viera Bachárová Findurová | L73: 421905970041 | M73: SK77 7500 0000 0006 1310 1613 | R73: =A73 -> 31989373
A74: 17326087 | B74: Slovenský zväz športovcov s mentálnym postihnutím | C74: občianske združenie | D74: SNP 90 | E74: Košice-Lorinčík | F74: 040 11 | G74: www.szsmp.sk | H74: robert@cassovianet.sk | I74: Róbert Luby | J74: Funkciapredseda | L74: 421907953701 | R74: =A74 -> 17326087
A75: 42219922 | B75: Slovenský zväz športového ju-jitsu | C75: občianske združenie | D75: Sládkovičova 454/16 | E75: Martin | F75: 036 01 | G75: www.szsjj.sk | H75: predseda@szsjj.sk | I75: Miroslav Ševčík | J75: predseda | K75: Miroslav Ševčík | L75: 421915879583 | M75: SK04 1100 0000 0029 4113 5395 | R75: =A75 -> 42219922
A76: 51118831 | B76: Slovenský zväz športového rybolovu | C76: občianske združenie | D76: Andreja Kmeťa 314/20 | E76: Žilina | F76: 010 01 | G76: www.szsr.sk | H76: sekretariatszsr@gmail.com | I76: Jaroslav Sámela | J76: prezident | K76: Mária Sprušanská | L76: 421918711548 | M76: SK96 0200 0000 0041 7420 1353 | R76: =A76 -> 51118831
A77: 00684767 | B77: Slovenský zväz tanečných športov | C77: občianske združenie | D77: Olympijské námestie 14290/1 | E77: Bratislava | F77: 831 04 | G77: www.szts.sk | H77: szts@szts.sk | I77: Peter Ivanič | J77: prezident | K77: Peter Ivanič | L77: 421905245008 | M77: SK50 0200 0000 0019 7814 8953 | R77: =A77 -> 00684767
A78: 22665234 | B78: Slovenský zväz telesne postihnutých športovcov | C78: občianske združenie | D78: Benediktiho 5 | E78: Bratislava 1 | F78: 811 05 | G78: www.sztps.sk | H78: tps@sztps.sk | I78: Ján Riapoš | J78: predseda | K78: Ján Riapoš Martina Balcová | L78: 421905788436; 421918940356 | M78: SK47 8120 0000 0014 1246 5060 | R78: =A78 -> 22665234
A79: 30793203 | B79: Slovenský zväz vodného lyžovania a wakeboardingu | C79: občianske združenie | D79: Garbiarska 5 | E79: Košice | F79: 040 01 | G79: www.waterski.sk | H79: waterski@waterski.sk | I79: Alexander Vaško | J79: predseda | K79: Denisa Oravcová | L79: 421918808923 | M79: SK65 0200 0000 0017 8165 3358 | R79: =A79 -> 30793203
A80: 00681768 | B80: Slovenský zväz vodného motorizmu | C80: občianske združenie | D80: Trnavská cesta 29 | E80: Bratislava | F80: 832 84 | G80: www.szvm.sk | H80: szvm@szvm.sk | I80: Marian Jung | J80: predseda | K80: Marian Jung | L80: 421905418010 | M80: SK48 0900 0000 0051 2383 8869 | R80: =A80 -> 00681768
A81: 31796079 | B81: Slovenský zväz vzpierania | C81: občianske združenie | D81: Olympijské námestie 14290/1 | E81: Bratislava | F81: 831 04 | G81: www.vzpieranie.sk | H81: chairmanswf@gmail.com | I81: Tomáš Chovanec | J81: predseda | K81: Tomáš Chovanec | L81: 421915282858 | M81: SK44 0200 0000 0017 8558 1654 | R81: =A81 -> 31796079
A82: 30811406 | B82: Špeciálne olympiády Slovensko | C82: občianske združenie | D82: Trnavská cesta 37 | E82: Bratislava 3 | F82: 831 04 | G82: www.specialolympics.sk | H82: office@specialolympics.sk | I82: Eva Gažová | J82: Národná riaditeľka | K82: Eva Gažová | L82: 421917176673 | M82: SK31 0200 0000 0013 5172 7951 | R82: =A82 -> 30811406
A83: 53007344 | B83: Teqballová federácia Slovensko | C83: občianske združenie | D83: Jazdecká 13198/1A | E83: Prešov | F83: 080 01 | G83: www.teq.sk | H83: info@teq.sk | I83: Artúr Benes | J83: prezident | K83: Artúr Benes | L83: 421918648073 | M83: SK21 1111 0000 0016 2429 8006 | R83: =A83 -> 53007344
A84: 35538015 | B84: Združenie šípkarských organizácií | C84: občianske združenie | D84: Szakkayho 1 | E84: Košice | F84: 040 01 | G84: www.slovakiadart.sk | H84: info@sipky.sk | I84: Karol Kirchner | J84: predseda | K84: Karol Kirchner | L84: 421905700790 | M84: SK26 0900 0000 0005 7536 2504 | R84: =A84 -> 35538015
A85: 00585319 | B85: Zväz potápačov Slovenska | C85: občianske združenie | D85: Wolkrova 4 | E85: Bratislava | F85: 851 01 | G85: www.zps-diving.sk | H85: zps@zps-diving.sk | I85: Roman Baláž | J85: prezident | K85: Zuzana Žecová | L85: 421918737877 | M85: SK26 0200 0000 0017 8515 2753 | R85: =A85 -> 00585319
A86: 42132690 | B86: Zväz slovenského kolieskového korčuľovania | C86: občianske združenie | D86: Trnavská 3273/37 | E86: Bratislava 3 | F86: 831 04 | G86: www.slovakskate.sk | H86: president@slovakskate.sk | I86: Štefan Pjontek | J86: predseda | K86: Štefan Pjontek | L86: 421903422249 | M86: SK68 0200 0000 0046 8802 7153 | R86: =A86 -> 42132690
A87: 50671669 | B87: Zväz slovenského lyžovania | C87: občianske združenie | D87: Galvaniho 16617/17A | E87: Bratislava | F87: 821 04 | G87: www.zsl.sk | H87: sekretariat@zsl.sk | I87: Martin Paško | J87: prezident | K87: Radovan Cagala | L87: 421905641479 | M87: SK72 0900 0000 0051 8522 2656 | R87: =A87 -> 50671669
R88: =A88 -> 0
R89: =A89 -> 0
R90: =A90 -> 0

Sheet FP
A1: IČO | B1: Prijímateľ | C1: Predmet (názov, miesto, termín, parametre) | D1: Poskytnuté (eur) | E1: SF (%) | F1: Účel | G1: PPG | H1: B/K | I1: ico+ucel | J1: ico+ppg | K1: Šport | L1: ICO+PPG+BK | M1: Zoraď | N1: ico+ucel+B/K
A2: 30787009 | B2: =VLOOKUP(A2,Adr!A:B,2,FALSE) -> Slovenská asociácia amerického futbalu, o.z. | C2: americký futbal - bežné transfery | D2: 16924 | E2: 0 | F2: a | G2: 026 02 | H2: B | I2: =A2&F2 -> 30787009a | J2: =A2&G2 -> 30787009026 02 | K2: americký futbal | L2: =A2&G2&H2 -> 30787009026 02B | M2: =B2&F2&H2&C2 -> Slovenská asociácia amerického futbalu, o.z.aBamerický futbal - bežné transfery | N2: =+I2&H2 -> 30787009aB
A3: 00631655 | B3: =VLOOKUP(A3,Adr!A:B,2,FALSE) -> Slovenská asociácia boccie | C3: boccia - bežné transfery | D3: 15790 | E3: 0 | F3: a | G3: 026 02 | H3: B | I3: =A3&F3 -> 00631655a | J3: =A3&G3 -> 00631655026 02 | K3: boccia | L3: =A3&G3&H3 -> 00631655026 02B | M3: =B3&F3&H3&C3 -> Slovenská asociácia boccieaBboccia - bežné transfery | N3: =+I3&H3 -> 00631655aB
A4: 00631655 | B4: =VLOOKUP(A4,Adr!A:B,2,FALSE) -> Slovenská asociácia boccie | C4: boule lyonnaise - bežné transfery | D4: 15790 | E4: 0 | F4: a | G4: 026 02 | H4: B | I4: =A4&F4 -> 00631655a | J4: =A4&G4 -> 00631655026 02 | K4: boule lyonnaise | L4: =A4&G4&H4 -> 00631655026 02B | M4: =B4&F4&H4&C4 -> Slovenská asociácia boccieaBboule lyonnaise - bežné transfery | N4: =+I4&H4 -> 00631655aB
A5: 42019541 | B5: =VLOOKUP(A5,Adr!A:B,2,FALSE) -> Slovenská asociácia čínskeho wushu | C5: wushu - bežné transfery | D5: 24934 | E5: 0 | F5: a | G5: 026 02 | H5: B | I5: =A5&F5 -> 42019541a | J5: =A5&G5 -> 42019541026 02 | K5: wushu | L5: =A5&G5&H5 -> 42019541026 02B | M5: =B5&F5&H5&C5 -> Slovenská asociácia čínskeho wushuaBwushu - bežné transfery | N5: =+I5&H5 -> 42019541aB
A6: 30810108 | B6: =VLOOKUP(A6,Adr!A:B,2,FALSE) -> Slovenská Asociácia Dynamickej Streľby | C6: dynamická streľba - bežné transfery | D6: 23694 | E6: 0 | F6: a | G6: 026 02 | H6: B | I6: =A6&F6 -> 30810108a | J6: =A6&G6 -> 30810108026 02 | K6: dynamická streľba | L6: =A6&G6&H6 -> 30810108026 02B | M6: =B6&F6&H6&C6 -> Slovenská Asociácia Dynamickej StreľbyaBdynamická streľba - bežné transfery | N6: =+I6&H6 -> 30810108aB
A7: 30842069 | B7: =VLOOKUP(A7,Adr!A:B,2,FALSE) -> Slovenská asociácia fitnes, kulturistiky a silového trojboja | C7: fitnes a kulturistika - bežné transfery | D7: 411338 | E7: 0 | F7: a | G7: 026 02 | H7: B | I7: =A7&F7 -> 30842069a | J7: =A7&G7 -> 30842069026 02 | K7: fitnes a kulturistika | L7: =A7&G7&H7 -> 30842069026 02B | M7: =B7&F7&H7&C7 -> Slovenská asociácia fitnes, kulturistiky a silového trojbojaaBfitnes a kulturistika - bežné transfery | N7: =+I7&H7 -> 30842069aB
A8: 30842069 | B8: =VLOOKUP(A8,Adr!A:B,2,FALSE) -> Slovenská asociácia fitnes, kulturistiky a silového trojboja | C8: silové športy - bežné transfery | D8: 19710 | E8: 0 | F8: a | G8: 026 02 | H8: B | I8: =A8&F8 -> 30842069a | J8: =A8&G8 -> 30842069026 02 | K8: silové športy | L8: =A8&G8&H8 -> 30842069026 02B | M8: =B8&F8&H8&C8 -> Slovenská asociácia fitnes, kulturistiky a silového trojbojaaBsilové športy - bežné transfery | N8: =+I8&H8 -> 30842069aB
A9: 31749852 | B9: =VLOOKUP(A9,Adr!A:B,2,FALSE) -> Slovenská asociácia Frisbee | C9: športy s lietajúcim diskom - bežné transfery | D9: 56742 | E9: 0 | F9: a | G9: 026 02 | H9: B | I9: =A9&F9 -> 31749852a | J9: =A9&G9 -> 31749852026 02 | K9: športy s lietajúcim diskom | L9: =A9&G9&H9 -> 31749852026 02B | M9: =B9&F9&H9&C9 -> Slovenská asociácia FrisbeeaBšporty s lietajúcim diskom - bežné transfery | N9: =+I9&H9 -> 31749852aB
A10: 30844711 | B10: =VLOOKUP(A10,Adr!A:B,2,FALSE) -> Slovenská asociácia go | C10: go - bežné transfery | D10: 15790 | E10: 0 | F10: a | G10: 026 02 | H10: B | I10: =A10&F10 -> 30844711a | J10: =A10&G10 -> 30844711026 02 | K10: go | L10: =A10&G10&H10 -> 30844711026 02B | M10: =B10&F10&H10&C10 -> Slovenská asociácia goaBgo - bežné transfery | N10: =+I10&H10 -> 30844711aB
A11: 31940668 | B11: =VLOOKUP(A11,Adr!A:B,2,FALSE) -> Slovenská asociácia korfbalu | C11: korfbal - bežné transfery | D11: 24548 | E11: 0 | F11: a | G11: 026 02 | H11: B | I11: =A11&F11 -> 31940668a | J11: =A11&G11 -> 31940668026 02 | K11: korfbal | L11: =A11&G11&H11 -> 31940668026 02B | M11: =B11&F11&H11&C11 -> Slovenská asociácia korfbaluaBkorfbal - bežné transfery | N11: =+I11&H11 -> 31940668aB
A12: 31824021 | B12: =VLOOKUP(A12,Adr!A:B,2,FALSE) -> Slovenská asociácia motoristického športu | C12: automobilový šport - bežné transfery | D12: 297898 | E12: 0 | F12: a | G12: 026 02 | H12: B | I12: =A12&F12 -> 31824021a | J12: =A12&G12 -> 31824021026 02 | K12: automobilový šport | L12: =A12&G12&H12 -> 31824021026 02B | M12: =B12&F12&H12&C12 -> Slovenská asociácia motoristického športuaBautomobilový šport - bežné transfery | N12: =+I12&H12 -> 31824021aB
A13: 31824021 | B13: =VLOOKUP(A13,Adr!A:B,2,FALSE) -> Slovenská asociácia motoristického športu | C13: automobilový šport - kapitálové transfery | D13: 21500 | E13: 0 | F13: a | G13: 026 02 | H13: K | I13: =A13&F13 -> 31824021a | J13: =A13&G13 -> 31824021026 02 | K13: automobilový šport | L13: =A13&G13&H13 -> 31824021026 02K | M13: =B13&F13&H13&C13 -> Slovenská asociácia motoristického športuaKautomobilový šport - kapitálové transfery | N13: =+I13&H13 -> 31824021aK
... A95: 50671669 | B95: =VLOOKUP(A95,Adr!A:B,2,FALSE) -> Zväz slovenského lyžovania | C95: lyžovanie - kapitálové transfery | D95: 100000 | E95: 0 | F95: a | G95: 026 02 | H95: K | I95: =A95&F95 -> 50671669a | J95: =A95&G95 -> 50671669026 02 | K95: lyžovanie | L95: =A95&G95&H95 -> 50671669026 02K | M95: =B95&F95&H95&C95 -> Zväz slovenského lyžovaniaaKlyžovanie - kapitálové transfery | N95: =+I95&H95 -> 50671669aK
B96: =VLOOKUP(A96,Adr!A:B,2,FALSE) -> #N/A | I96: =A96&F96 | J96: =A96&G96 | L96: =A96&G96&H96 | M96: =B96&F96&H96&C96 -> #N/A | N96: =+I96&H96
B97: =VLOOKUP(A97,Adr!A:B,2,FALSE) -> #N/A | I97: =A97&F97 | J97: =A97&G97 | L97: =A97&G97&H97 | M97: =B97&F97&H97&C97 -> #N/A | N97: =+I97&H97
B98: =VLOOKUP(A98,Adr!A:B,2,FALSE) -> #N/A | I98: =A98&F98 | J98: =A98&G98 | L98: =A98&G98&H98 | M98: =B98&F98&H98&C98 -> #N/A | N98: =+I98&H98
B99: =VLOOKUP(A99,Adr!A:B,2,FALSE) -> #N/A | I99: =A99&F99 | J99: =A99&G99 | L99: =A99&G99&H99 | M99: =B99&F99&H99&C99 -> #N/A | N99: =+I99&H99
B100: =VLOOKUP(A100,Adr!A:B,2,FALSE) -> #N/A | I100: =A100&F100 | J100: =A100&G100 | L100: =A100&G100&H100 | M100: =B100&F100&H100&C100 -> #N/A | N100: =+I100&H100
B101: =VLOOKUP(A101,Adr!A:B,2,FALSE) -> #N/A | I101: =A101&F101 | J101: =A101&G101 | L101: =A101&G101&H101 | M101: =B101&F101&H101&C101 -> #N/A | N101: =+I101&H101
B102: =VLOOKUP(A102,Adr!A:B,2,FALSE) -> #N/A | I102: =A102&F102 | J102: =A102&G102 | L102: =A102&G102&H102 | M102: =B102&F102&H102&C102 -> #N/A | N102: =+I102&H102
B103: =VLOOKUP(A103,Adr!A:B,2,FALSE) -> #N/A | I103: =A103&F103 | J103: =A103&G103 | L103: =A103&G103&H103 | M103: =B103&F103&H103&C103 -> #N/A | N103: =+I103&H103
B104: =VLOOKUP(A104,Adr!A:B,2,FALSE) -> #N/A | I104: =A104&F104 | J104: =A104&G104 | L104: =A104&G104&H104 | M104: =B104&F104&H104&C104 -> #N/A | N104: =+I104&H104
B105: =VLOOKUP(A105,Adr!A:B,2,FALSE) -> #N/A | I105: =A105&F105 | J105: =A105&G105 | L105: =A105&G105&H105 | M105: =B105&F105&H105&C105 -> #N/A | N105: =+I105&H105
B106: =VLOOKUP(A106,Adr!A:B,2,FALSE) -> #N/A | I106: =A106&F106 | J106: =A106&G106 | L106: =A106&G106&H106 | M106: =B106&F106&H106&C106 -> #N/A | N106: =+I106&H106
B107: =VLOOKUP(A107,Adr!A:B,2,FALSE) -> #N/A | I107: =A107&F107 | J107: =A107&G107 | L107: =A107&G107&H107 | M107: =B107&F107&H107&C107 -> #N/A | N107: =+I107&H107
... B452: =VLOOKUP(A452,Adr!A:B,2,FALSE) -> #N/A | I452: =A452&F452 | J452: =A452&G452 | L452: =A452&G452&H452 | M452: =B452&F452&H452&C452 -> #N/A | N452: =+I452&H452
B453: =VLOOKUP(A453,Adr!A:B,2,FALSE) -> #N/A | I453: =A453&F453 | J453: =A453&G453 | L453: =A453&G453&H453 | M453: =B453&F453&H453&C453 -> #N/A
B454: =VLOOKUP(A454,Adr!A:B,2,FALSE) -> #N/A | I454: =A454&F454 | J454: =A454&G454 | L454: =A454&G454&H454 | M454: =B454&F454&H454&C454 -> #N/A | N454: =+I454&H454
B455: =VLOOKUP(A455,Adr!A:B,2,FALSE) -> #N/A | I455: =A455&F455 | J455: =A455&G455 | L455: =A455&G455&H455 | M455: =B455&F455&H455&C455 -> #N/A | N455: =+I455&H455
B456: =VLOOKUP(A456,Adr!A:B,2,FALSE) -> #N/A | I456: =A456&F456 | J456: =A456&G456 | L456: =A456&G456&H456 | M456: =B456&F456&H456&C456 -> #N/A | N456: =+I456&H456
B457: =VLOOKUP(A457,Adr!A:B,2,FALSE) -> #N/A | I457: =A457&F457 | J457: =A457&G457 | L457: =A457&G457&H457 | M457: =B457&F457&H457&C457 -> #N/A | N457: =+I457&H457
B458: =VLOOKUP(A458,Adr!A:B,2,FALSE) -> #N/A | I458: =A458&F458 | J458: =A458&G458 | L458: =A458&G458&H458 | M458: =B458&F458&H458&C458 -> #N/A | N458: =+I458&H458
B459: =VLOOKUP(A459,Adr!A:B,2,FALSE) -> #N/A | I459: =A459&F459 | J459: =A459&G459 | L459: =A459&G459&H459 | M459: =B459&F459&H459&C459 -> #N/A | N459: =+I459&H459
B460: =VLOOKUP(A460,Adr!A:B,2,FALSE) -> #N/A | I460: =A460&F460 | J460: =A460&G460 | L460: =A460&G460&H460 | M460: =B460&F460&H460&C460 -> #N/A | N460: =+I460&H460
B461: =VLOOKUP(A461,Adr!A:B,2,FALSE) -> #N/A | I461: =A461&F461 | J461: =A461&G461 | L461: =A461&G461&H461 | M461: =B461&F461&H461&C461 -> #N/A | N461: =+I461&H461
B462: =VLOOKUP(A462,Adr!A:B,2,FALSE) -> #N/A | I462: =A462&F462 | J462: =A462&G462 | L462: =A462&G462&H462 | M462: =B462&F462&H462&C462 -> #N/A | N462: =+I462&H462
B463: =VLOOKUP(A463,Adr!A:B,2,FALSE) -> #N/A | I463: =A463&F463 | J463: =A463&G463 | L463: =A463&G463&H463 | M463: =B463&F463&H463&C463 -> #N/A | N463: =+I463&H463
B464: =VLOOKUP(A464,Adr!A:B,2,FALSE) -> #N/A | I464: =A464&F464 | J464: =A464&G464 | L464: =A464&G464&H464 | M464: =B464&F464&H464&C464 -> #N/A | N464: =+I464&H464
B465: =VLOOKUP(A465,Adr!A:B,2,FALSE) -> #N/A | I465: =A465&F465 | J465: =A465&G465 | L465: =A465&G465&H465 | M465: =B465&F465&H465&C465 -> #N/A | N465: =+I465&H465
... B509: =VLOOKUP(A509,Adr!A:B,2,FALSE) -> #N/A | I509: =A509&F509 | J509: =A509&G509 | L509: =A509&G509&H509 | M509: =B509&F509&H509&C509 -> #N/A | N509: =+I509&H509
B510: =VLOOKUP(A510,Adr!A:B,2,FALSE) -> #N/A | I510: =A510&F510 | L510: =A510&G510&H510 | M510: =B510&F510&H510&C510 -> #N/A | N510: =+I510&H510
B511: =VLOOKUP(A511,Adr!A:B,2,FALSE) -> #N/A | I511: =A511&F511 | L511: =A511&G511&H511 | M511: =B511&F511&H511&C511 -> #N/A | N511: =+I511&H511
B512: =VLOOKUP(A512,Adr!A:B,2,FALSE) -> #N/A | I512: =A512&F512 | L512: =A512&G512&H512 | M512: =B512&F512&H512&C512 -> #N/A | N512: =+I512&H512
B513: =VLOOKUP(A513,Adr!A:B,2,FALSE) -> #N/A | I513: =A513&F513 | L513: =A513&G513&H513 | M513: =B513&F513&H513&C513 -> #N/A | N513: =+I513&H513
B514: =VLOOKUP(A514,Adr!A:B,2,FALSE) -> #N/A | I514: =A514&F514 | L514: =A514&G514&H514 | M514: =B514&F514&H514&C514 -> #N/A | N514: =+I514&H514
B515: =VLOOKUP(A515,Adr!A:B,2,FALSE) -> #N/A | I515: =A515&F515 | L515: =A515&G515&H515 | M515: =B515&F515&H515&C515 -> #N/A | N515: =+I515&H515
B516: =VLOOKUP(A516,Adr!A:B,2,FALSE) -> #N/A | I516: =A516&F516 | L516: =A516&G516&H516 | M516: =B516&F516&H516&C516 -> #N/A | N516: =+I516&H516
B517: =VLOOKUP(A517,Adr!A:B,2,FALSE) -> #N/A | I517: =A517&F517 | L517: =A517&G517&H517 | M517: =B517&F517&H517&C517 -> #N/A | N517: =+I517&H517
B518: =VLOOKUP(A518,Adr!A:B,2,FALSE) -> #N/A | I518: =A518&F518 | L518: =A518&G518&H518 | M518: =B518&F518&H518&C518 -> #N/A | N518: =+I518&H518
B519: =VLOOKUP(A519,Adr!A:B,2,FALSE) -> #N/A | I519: =A519&F519 | L519: =A519&G519&H519 | M519: =B519&F519&H519&C519 -> #N/A | N519: =+I519&H519
B520: =VLOOKUP(A520,Adr!A:B,2,FALSE) -> #N/A | I520: =A520&F520 | L520: =A520&G520&H520 | M520: =B520&F520&H520&C520 -> #N/A | N520: =+I520&H520
B521: =VLOOKUP(A521,Adr!A:B,2,FALSE) -> #N/A | I521: =A521&F521 | L521: =A521&G521&H521 | M521: =B521&F521&H521&C521 -> #N/A | N521: =+I521&H521
... B615: =VLOOKUP(A615,Adr!A:B,2,FALSE) -> #N/A | I615: =A615&F615 | L615: =A615&G615&H615 | M615: =B615&F615&H615&C615 -> #N/A | N615: =+I615&H615
B616: =VLOOKUP(A616,Adr!A:B,2,FALSE) -> #N/A | L616: =A616&G616&H616 | M616: =B616&F616&H616&C616 -> #N/A | N616: =+I616&H616
B617: =VLOOKUP(A617,Adr!A:B,2,FALSE) -> #N/A | L617: =A617&G617&H617 | M617: =B617&F617&H617&C617 -> #N/A | N617: =+I617&H617
B618: =VLOOKUP(A618,Adr!A:B,2,FALSE) -> #N/A | L618: =A618&G618&H618 | M618: =B618&F618&H618&C618 -> #N/A | N618: =+I618&H618
B619: =VLOOKUP(A619,Adr!A:B,2,FALSE) -> #N/A | L619: =A619&G619&H619 | M619: =B619&F619&H619&C619 -> #N/A | N619: =+I619&H619
B620: =VLOOKUP(A620,Adr!A:B,2,FALSE) -> #N/A | L620: =A620&G620&H620 | M620: =B620&F620&H620&C620 -> #N/A | N620: =+I620&H620
B621: =VLOOKUP(A621,Adr!A:B,2,FALSE) -> #N/A | L621: =A621&G621&H621 | M621: =B621&F621&H621&C621 -> #N/A | N621: =+I621&H621
B622: =VLOOKUP(A622,Adr!A:B,2,FALSE) -> #N/A | L622: =A622&G622&H622 | M622: =B622&F622&H622&C622 -> #N/A | N622: =+I622&H622
B623: =VLOOKUP(A623,Adr!A:B,2,FALSE) -> #N/A | L623: =A623&G623&H623 | M623: =B623&F623&H623&C623 -> #N/A | N623: =+I623&H623
B624: =VLOOKUP(A624,Adr!A:B,2,FALSE) -> #N/A | L624: =A624&G624&H624 | M624: =B624&F624&H624&C624 -> #N/A | N624: =+I624&H624
B625: =VLOOKUP(A625,Adr!A:B,2,FALSE) -> #N/A | L625: =A625&G625&H625 | M625: =B625&F625&H625&C625 -> #N/A | N625: =+I625&H625
B626: =VLOOKUP(A626,Adr!A:B,2,FALSE) -> #N/A | L626: =A626&G626&H626 | M626: =B626&F626&H626&C626 -> #N/A | N626: =+I626&H626
B627: =VLOOKUP(A627,Adr!A:B,2,FALSE) -> #N/A | L627: =A627&G627&H627 | M627: =B627&F627&H627&C627 -> #N/A | N627: =+I627&H627
... B787: =VLOOKUP(A787,Adr!A:B,2,FALSE) -> #N/A | L787: =A787&G787&H787 | M787: =B787&F787&H787&C787 -> #N/A | N787: =+I787&H787

Sheet Cis
A1: Šport | C1: Účel | D1: Účel rozšírený | E1: Režim | F1: PPG | G1: Transfer | I1: PPG | J1: PPG názov
A2: aikido | C2: a | D2: šport 23 | E2: 1 | F2: 026 02 | G2: Príspevok uznanému športu | I2: 026 01 | J2: Šport pre všetkých, školský a univerzitný šport
A3: americký futbal | C3: b | D3: talenty | E3: 1 | F3: 026 02 | G3: Príspevok uznanému športu | I3: 026 02 | J3: Uznané športy
A4: atletika | C4: c | D4: reprezentácia | E4: 1 | F4: 026 02 | G4: Príspevok uznanému športu | I4: 026 03 | J4: Národné športové projekty
A5: automobilový šport | C5: d | D5: administratíva | E5: 1 | F5: 026 02 | G5: Príspevok uznanému športu | I5: 026 04 | J5: Športová infraštruktúra
A6: bandy hokej | C6: e | D6: ostatné | E6: 1 | F6: 026 02 | G6: Príspevok uznanému športu | I6: 026 05 | J6: Prierezové činnosti
A7: basebal | C7: f | D7: športovci | E7: 2 | F7: 026 03 | G7: Príspevok šporovcom top tímu
A8: basketbal | C8: g | D8: SOV | E8: 3 | F8: 026 03 | G8: Príspevok Slovenskému olympijskému výboru
A9: baskická pelota | C9: h | D9: SPV | E9: 3 | F9: 026 03 | G9: Príspevok slovenskému paralympijskému výboru
A10: bedminton | C10: i | D10: účasť a mládež | E10: 4 | F10: 026 03 | G10: Dotácia
A11: biatlon | C11: j | D11: multi a ŠPV | E11: 4 | F11: 026 01 | G11: Dotácia
A12: biliard | C12: k | D12: trasy | E12: 4 | F12: 026 01 | G12: Dotácia
A13: boby a skeleton | C13: l | D13: kampaň | E13: 4 | F13: 026 05 | G13: Dotácia
A14: boccia | C14: m | D14: odmeny | E14: 4 | F14: 026 03 | G14: Dotácia
A15: boule lyonnaise | C15: n
A16: bowling | C16: o
A17: box | C17: p
A18: bridž | C18: q
A19: curling | C19: r
A20: cyklistika | C20: s
A21: dáma | C21: t
A22: dračie lode | C22: u
A23: dráhový golf | C23: v
A24: fistbal | C24: w
A25: florbal | C25: x
A26: futbal | C26: y
A27: go | C27: z
A28: golf
A29: gymnastika
A30: hádzaná
A31: horolezectvo
A32: jachting
A33: jazdectvo
A34: judo
A35: ju-jitsu
A36: kanoistika
A37: karate
A38: kendo
A39: kickbox
... A98: zápasenie

Sheet Avízo - výnosy
A1: =Spolu!C3&", "&Spolu!C6 -> Slovenský zväz Judo, Olympijské námestie 14290/1, Bratislava, 831 04 | N1: =O1&" - "&P1 -> a - príspevok uznaným športom | O1: a | P1: príspevok uznaným športom
N2: =O2&" - "&P2 -> b - príspevok Slovenskému olympijskému a športovému výboru | O2: b | P2: príspevok Slovenskému olympijskému a športovému výboru
E3: 1. VYPLŇTE ZELENÉ BUNKY 2. VYTLAČTE, PODPÍŠTE A ODOŠLITE V LISTINNEJ PODOBE | N3: =O3&" - "&P3 -> c - príspevok Slovenskému paralympijskému výboru | O3: c | P3: príspevok Slovenskému paralympijskému výboru
N4: =O4&" - "&P4 -> d - príspevok športovcom top tímu | O4: d | P4: príspevok športovcom top tímu
C5: Ministerstvo cestovného ruchu a športu Slovenskej republiky | N5: =O5&" - "&P5 -> e - rozvoj športov, ktoré nie sú uznanými podľa zákona č. 440/2015 Z. z. | O5: e | P5: rozvoj športov, ktoré nie sú uznanými podľa zákona č. 440/2015 Z. z.
C6: sekcia financovania športu a štátnej športovej politiky | E6: Dátum poukázania vrátených prostriedkov: | N6: =O6&" - "&P6 -> f - organizovanie významných a tradičných športových podujatí na území SR v roku 2020 | O6: f | P6: organizovanie významných a tradičných športových podujatí na území SR v roku 2020
C7: Pribinova 32 | E7: Suma vrátených prostriedkov (eur): | N7: =O7&" - "&P7 -> g - projekty školského, univerzitného športu a športu pre všetkých | O7: g | P7: projekty školského, univerzitného športu a športu pre všetkých
C8: 810 08 Bratislava 1 | E8: IBAN odosielajúceho účtu: | N8: =O8&" - "&P8 -> h - podpora a rozvoj turistických a cykloturistických trás | O8: h | P8: podpora a rozvoj turistických a cykloturistických trás
E9: Dátum odoslania AVÍZA: | N9: =O9&" - "&P9 -> i - finančné odmeny športovcom za výsledky dosiahnuté v roku 2019 a trénerom mládeže za dosiahnuté výsledky ich športovcov v roku 2019 a za celoživotnú prácu s mládežou | O9: i | P9: finančné odmeny športovcom za výsledky dosiahnuté v roku 2019 a trénerom mládeže za dosiahnuté výsledky ich športovcov v roku 2019 a za celoživotnú prácu s mládežou
N10: =O10&" - "&P10 -> j - projekty pre popularizáciu pohybových aktivít detí, mládeže a seniorov | O10: j | P10: projekty pre popularizáciu pohybových aktivít detí, mládeže a seniorov
N11: =O11&" - "&P11 -> k - výstavba, modernizácia a rekonštrukcia športovej infraštruktúry národného významu | O11: k | P11: výstavba, modernizácia a rekonštrukcia športovej infraštruktúry národného významu
A12: Avízo o úhrade výnosov | N12: =O12&" - "&P12 -> l - podpora zdravotne postihnutých športovcov | O12: l | P12: podpora zdravotne postihnutých športovcov
N13: =O13&" - "&P13 -> m - plnenie úloh verejného záujmu v športe národnými športovými organizáciami | O13: m | P13: plnenie úloh verejného záujmu v športe národnými športovými organizáciami
A14: ="Oznamujeme Vám, že dňa "&TEXT(F6,"dd..mm.yyyy")&" sme poukázali Ministerstvu cestovného ruchu a športu Slovenskej republiky výnosy z príspevku/dotácie poskytnutého/poskytnutej na úlohy v oblasti športu v roku 2025 v sume "&TEXT(F7,"### ### ###,00")& " eur. Finančné prostriedky vraciame z programu 026 Národný program rozvoja športu v SR." -> Oznamujeme Vám, že dňa 00..01.1900 sme poukázali Ministerstvu cestovného ruchu a športu Slovenskej republiky výnosy z príspevku/dotácie poskytnutého/poskytnutej na úlohy v oblasti športu v roku 2025 v sume 00 eur. Finančné prostriedky vraciame z programu 026 Národný program rozvoja športu v SR. | N14: =O14&" - "&P14 -> n - organizovanie významnej súťaže podľa § 55 ods. 1 písm. b) | O14: n | P14: organizovanie významnej súťaže podľa § 55 ods. 1 písm. b)
A15: z podprogramu: | B15: 026 02 - Uznané športy | N15: =O15&" - "&P15 -> o - účasť na významnej súťaži podľa § 3 písm. h) druhého až štvrtého bodu Zákona o športe vrátane prípravy na túto súťaž | O15: o | P15: účasť na významnej súťaži podľa § 3 písm. h) druhého až štvrtého bodu Zákona o športe vrátane prípravy na túto súťaž
A16: z nášho účtu: | B16: =F8 -> 0 | E16: V prípade nejasností kontaktujte nasledovné osoby: | N16: =O16&" - "&P16 -> p - účasť na významnej súťaži podľa § 3 písm. h) prvého bodu Zákona o športe | O16: p | P16: účasť na významnej súťaži podľa § 3 písm. h) prvého bodu Zákona o športe
A17: na účet: | B17: SK62 8180 0000 0070 0069 4120, VS 31 | N17: =O17&" - "&P17 -> q - | O17: q
B18: ŠS: | C18: =Spolu!C4 -> 17308518 | E18: Ing. Mária Horáková | F18: 421947749446 | N18: =O18&" - "&P18 -> r - | O18: r
E19: Ing. Jana Špirková | F19: 421947749756
A20: Dátum: | B20: =F6 -> 0
B22: meno, priezvisko, mobil a podpis osoby oprávnenej vykonávať právne úkony v mene prijímateľa (v súlade so stanovami/zriaďovacou listinou) | N22: =O22&" - "&P22 -> 026 01 - Šport pre všetkých, školský a univerzitný šport | O22: 026 01 | P22: Šport pre všetkých, školský a univerzitný šport
N23: =O23&" - "&P23 -> 026 02 - Uznané športy | O23: 026 02 | P23: Uznané športy
N24: =O24&" - "&P24 -> 026 03 - Národné športové projekty | O24: 026 03 | P24: Národné športové projekty
N25: =O25&" - "&P25 -> 026 04 - Športová infraštruktúra | O25: 026 04 | P25: Športová infraštruktúra
N26: =O26&" - "&P26 -> 026 05 - Prierezové činnosti v športe | O26: 026 05 | P26: Prierezové činnosti v športe
N28: SK80 8180 0000 0070 0006 5236
N29: SK68 8180 0000 0070 0006 3900
N30: SK94 8180 0000 0070 0006 3820

Sheet Avízo - vratka
A1: =Spolu!C3&", "&Spolu!C6 -> Slovenský zväz Judo, Olympijské námestie 14290/1, Bratislava, 831 04 | N1: =O1&" - "&P1 -> a - príspevok uznaným športom | O1: a | P1: =Spolu!B17 -> príspevok uznaným športom
N2: =O2&" - "&P2 -> b - príspevok Slovenskému olympijskému a športovému výboru | O2: b | P2: =Spolu!B18 -> príspevok Slovenskému olympijskému a športovému výboru
E3: 1. VYPLŇTE ZELENÉ BUNKY 2. VYTLAČTE, PODPÍŠTE A ODOŠLITE V LISTINNEJ PODOBE | N3: =O3&" - "&P3 -> c - príspevok Slovenskému paralympijskému výboru | O3: c | P3: =Spolu!B19 -> príspevok Slovenskému paralympijskému výboru
N4: =O4&" - "&P4 -> d - príspevok športovcom top tímu | O4: d | P4: =Spolu!B20 -> príspevok športovcom top tímu
C5: Ministerstvo cestovného ruchu a športu Slovenskej republiky | N5: =O5&" - "&P5 -> e - organizácia významnej súťaže alebo účasť na významnej súťaži podľa § 3 písm. h) vrátane prípravy na túto súťaž | O5: e | P5: =Spolu!B21 -> organizácia významnej súťaže alebo účasť na významnej súťaži podľa § 3 písm. h) vrátane prípravy na túto súťaž
C6: sekcia financovania športu a štátnej športovej politiky | E6: Dátum poukázania vrátených prostriedkov: | N6: =O6&" - "&P6 -> f - plnenie úloh verejného záujmu v športe | O6: f | P6: =Spolu!B22 -> plnenie úloh verejného záujmu v športe
C7: Pribinova 32 | E7: Suma vrátených prostriedkov (eur): | N7: =O7&" - "&P7 -> g - rozvoj športov, ktoré nie sú uznanými podľa zákona č. 440/2015 Z. z. | O7: g | P7: =Spolu!B23 -> rozvoj športov, ktoré nie sú uznanými podľa zákona č. 440/2015 Z. z.
C8: 810 08 Bratislava 1 | E8: IBAN odosielajúceho účtu: | N8: =O8&" - "&P8 -> h - podpora a rozvoj turistických a cykloturistických trás | O8: h | P8: =Spolu!B24 -> podpora a rozvoj turistických a cykloturistických trás
E9: IBAN určeného účtu ministerstva: | N9: =O9&" - "&P9 -> i - finančné odmeny športovcom a trénerom mládeže za dosiahnuté výsledky | O9: i | P9: =Spolu!B25 -> finančné odmeny športovcom a trénerom mládeže za dosiahnuté výsledky
E10: Dátum odoslania AVÍZA: | N10: =O10&" - "&P10 -> j - projekty školského športu, univerzitného športu a športu pre všetkých | O10: j | P10: =Spolu!B26 -> projekty školského športu, univerzitného športu a športu pre všetkých
N11: =O11&" - "&P11 -> k - výstavba, modernizácia a rekonštrukcia športovej infraštruktúry národného významu | O11: k | P11: =Spolu!B27 -> výstavba, modernizácia a rekonštrukcia športovej infraštruktúry národného významu
A12: Avízo o vrátení finančných prostriedkov | F12: SK84 8180 0000 0070 0069 4112 (výdavkový účet štátneho rozpočtu) slúži pre vrátenie nevyčerpaných finančných prostriedkov poskytnutých v r. 2025, v termíne do 30.11.2025 | N12: =O12&" - "&P12 -> l - podpora zdravotne postihnutých športovcov | O12: l | P12: =Spolu!B28 -> podpora zdravotne postihnutých športovcov
A13: ="Oznamujeme Vám, že dňa "&TEXT(F6,"dd..mm.yyyy")&" sme poukázali Ministerstvu cestovného ruchu a športu Slovenskej republiky nevyčerpané finančné prostriedky v sume "&TEXT(F7,"### ### ###,00")& " eur z príspevku/dotácie poskytnutého/poskytnutej na úlohy v oblasti športu v roku 2025. Finančné prostriedky vraciame z programu 026 Národný program rozvoja športu v SR." -> Oznamujeme Vám, že dňa 00..01.1900 sme poukázali Ministerstvu cestovného ruchu a športu Slovenskej republiky nevyčerpané finančné prostriedky v sume 00 eur z príspevku/dotácie poskytnutého/poskytnutej na úlohy v oblasti športu v roku 2025. Finančné prostriedky vraciame z programu 026 Národný program rozvoja športu v SR. | F13: SK62 8180 0000 0070 0069 4120 (príjmový účet) slúži pre vrátenie nevyčerpaných/nezúčtovaných finančných prostriedkov poskytnutých v r. 2025, v termíne od 01.01.2026 do 31.05.2026 | N13: =O13&" - "&P13 -> m - organizácia tradičných športových podujatí | O13: m | P13: =Spolu!B29 -> organizácia tradičných športových podujatí
A14: z podprogramu: | B14: 026 03 - Národné športové projekty | N14: =O14&" - "&P14 -> n - | O14: n
A15: z účelu: | N15: =O15&" - "&P15 -> o - | O15: o
A16: z nášho účtu: | B16: =F8 -> 0 | N16: =O16&" - "&P16 -> p - | O16: p
A17: na účet: | B17: =F9 -> 0 | N17: =O17&" - "&P17 -> q - | O17: q
B18: VS: | C18: 31 | N18: =O18&" - "&P18 -> r - | O18: r
B19: ŠS: | C19: =Spolu!C4 -> 17308518 | F19: V prípade nejasností kontaktujte nasledovné osoby: | N19: =O19&" - "&P19 -> -
A20: Dátum: | B20: =F6 -> 0
F21: Ing. Mária Horáková | G21: 421947749446 | N21: =O21&" - "&P21 -> 026 01 - Šport pre všetkých, školský a univerzitný šport | O21: 026 01 | P21: Šport pre všetkých, školský a univerzitný šport
F22: Ing. Jana Špirková | G22: 421947749756 | N22: =O22&" - "&P22 -> 026 02 - Uznané športy | O22: 026 02 | P22: Uznané športy
N23: =O23&" - "&P23 -> 026 03 - Národné športové projekty | O23: 026 03 | P23: Národné športové projekty
B24: meno, priezvisko, mobil a podpis osoby oprávnenej vykonávať právne úkony v mene prijímateľa (v súlade so stanovami/zriaďovacou listinou) | N24: =O24&" - "&P24 -> 026 04 - Športová infraštruktúra | O24: 026 04 | P24: Športová infraštruktúra
N25: =O25&" - "&P25 -> 026 05 - Prierezové činnosti v športe | O25: 026 05 | P25: Prierezové činnosti v športe
N27: SK84 8180 0000 0070 0069 4112
N28: SK12 8180 0000 0070 0069 4147
N29: SK62 8180 0000 0070 0069 4120

Sheet Skratky
A1: Zoznam akceptovaných skratiek
A2: Pri vyúčtovaní môžete používať nasledovné skratky. Ak potrebujete, definujte ďalšie.
A3: Skratka | B3: Vysvetlenie
A4: MS | B4: majstrovstvá sveta
A5: ME | B5: majstrovstvá Európy
A6: SP | B6: svetový pohár
A7: EP | B7: európsky pohár
A8: MSR | B8: majstrovstvá Slovenska
A9: VV | B9: výkonný výbor
A10: ŠH | B10: športová hala
A11: PHM | B11: pohonné hmoty
A12: VC | B12: veľká cena
A13: VZ | B13: valné zhromaždenie
A14: EČV | B14: evidenčné číslo vozidla
... A21: CTM | B21: centrum talentovanej mládeže
